Workbook
Name Capital: #REF!
Name Capital: #REF!
Name Capital: #REF!
Name Capital: #REF!
Name Capital: #REF!
Name Capital: #REF!
Name Capital: #REF!
Name Capital1: #REF!
Name Capital1: #REF!
Name Capital1: #REF!
Name Capital1: #REF!
Name Capital1: #REF!
Name Capital1: #REF!
Name Capital1: #REF!
Name euro: Parametros!#REF!
Name euro: Parametros!$F$9
Name euro_divisa: Parametros!#REF!
Name Interes: #REF!
Name Interes: #REF!
Name Interes: #REF!
Name Interes: #REF!
Name Interes: #REF!
Name Interes: #REF!
Name Interes: #REF!
Name interes1: #REF!
Name interes1: #REF!
Name interes1: #REF!
Name interes1: #REF!
Name interes1: #REF!
Name interes1: #REF!
Name interes1: #REF!
Name inv_propia: '[1]Financiación Inicial'!$B$8:$B$13
Name inv_propia: 'Financiación Inicial'!$B$8:$B$13
Name irpf: '[1]Datos Básicos'!$I$25
Name irpf: 'Datos Básicos'!$I$25
Name irpf: 'Datos Básicos'!$I$25
Name isoc: '[1]Datos Básicos'!$B$25
Name isoc: 'Datos Básicos'!$B$25
Name ITP: 'Datos Básicos'!$D$54
Name mes0: '[1]Datos Básicos'!$C$19
Name mes0: '[2]Transitorio Inicial'!$F$4
Name mes0: 'Datos Básicos'!$C$19
Name Moneda: [1]Parametros!$F$6
Name Moneda: Parametros!#REF!
Name Moneda: Parametros!$F$6
Name Moneda: Parametros!$F$6
Name pcent_ini_sueldosocios: Plantilla!#REF!
Name pcent_ini_sueldosocios: 'RR HH'!#REF!
Name pcent_iniciales: Plantilla!#REF!
Name pcent_iniciales: 'RR HH'!#REF!
Name resprevio: '[1]Financiación Inicial'!$B$11:$B$12
Name resprevio: 'Financiación Inicial'!$B$11:$B$12
Name retIRPF: '[1]Datos Básicos'!$J$27
Name retIRPF: 'Datos Básicos'!$J$27
Name TARIFAPLANA: 'RR HH'!$L$7:$L$8
Name tesoreriasec: [1]Parametros!$C$10
Name tesoreriasec: Parametros!$C$10
Name Tot_ventas_año1: #REF!
Name Tot_ventas_año1: #REF!
Name Tot_ventas_año1: #REF!

Sheet MENÚ PRINCIPAL
A1: PLAN ECONÓMICO FINANCIERO PREVISIONAL A 5 AÑOS
E9: RESULTADOS
D11: PREVISIÓN DE INGRESOS
C13: PREVISIÓN DE GASTOS
B15: INICIO ACTIVIDAD
A21: Fecha actualización: Octubre 2026

Sheet RESULTADOS
C1: RESULTADOS
C7: PLANTILLA | F7: BALANCES ANUALES PREVISIONALES
C9: RESUMEN VENTAS 5 AÑOS | F9: BALANCES ANUALES REALES
C11: RESUMEN TESORERÍAS | F11: COMPARATIVA BALANCES ANUALES
C13: ESTIMACIÓN DEL PUNTO DE EQUILIBRIO
C15: RESUMEN GASTOS FIJOS
F16: CUENTAS DE RESULTADOS PREVISIONALES
C17: INGRESOS Y GASTOS FINANCIEROS
F18: CUENTAS DE RESULTADOS REALES
C19: CUADRO AMORTIZACIONES INMOVILIZADO
F20: COMPARATIVA CUENTAS DE RESULTADOS
C21: DATOS EVALUACIÓN
C23: PRÉSTAMOS
C25: LEASING | F25: RATIOS BÁSICOS
C27: RENTING | F27: RATIOS BÁSICOS REALES
F29: COMPARATIVA RATIOS BÁSICOS
C31: LINEA 2. INICIO ACTIVIDAD 2023
C33: MICROCRÉDITOS | F33: Traspaso de datos a Agencia IDEA
C35: AYUDAS AUTÓNOMO | F35: ACTIVO
F37: PASIVO
F39: DEBE
F41: HABER

Sheet PREVISIÓN INGRESOS
C1: PREVISIÓN DE INGRESOS
C7: INCENTIVOS A LA INVERSIÓN
C9: PRECIOS DE VENTA Y POLÍTICA COBROS
C11: PREVISIÓN VENTAS 5 AÑOS

Sheet PREVISIÓN GASTOS
C1: PREVISIÓN DE GASTOS
C7: COSTES VARIABLES Y POLÍTICA DE PAGOS
C9: RRHH
C11: COSTES FIJOS

Sheet INICIO ACTIVIDAD
C1: INICIO ACTIVIDAD
C7: DATOS BÁSICOS
C9: PARÁMETROS PARA LA SIMULACIÓN
C11: INVERSIONES INICIALES ACTIVOS CORRIENTES
C13: INVERSIONES INICIALES ACTIVOS NO CORRIENTES
C15: FINANCIACIÓN INICIAL

Sheet Índice
B2: ='Datos Básicos'!B8 -> 0
A4: Índice de Hojas del Plan Financiero:
L5: Impresión de hojas
A6: nº | B6: Nombre de la Hoja de Cálculo | J6: nº páginas | K6: Tipo hoja | L6: Estudio Preliminar | M6: Proyecto Final
A7: 1 | B7: Índice | J7: 1 | K7: Auxiliar | L7: NO | M7: SÍ
A8: =A7+1 -> 2 | B8: Condiciones de Uso | J8: 0 | K8: Auxiliar | L8: NO | M8: NO
A9: =A8+1 -> 3 | B9: Datos Básicos | J9: 1 | K9: Datos | L9: SÍ | M9: SÍ
A10: =A9+1 -> 4 | B10: Parámetros | J10: 1 | K10: Datos | L10: NO | M10: NO
A11: =A10+1 -> 5 | B11: Inversiones Iniciales Activos No Corrientes | J11: 1 | K11: Datos | L11: SÍ | M11: SÍ | Q11: Código de colores de pestañas de hojas
A12: =A11+1 -> 6 | B12: Inversiones Activos Corrientes | J12: 1 | K12: Datos | L12: SÍ | M12: SÍ
A13: =A12+1 -> 7 | B13: Incentivos | J13: 1 | K13: Incentivos | L13: SÍ | M13: SÍ | R13: Hoja de datos. Imprescindible
A14: =A13+1 -> 8 | B14: Fuentes de Financiación Inicial | J14: 1 | K14: Datos | L14: SÍ | M14: SÍ | R14: Hoja de datos opcionales
A15: =A14+1 -> 9 | B15: Prestamos: cálculos detallados | J15: 1 | K15: Datos | L15: =IF(Préstamos!B6+Préstamos!C6=0,"NO","SÍ") -> NO | M15: =L15 -> NO
A16: =A15+1 -> 10 | B16: Leasing: Cálculos detallados | J16: 1 | K16: Datos | L16: =IF(Leasing!B7+Leasing!C7=0,"NO","SÍ") -> NO | M16: =L16 -> NO
A17: =A16+1 -> 11 | B17: Renting: Cálculos detallados | J17: 1 | K17: Datos | L17: =IF(Renting!B7+Renting!C7=0,"NO","SÍ") -> NO | M17: =L17 -> NO
A18: =A17+1 -> 12 | B18: Recursos Humanos | J18: 1 | K18: Datos | L18: SÍ | M18: SÍ | R18: Hoja de resultados: Imprescindible
A19: =A18+1 -> 13 | B19: Plantilla Detallada por meses | J19: 2 | K19: Datos | L19: =IF(MAX(SUM(Plantilla!O16:O17),SUM(Plantilla!O27:O28),SUM(Plantilla!O38:O39),SUM(Plantilla!O49:O50),SUM(Plantilla!O60:O61))>SUM('RR HH'!D7:D8),"SÍ","NO") -> NO | M19: =L19 -> NO | R19: Hoja de Resúmen de resultados
A20: =A19+1 -> 14 | B20: Gastos Fijos: Datos | J20: 1 | K20: Datos | L20: NO | M20: NO | R20: Hoja de cálculos internos detallados
A21: =A20+1 -> 15 | B21: Precios de Venta y Costes Variables por familias | J21: 1 | K21: Datos | L21: SÍ | M21: SÍ | R21: Hoja de referencia e información
A22: =A21+1 -> 16 | B22: Estimación de Ventas: Datos | J22: 2 | K22: Datos | L22: NO | M22: NO | R22: Hoja para traspaso de datos al modelo de la Agencia de Innovación
A23: =A22+1 -> 17 | B23: Balances Anuales Previsionales: Comparativa | J23: 1 | K23: Resultados | L23: SÍ | M23: SÍ
A24: =A23+1 -> 18 | B24: Cuadro de amortizaciones de inmovilizado | J24: 1 | K24: Auxiliar | L24: NO | M24: SÍ | R24: Hoja interna: NO usar
A25: =A23+1 -> 18 | B25: Ventas Anuales: resúmen | J25: 1 | K25: Resultados | L25: SÍ | M25: SÍ
A26: =A25+1 -> 19 | B26: Cuentas de Resultados: Comparativa | J26: 1 | K26: Resultados | L26: SÍ | M26: SÍ
A27: =A26+1 -> 20 | B27: Impuesto de sociedades | J27: 1 | K27: Resultados | L27: NO | M27: =IF(isoc<>0,"SÍ","NO") -> NO
A28: =A27+1 -> 21 | B28: I.R.P.F. De Profesionales y Autónomos | J28: 1 | K28: Resultados | L28: NO | M28: =IF(irpf<>0,"SÍ","NO") -> SÍ
A29: =A28+1 -> 22 | B29: Gastos Fijos Anuales: Resumen | J29: 1 | K29: Resultados | L29: SÍ | M29: SÍ
A30: =A29+1 -> 23 | B30: Ingresos y Gastos Financieros | J30: 1 | K30: Auxiliar | L30: SÍ | M30: SÍ
A31: =A30+1 -> 24 | B31: Tesoerías Mensuales: Resúmen | J31: 1 | K31: Resultados | L31: SÍ | M31: SÍ
A32: =A31+1 -> 25 | B32: Estimación del Punto de Equilibrio | J32: 1 | K32: Resultados | L32: SÍ | M32: SÍ
A33: =A32+1 -> 26 | B33: Ratios Básicos de la Empresa | J33: 1 | K33: Resultados | L33: NO | M33: SÍ
A34: =A33+1 -> 27 | B34: Notas de Ratios | J34: 1 | K34: Informativa | L34: NO | M34: NO
A35: =A34+1 -> 28 | B35: Datos de Evaluación | J35: 1 | K35: Auxiliar | L35: NO | M35: NO
A36: =A35+1 -> 29 | B36: ACTIVO | J36: 1 | K36: Auxiliar | L36: NO | M36: NO
A37: =A36+1 -> 30 | B37: PASIVO | J37: 1 | K37: Auxiliar | L37: NO | M37: NO
A38: =A37+1 -> 31 | B38: DEBE | J38: 1 | K38: Auxiliar | L38: NO | M38: NO
A39: =A38+1 -> 32 | B39: HABER | J39: 1 | K39: Auxiliar | L39: NO | M39: NO
I41: nº total de páginas | J41: =SUM(J7:J40) -> 34 | L41: =SUMIF(L7:L35,"SÍ",$J7:$J35) -> 14 | M41: =SUMIF(M7:M35,"SÍ",$J7:$J35) -> 18
I42: nº total hojas de cálculo | J42: =COUNT(J7:J40) -> 33 | L42: folios | M42: folios
A49: 15 | B49: Balance Inicial Previo | J49: 1 | K49: Resultados | L49: SÍ | M49: SÍ
A50: 16 | B50: Balance previsional año 0 | J50: 1 | K50: Resultados | L50: NO | M50: SÍ
A51: 17 | B51: Balance previsional año 1 | J51: 1 | K51: Resultados | L51: NO | M51: SÍ
A52: 18 | B52: Balance previsional año 2 | J52: 1 | K52: Resultados | L52: NO | M52: SÍ

Sheet Datos Básicos
A1: Datos generales del Proyecto
A5: Centro : | B5: Centro Andaluz de Emprendimiento | L5: Código de colores de celdas
B6: CADE xxxxxx
N7: Dato imprescindible
A8: Proyecto / empresa:
N9: Parámetro de ajuste (opcional)
A10: Promotores: | N10: Parámetro de ajuste fino (opcional)
N12: Dato de ejercicios anteriores: Solo en empresas NO nuevas
A13: Fecha de realización: | B13: 45461 | F13: Escenario Incentivos | I13: NO
N14: Dato anterior al inicio y no usado (cualquier color)
B16: Año 0 | C16: =IF($B16="Año 0",1,2) -> 1 | D16: =C16+1 -> 2 | E16: =D16+1 -> 3 | F16: =E16+1 -> 4
A17: Años de actividad: | B17: 2026 | C17: =B17+1 -> 2027 | D17: =C17+1 -> 2028 | E17: =D17+1 -> 2029 | F17: =E17+1 -> 2030
A19: Inicio de la actividad: | B19: mes | C19: 1 | D19: =" del "&B16&" = mes de " -> del Año 0 = mes de | G19: =CONCATENATE(TEXT(DATE('Datos Básicos'!B17,mes0+MONTH(Parametros!A46)-1,10),"mmmm")," de ",'Datos Básicos'!B17) -> enero de 2026 | L19: Código de colores de pestañas de hojas
N21: Hoja de datos. Imprescindible
A22: Forma Jurídica / Fiscal: | B22: Empr. Individual (Reg. General) | N22: Hoja de datos opcionales
A24: Impuesto de Sociedades | F24: Impuesto Renta (I.R.P.F.) | N24: Hoja de resultados: Imprescindible
A25: Tipo impositivo: | B25: =VLOOKUP(B22,$A$35:$E$50,3,0) -> 0 | F25: % cuota IRPF (Ing-Gastos) | I25: =VLOOKUP(B22,$A$35:$E$50,4,0) -> 0.2 | N25: Hoja de Resúmen de resultados
A26: % ingresos a cuenta Imp. Sociedades | B26: =VLOOKUP(B22,$A$35:$G$51,7,0) -> 0 | F26: % Retención en Facturas | I26: =VLOOKUP(B22,$A$35:$E$50,5,0) -> 0 | N26: Hoja de cálculos internos detallados
F27: % facturación con retención | I27: 0.5 | J27: =I27*I26 -> 0 | N27: Hoja de referencia e información
E28: =IF(AND(B22="Empr. Individual (Rec. Equiv.)",MAX(Parametros!E24:F31,Parametros!F33,'Inversiones AC'!C11:C13)>0),"Recargo de Equivalencia: Los datos de IVA deben ser todos 0 y considerarse en los precios de venta o de coste","") | N28: Hoja para traspaso de datos al modelo de la Agencia de Innovación
A29: Tipo de IVA repercutido | C29: 0.21
A30: Tipo de IVA soportado | C30: 0.21 | N30: Hoja interna: NO usar
A33: =VLOOKUP(B22,A35:H50,8,0) -> 1
C34: Soc. t. Med | D34: IRPF cuota | E34: IRPF retención | F34: ITPyAJD | G34: ret, Soc
A35: Sociedad Limitada Unipersonal | C35: 0.25 | D35: 0 | E35: 0 | F35: 0 | G35: 0.19 | H35: 0
A36: Sociedad Limitada (S.L.) | C36: 0.25 | D36: 0 | E36: 0 | F36: 0 | G36: 0.19 | H36: 0
A37: Empr. Individual (Reg. General) | C37: 0 | D37: 0.2 | E37: 0 | F37: 0 | G37: 0 | H37: 1
A38: Empr. Individual (Rec. Equiv.) | C38: 0 | D38: 0.2 | E38: 0 | F38: 0 | G38: 0 | H38: 1
A39: Comunidad Bienes (C.B.) | C39: 0 | D39: 0.2 | E39: 0 | F39: 0 | G39: 0 | H39: 0
A40: Sociedad Civil (S.C.) | C40: 0 | D40: 0.2 | E40: 0 | F40: 0 | G40: 0 | H40: 0
A41: Profesional Independiente | C41: 0 | D41: 0.2 | E41: 0.21 | F41: 0 | G41: 0 | H41: 1
A42: Soc. Civil de profesionales | C42: 0 | D42: 0.2 | E42: 0.21 | F42: 0 | G42: 0 | H42: 0
A43: Sociedad Limitada Laboral (S.L.L.) | C43: 0.25 | D43: 0 | E43: 0 | F43: 0 | G43: 0.19 | H43: 0
A44: Sociedad Anónima Laboral (S.A.L.) | C44: 0.25 | D44: 0 | E44: 0 | F44: 0 | G44: 0.19 | H44: 0
A45: Sociedad Cooperativa (S.C.A.) | C45: 0.2 | D45: 0 | E45: 0 | F45: 0 | G45: 0.14 | H45: 0
A46: Cooperativa Protegida (S.C.A.) | C46: 0.2 | D46: 0 | E46: 0 | F46: 0 | G46: 0.14 | H46: 0
... A50: S.L. Nueva Empresa (S.L.N.E.) | C50: 0.25 | D50: 0 | E50: 0 | F50: 0 | G50: 0.19 | H50: 0
A54: ITP Imp. Transmisiones Patrimoniales | D54: =VLOOKUP(B22,$A$35:$F$50,6,0) -> 0

Sheet Parametros
A1: Parámetros de la simulación
A2: ='Datos Básicos'!B8 -> 0
A6: Tipos interés saldos deudores y acreedores | E6: MONEDA : | F6: Euros | G6: =IF(F6="Euros","€",IF(F6="Pesetas","Ptas.",IF(F6="Dólares","US $","UK £"))) -> €
B7: Tipo de interés del crédito | C7: 0.07
B8: Intereses de la cuenta corriente | C8: 0 | E8: Tipo de cambio
E9: 1 € = | F9: 166.386 | G9: Ptas.
A10: Nivel de tesorería Mínimo | C10: 2000
A12: Incrementos de precios | B12: ='Datos Básicos'!B16 -> Año 0 | C12: ='Datos Básicos'!C16 -> 1 | D12: =C12+1 -> 2 | E12: =D12+1 -> 3 | F12: =E12+1 -> 4
A13: interanuales | B13: ='Datos Básicos'!B17 -> 2026 | C13: =B13+1 -> 2027 | D13: =C13+1 -> 2028 | E13: =D13+1 -> 2029 | F13: =E13+1 -> 2030
A14: IPC para Gastos Fijos | C14: 0.02 | D14: =C14 -> 0.02 | E14: =D14 -> 0.02 | F14: =E14 -> 0.02
B16: Tasa de inflacción prevista | C16: 0.02
B18: Años de antigüedad en el mercado | C18: 0
A22: Impuestos Indirectos: IVA
A23: Familias de Productos (productos o servicios) | E23: Tipo IVA Venta | F23: Tipo IVA C.V.
A24: =IF('Precios Venta y P. Cobros'!A11="","",'Precios Venta y P. Cobros'!A11) | E24: 0.21 | F24: 0.21
A25: =IF('Precios Venta y P. Cobros'!A12="","",'Precios Venta y P. Cobros'!A12) | E25: 0.21 | F25: 0.21
A26: =IF('Precios Venta y P. Cobros'!A13="","",'Precios Venta y P. Cobros'!A13) | E26: 0.21 | F26: 0.21
A27: =IF('Precios Venta y P. Cobros'!A14="","",'Precios Venta y P. Cobros'!A14) | E27: 0.21 | F27: 0.21
A28: =IF('Precios Venta y P. Cobros'!A15="","",'Precios Venta y P. Cobros'!A15) | E28: 0.21 | F28: 0.21
A29: =IF('Precios Venta y P. Cobros'!A16="","",'Precios Venta y P. Cobros'!A16) | E29: 0 | F29: 0
A30: =IF('Precios Venta y P. Cobros'!A17="","",'Precios Venta y P. Cobros'!A17) | E30: 0 | F30: 0
A31: =IF('Precios Venta y P. Cobros'!A18="","",'Precios Venta y P. Cobros'!A18) | E31: 0 | F31: 0
E33: Tipo de IVA soportado de Gastos Fijos e Inversiones | F33: 0.21
E35: Empresa exportadora: | F35: No
A38: Políticas de dividendos y reservas | G38: =IF(AND(SUM(B42:D42)>0,SUM('Datos Básicos'!I26:I29)>0),"Empresario individual o profesional: NO PUEDE HABER DIVIDENDOS","")
A39: Aplicación de | B39: =B12 -> Año 0 | C39: =C12 -> 1 | D39: =D12 -> 2 | E39: =E12 -> 3 | F39: =F12 -> 4
A40: Beneficios: | B40: ='Datos Básicos'!B17 -> 2026 | C40: =B40+1 -> 2027 | D40: =C40+1 -> 2028 | E40: =D40+1 -> 2029 | F40: =E40+1 -> 2030
A41: Dotación de reservas | B41: 1 | C41: =B41 -> 1 | D41: =C41 -> 1 | E41: =D41 -> 1 | F41: =E41 -> 1
A42: Dividendos | B42: =1-B41 -> 0 | C42: =1-C41 -> 0 | D42: =1-D41 -> 0 | E42: =1-E41 -> 0 | F42: =1-F41 -> 0
A46: =DATE(B13,1,8) -> 46030 | B46: =TEXT(A46,"mmmm") -> enero
A47: =A46+30 -> 46060 | B47: =TEXT(A47,"mmmm") -> febrero
A48: =A47+30 -> 46090 | B48: =TEXT(A48,"mmmm") -> marzo
A49: =A48+30 -> 46120 | B49: =TEXT(A49,"mmmm") -> abril
A50: =A49+30 -> 46150 | B50: =TEXT(A50,"mmmm") -> mayo
A51: =A50+30 -> 46180 | B51: =TEXT(A51,"mmmm") -> junio
A52: =A51+30 -> 46210 | B52: =TEXT(A52,"mmmm") -> julio
A53: =A52+30 -> 46240 | B53: =TEXT(A53,"mmmm") -> agosto
A54: =A53+30 -> 46270 | B54: =TEXT(A54,"mmmm") -> septiembre
A55: =A54+30 -> 46300 | B55: =TEXT(A55,"mmmm") -> octubre
A56: =A55+30 -> 46330 | B56: =TEXT(A56,"mmmm") -> noviembre | D56: Generación de los 12 meses del año para compatibilidad con sistemas Linux y Windows en otros idiomas.
A57: =A56+30 -> 46360 | B57: =TEXT(A57,"mmmm") -> diciembre | D57: =B46 -> enero | E57: =B47 -> febrero | F57: =B48 -> marzo | G57: =B49 -> abril | H57: =B50 -> mayo | I57: =B51 -> junio | J57: =B52 -> julio | K57: =B53 -> agosto | L57: =B54 -> septiembre | M57: =B55 -> octubre | N57: =B56 -> noviembre | O57: =B57 -> diciembre

Sheet Amortizaciones
A1: Cuadro de Amortizaciones Contables
A2: ='Datos Básicos'!B8 -> 0
A6: INVERSIONES EN ACTIVOS NO CORRIENTES | B6: Inversión | C6: Amortización Acumulada | D6: plazo medio de | E6: % amortización | F6: Cuota anual amortización | G6: Cuota anual amortización | H6: Cuota anual amortización | I6: Cuota anual amortización | J6: Cuota anual amortización
B7: Inicial | C7: Previa | D7: amortización | E7: anual | F7: ='Datos Básicos'!B17 -> 2026 | G7: ='Datos Básicos'!C17 -> 2027 | H7: ='Datos Básicos'!D17 -> 2028 | I7: =H7+1 -> 2029 | J7: =I7+1 -> 2030
A8: Inmovilizado Material | B8: =SUM(B9:B17) -> 0 | C8: =SUM(C9:C17) -> 0 | F8: =SUM(F10:F17) -> 0 | G8: =SUM(G10:G17) -> 0 | H8: =SUM(H10:H17) -> 0 | I8: =SUM(I10:I17) -> 0 | J8: =SUM(J10:J17) -> 0
A9: Terrenos y solares | B9: ='Inv. Iniciales ANC'!B7 -> 0
A10: Edificaciones | B10: ='Inv. Iniciales ANC'!B10-B9 -> 0 | C10: ='Inv. Iniciales ANC'!E10 -> 0 | D10: ='Inv. Iniciales ANC'!D10 -> 25 | E10: =1/D10 -> 0.04 | F10: =IF(B10-C10>B10/D10/12*(12+1-mes0),B10/D10/12*(12+1-mes0),IF(B10=C10/12*(12+1-mes0),0,B10-C10)) -> 0 | G10: =IF(B10-C10-$F10>B10/D10,B10/D10,IF(B10=C10+$F10,0,B10-C10-$F10)) -> 0 | H10: =IF($B10-SUM($C10,$F10:G10)>$B10/$D10,$B10/$D10,IF($B10=SUM($C10,$F10:G10),0,$B10-SUM($C10,$F10:G10))) -> 0 | I10: =IF($B10-SUM($C10,$F10:H10)>$B10/$D10,$B10/$D10,IF($B10=SUM($C10,$F10:H10),0,$B10-SUM($C10,$F10:H10))) -> 0 | J10: =IF($B10-SUM($C10,$F10:I10)>$B10/$D10,$B10/$D10,IF($B10=SUM($C10,$F10:I10),0,$B10-SUM($C10,$F10:I10))) -> 0
A11: Instalaciones | B11: ='Inv. Iniciales ANC'!B19 -> 0 | C11: ='Inv. Iniciales ANC'!E19 -> 0 | D11: ='Inv. Iniciales ANC'!D19 -> 10 | E11: =1/D11 -> 0.1 | F11: =IF(B11-C11>B11/D11/12*(12+1-mes0),B11/D11/12*(12+1-mes0),IF(B11=C11/12*(12+1-mes0),0,B11-C11)) -> 0 | G11: =IF(B11-C11-$F11>B11/D11,B11/D11,IF(B11=C11+$F11,0,B11-C11-$F11)) -> 0 | H11: =IF($B11-SUM($C11,$F11:G11)>$B11/$D11,$B11/$D11,IF($B11=SUM($C11,$F11:G11),0,$B11-SUM($C11,$F11:G11))) -> 0 | I11: =IF($B11-SUM($C11,$F11:H11)>$B11/$D11,$B11/$D11,IF($B11=SUM($C11,$F11:H11),0,$B11-SUM($C11,$F11:H11))) -> 0 | J11: =IF($B11-SUM($C11,$F11:I11)>$B11/$D11,$B11/$D11,IF($B11=SUM($C11,$F11:I11),0,$B11-SUM($C11,$F11:I11))) -> 0
A12: Maquinaria | B12: ='Inv. Iniciales ANC'!B25 -> 0 | C12: ='Inv. Iniciales ANC'!E25 -> 0 | D12: ='Inv. Iniciales ANC'!D25 -> 10 | E12: =1/D12 -> 0.1 | F12: =IF(B12-C12>B12/D12/12*(12+1-mes0),B12/D12/12*(12+1-mes0),IF(B12=C12/12*(12+1-mes0),0,B12-C12)) -> 0 | G12: =IF(B12-C12-$F12>B12/D12,B12/D12,IF(B12=C12+$F12,0,B12-C12-$F12)) -> 0 | H12: =IF($B12-SUM($C12,$F12:G12)>$B12/$D12,$B12/$D12,IF($B12=SUM($C12,$F12:G12),0,$B12-SUM($C12,$F12:G12))) -> 0 | I12: =IF($B12-SUM($C12,$F12:H12)>$B12/$D12,$B12/$D12,IF($B12=SUM($C12,$F12:H12),0,$B12-SUM($C12,$F12:H12))) -> 0 | J12: =IF($B12-SUM($C12,$F12:I12)>$B12/$D12,$B12/$D12,IF($B12=SUM($C12,$F12:I12),0,$B12-SUM($C12,$F12:I12))) -> 0
A13: Utilllaje y herramientas | B13: ='Inv. Iniciales ANC'!B30 -> 0 | C13: ='Inv. Iniciales ANC'!E30 -> 0 | D13: ='Inv. Iniciales ANC'!D30 -> 10 | E13: =1/D13 -> 0.1 | F13: =IF(B13-C13>B13/D13/12*(12+1-mes0),B13/D13/12*(12+1-mes0),IF(B13=C13/12*(12+1-mes0),0,B13-C13)) -> 0 | G13: =IF(B13-C13-$F13>B13/D13,B13/D13,IF(B13=C13+$F13,0,B13-C13-$F13)) -> 0 | H13: =IF($B13-SUM($C13,$F13:G13)>$B13/$D13,$B13/$D13,IF($B13=SUM($C13,$F13:G13),0,$B13-SUM($C13,$F13:G13))) -> 0 | I13: =IF($B13-SUM($C13,$F13:H13)>$B13/$D13,$B13/$D13,IF($B13=SUM($C13,$F13:H13),0,$B13-SUM($C13,$F13:H13))) -> 0 | J13: =IF($B13-SUM($C13,$F13:I13)>$B13/$D13,$B13/$D13,IF($B13=SUM($C13,$F13:I13),0,$B13-SUM($C13,$F13:I13))) -> 0
A14: Mobiliario | B14: ='Inv. Iniciales ANC'!B36 -> 0 | C14: ='Inv. Iniciales ANC'!E36 -> 0 | D14: ='Inv. Iniciales ANC'!D36 -> 8 | E14: =1/D14 -> 0.125 | F14: =IF(B14-C14>B14/D14/12*(12+1-mes0),B14/D14/12*(12+1-mes0),IF(B14=C14/12*(12+1-mes0),0,B14-C14)) -> 0 | G14: =IF(B14-C14-$F14>B14/D14,B14/D14,IF(B14=C14+$F14,0,B14-C14-$F14)) -> 0 | H14: =IF($B14-SUM($C14,$F14:G14)>$B14/$D14,$B14/$D14,IF($B14=SUM($C14,$F14:G14),0,$B14-SUM($C14,$F14:G14))) -> 0 | I14: =IF($B14-SUM($C14,$F14:H14)>$B14/$D14,$B14/$D14,IF($B14=SUM($C14,$F14:H14),0,$B14-SUM($C14,$F14:H14))) -> 0 | J14: =IF($B14-SUM($C14,$F14:I14)>$B14/$D14,$B14/$D14,IF($B14=SUM($C14,$F14:I14),0,$B14-SUM($C14,$F14:I14))) -> 0
A15: Elementos de transporte | B15: ='Inv. Iniciales ANC'!B42 -> 0 | C15: ='Inv. Iniciales ANC'!E42 -> 0 | D15: ='Inv. Iniciales ANC'!D42 -> 8 | E15: =1/D15 -> 0.125 | F15: =IF(B15-C15>B15/D15/12*(12+1-mes0),B15/D15/12*(12+1-mes0),IF(B15=C15/12*(12+1-mes0),0,B15-C15)) -> 0 | G15: =IF(B15-C15-$F15>B15/D15,B15/D15,IF(B15=C15+$F15,0,B15-C15-$F15)) -> 0 | H15: =IF($B15-SUM($C15,$F15:G15)>$B15/$D15,$B15/$D15,IF($B15=SUM($C15,$F15:G15),0,$B15-SUM($C15,$F15:G15))) -> 0 | I15: =IF($B15-SUM($C15,$F15:H15)>$B15/$D15,$B15/$D15,IF($B15=SUM($C15,$F15:H15),0,$B15-SUM($C15,$F15:H15))) -> 0 | J15: =IF($B15-SUM($C15,$F15:I15)>$B15/$D15,$B15/$D15,IF($B15=SUM($C15,$F15:I15),0,$B15-SUM($C15,$F15:I15))) -> 0
A16: Equipos Informáticos / EPIs | B16: ='Inv. Iniciales ANC'!B49 -> 0 | C16: ='Inv. Iniciales ANC'!E49 -> 0 | D16: ='Inv. Iniciales ANC'!D49 -> 5 | E16: =1/D16 -> 0.2 | F16: =IF(B16-C16>B16/D16/12*(12+1-mes0),B16/D16/12*(12+1-mes0),IF(B16=C16/12*(12+1-mes0),0,B16-C16)) -> 0 | G16: =IF(B16-C16-$F16>B16/D16,B16/D16,IF(B16=C16+$F16,0,B16-C16-$F16)) -> 0 | H16: =IF($B16-SUM($C16,$F16:G16)>$B16/$D16,$B16/$D16,IF($B16=SUM($C16,$F16:G16),0,$B16-SUM($C16,$F16:G16))) -> 0 | I16: =IF($B16-SUM($C16,$F16:H16)>$B16/$D16,$B16/$D16,IF($B16=SUM($C16,$F16:H16),0,$B16-SUM($C16,$F16:H16))) -> 0 | J16: =IF($B16-SUM($C16,$F16:I16)>$B16/$D16,$B16/$D16,IF($B16=SUM($C16,$F16:I16),0,$B16-SUM($C16,$F16:I16))) -> 0
A17: Otros inmovilizados materiales | B17: ='Inv. Iniciales ANC'!B54 -> 0 | C17: ='Inv. Iniciales ANC'!E54 -> 0 | D17: ='Inv. Iniciales ANC'!D54 -> 5 | E17: =1/D17 -> 0.2 | F17: =IF(B17-C17>B17/D17/12*(12+1-mes0),B17/D17/12*(12+1-mes0),IF(B17=C17/12*(12+1-mes0),0,B17-C17)) -> 0 | G17: =IF(B17-C17-$F17>B17/D17,B17/D17,IF(B17=C17+$F17,0,B17-C17-$F17)) -> 0 | H17: =IF($B17-SUM($C17,$F17:G17)>$B17/$D17,$B17/$D17,IF($B17=SUM($C17,$F17:G17),0,$B17-SUM($C17,$F17:G17))) -> 0 | I17: =IF($B17-SUM($C17,$F17:H17)>$B17/$D17,$B17/$D17,IF($B17=SUM($C17,$F17:H17),0,$B17-SUM($C17,$F17:H17))) -> 0 | J17: =IF($B17-SUM($C17,$F17:I17)>$B17/$D17,$B17/$D17,IF($B17=SUM($C17,$F17:I17),0,$B17-SUM($C17,$F17:I17))) -> 0
A19: Inmovilizado Inmaterial | B19: ='Inv. Iniciales ANC'!B62 -> 0 | C19: ='Inv. Iniciales ANC'!E62 -> 0 | D19: ='Inv. Iniciales ANC'!D62 -> 3 | E19: =1/D19 -> 0.33333333 | F19: =IF(B19-C19>B19/D19/12*(12+1-mes0),B19/D19/12*(12+1-mes0),IF(B19=C19/12*(12+1-mes0),0,B19-C19)) -> 0 | G19: =IF(B19-C19-$F19>B19/D19,B19/D19,IF(B19=C19+$F19,0,B19-C19-$F19)) -> 0 | H19: =IF($B19-SUM($C19,$F19:G19)>$B19/$D19,$B19/$D19,IF($B19=SUM($C19,$F19:G19),0,$B19-SUM($C19,$F19:G19))) -> 0 | I19: =IF($B19-SUM($C19,$F19:H19)>$B19/$D19,$B19/$D19,IF($B19=SUM($C19,$F19:H19),0,$B19-SUM($C19,$F19:H19))) -> 0 | J19: =IF($B19-SUM($C19,$F19:I19)>$B19/$D19,$B19/$D19,IF($B19=SUM($C19,$F19:I19),0,$B19-SUM($C19,$F19:I19))) -> 0
A21: Totales | B21: =B8+B19 -> 0 | C21: =C8+C19 -> 0 | E21: Amortizaciones anuales | F21: =F8+F19 -> 0 | G21: =G8+G19 -> 0 | H21: =H8+H19 -> 0 | I21: =I8+I19 -> 0 | J21: =J8+J19 -> 0
C23: Vida útil ponderada prevista | D23: =SUMPRODUCT(B10:B19,D10:D19)/B21 -> #DIV/0! | E23: años

Sheet Inv. Iniciales ANC
A1: Inversiones Iniciales en Activos No Corrientes ( Fijos )
A2: ='Datos Básicos'!B8 -> 0
A6: Elementos / activos no corrientes | B6: Importe | C6: Años antigüedad | D6: plazo amort. | E6: amort. previa | G6: IVA soportado | I6: Aportado en Especie | J6: % Aport. especie
A7: Terrenos y solares | B7: 0 | C7: 0 | G7: =IF(E10=0,B7-I7,0)*Parametros!$F$33 -> 0 | I7: 0 | J7: =IF(B7*I7>0,I7/B7,0) -> 0
A8: Total valor obra construida | B8: 0 | C8: 0 | D8: 30 | E8: =IF(C8>D8,B8,B8*C8/D8) -> 0 | G8: =IF(E8=0,B8-I8,0)*Parametros!$F$33 -> 0 | I8: 0 | J8: =IF(B8*I8>0,I8/B8,0) -> 0
A9: Obras de Reforma / Adecuación local | B9: 0 | C9: 0 | D9: 20 | E9: =IF(C9>D9,B9,B9*C9/D9) -> 0 | G9: =IF(E9=0,B9-I9,0)*Parametros!$F$33 -> 0 | I9: 0 | J9: =IF(B9*I9>0,I9/B9,0) -> 0 | K9: =IF(I9>B9,"ERROR EN APORTACION EN ESPECIE","")
A10: Terrenos y edificaciones | B10: =SUM(B7:B9) -> 0 | C10: =IF($B10-B7=0,0,SUMPRODUCT($B8:$B9,C8:C9)/($B10-B7)) -> 0 | D10: =IF($B10-B7=0,AVERAGE(D8:D9),SUMPRODUCT($B8:$B9,D8:D9)/($B10-B7)) -> 25 | E10: =SUM(E8:E9) -> 0 | G10: =SUM(G7:G9) -> 0 | I10: =SUM(I7:I9) -> 0 | J10: =IF(B10>0,I10/B10,0) -> 0
A12: Instalaciones | B12: Importe | C12: antigüedad | D12: plazo amort. | E12: amort. previa | G12: IVA soportado | I12: Ap. Especie | J12: % especie
A13: Instalación eléctrica | B13: 0 | C13: 0 | D13: 10 | E13: =IF(C13>D13,B13,B13*C13/D13) -> 0 | G13: =IF(E13=0,B13-I13,0)*Parametros!$F$33 -> 0 | I13: 0 | J13: =IF(B13>0,I13/B13,0) -> 0 | K13: =IF(I13>B13,"ERROR EN APORTACION EN ESPECIE","")
A14: Agua y saneamiento | B14: 0 | C14: 0 | D14: 10 | E14: =IF(C14>D14,B14,B14*C14/D14) -> 0 | G14: =IF(E14=0,B14-I14,0)*Parametros!$F$33 -> 0 | I14: 0 | J14: =IF(B14>0,I14/B14,0) -> 0 | K14: =IF(I14>B14,"ERROR EN APORTACION EN ESPECIE","")
A15: Telecomunicaciones | B15: 0 | C15: 0 | D15: 10 | E15: =IF(C15>D15,B15,B15*C15/D15) -> 0 | G15: =IF(E15=0,B15-I15,0)*Parametros!$F$33 -> 0 | I15: 0 | J15: =IF(B15>0,I15/B15,0) -> 0 | K15: =IF(I15>B15,"ERROR EN APORTACION EN ESPECIE","")
A16: Iluminación | B16: 0 | C16: 0 | D16: 10 | E16: =IF(C16>D16,B16,B16*C16/D16) -> 0 | G16: =IF(E16=0,B16-I16,0)*Parametros!$F$33 -> 0 | I16: 0 | J16: =IF(B16>0,I16/B16,0) -> 0 | K16: =IF(I16>B16,"ERROR EN APORTACION EN ESPECIE","")
A17: Instalación contraincendios | B17: 0 | C17: 0 | D17: 10 | E17: =IF(C17>D17,B17,B17*C17/D17) -> 0 | G17: =IF(E17=0,B17-I17,0)*Parametros!$F$33 -> 0 | I17: 0 | J17: =IF(B17>0,I17/B17,0) -> 0 | K17: =IF(I17>B17,"ERROR EN APORTACION EN ESPECIE","")
A18: Alarmas e instalaciones de seguridad | B18: 0 | C18: 0 | D18: 10 | E18: =IF(C18>D18,B18,B18*C18/D18) -> 0 | G18: =IF(E18=0,B18-I18,0)*Parametros!$F$33 -> 0 | I18: 0 | J18: =IF(B18>0,I18/B18,0) -> 0 | K18: =IF(I18>B18,"ERROR EN APORTACION EN ESPECIE","")
A19: Instalaciones | B19: =SUM(B12:B18) -> 0 | C19: =IF($B19=0,0,SUMPRODUCT($B13:$B18,C13:C18)/$B19) -> 0 | D19: =IF($B19=0,AVERAGE(D13:D18),SUMPRODUCT($B13:$B18,D13:D18)/$B19) -> 10 | E19: =SUM(E13:E18) -> 0 | G19: =SUM(G13:G18) -> 0 | I19: =SUM(I13:I18) -> 0 | J19: =IF(B19>0,I19/B19,0) -> 0
A21: Maquinaria | B21: =B$12 -> Importe | C21: =C$12 -> antigüedad | D21: =D$12 -> plazo amort. | E21: =E$12 -> amort. previa | G21: =G$12 -> IVA soportado | I21: =I$12 -> Ap. Especie | J21: =J$12 -> % especie
A22: Máquina | B22: 0 | C22: 0 | D22: 10 | E22: =IF(C22>D22,B22,B22*C22/D22) -> 0 | G22: =IF(E22=0,B22-I22,0)*Parametros!$F$33 -> 0 | I22: 0 | J22: =IF(B22*I22>0,I22/B22,0) -> 0 | K22: =IF(I22>B22,"ERROR EN APORTACION EN ESPECIE","")
A23: Máquina | B23: 0 | C23: 0 | D23: 10 | E23: 0 | G23: =IF(E23=0,B23-I23,0)*Parametros!$F$33 -> 0 | I23: 0 | J23: =IF(B23*I23>0,I23/B23,0) -> 0 | K23: =IF(I23>B23,"ERROR EN APORTACION EN ESPECIE","")
A24: Máquina | B24: 0 | C24: 0 | D24: 10 | E24: =IF(C24>D24,B24,B24*C24/D24) -> 0 | G24: =IF(E24=0,B24-I24,0)*Parametros!$F$33 -> 0 | I24: 0 | J24: =IF(B24*I24>0,I24/B24,0) -> 0 | K24: =IF(I24>B24,"ERROR EN APORTACION EN ESPECIE","")
A25: Maquinaria | B25: =SUM(B22:B24) -> 0 | C25: =IF($B25=0,0,SUMPRODUCT($B22:$B24,C22:C24)/$B25) -> 0 | D25: =IF($B25=0,AVERAGE(D22:D24),SUMPRODUCT($B22:$B24,D22:D24)/$B25) -> 10 | E25: =SUM(E22:E24) -> 0 | G25: =SUM(G21:G24) -> 0 | I25: =SUM(I21:I24) -> 0 | J25: =IF(B25>0,I25/B25,0) -> 0
A27: Utillaje, Herramientas, ... | B27: =B$12 -> Importe | C27: =C$12 -> antigüedad | D27: =D$12 -> plazo amort. | E27: =E$12 -> amort. previa | G27: =G$12 -> IVA soportado | I27: =I$12 -> Ap. Especie | J27: =J$12 -> % especie
A28: Herramientas de mano | B28: 0 | C28: 0 | D28: 10 | E28: =IF(C28>D28,B28,B28*C28/D28) -> 0 | G28: =IF(E28=0,B28-I28,0)*Parametros!$F$33 -> 0 | I28: 0 | J28: =IF(B28*I28>0,I28/B28,0) -> 0 | K28: =IF(I28>B28,"ERROR EN APORTACION EN ESPECIE","")
A29: Utiles de fabricación | B29: 0 | C29: 0 | D29: 10 | E29: =IF(C29>D29,B29,B29*C29/D29) -> 0 | G29: =IF(E29=0,B29-I29,0)*Parametros!$F$33 -> 0 | I29: 0 | J29: =IF(B29*I29>0,I29/B29,0) -> 0 | K29: =IF(I29>B29,"ERROR EN APORTACION EN ESPECIE","")
A30: Utillaje y Herramienta | B30: =SUM(B27:B29) -> 0 | C30: =IF($B30=0,0,SUMPRODUCT($B27:$B29,C27:C29)/$B30) -> 0 | D30: =IF($B30=0,AVERAGE(D28:D29),SUMPRODUCT($B28:$B29,D28:D29)/$B30) -> 10 | E30: =SUM(E28:E29) -> 0 | G30: =SUM(G27:G29) -> 0 | I30: =SUM(I27:I29) -> 0 | J30: =IF(B30>0,I30/B30,0) -> 0
A32: Mobiliario | B32: =B$12 -> Importe | C32: =C$12 -> antigüedad | D32: =D$12 -> plazo amort. | E32: =E$12 -> amort. previa | G32: =G$12 -> IVA soportado | I32: =I$12 -> Ap. Especie | J32: =J$12 -> % especie
A33: Mobiliario oficina | B33: 0 | C33: 0 | D33: 8 | E33: =IF(C33>D33,B33,B33*C33/D33) -> 0 | G33: =IF(E33=0,B33-I33,0)*Parametros!$F$33 -> 0 | I33: 0 | J33: =IF(B33*I33>0,I33/B33,0) -> 0 | K33: =IF(I33>B33,"ERROR EN APORTACION EN ESPECIE","")
A34: Estanterías almacén, expositores | B34: 0 | C34: 0 | D34: 8 | E34: =IF(C34>D34,B34,B34*C34/D34) -> 0 | G34: =IF(E34=0,B34-I34,0)*Parametros!$F$33 -> 0 | I34: 0 | J34: =IF(B34*I34>0,I34/B34,0) -> 0 | K34: =IF(I34>B34,"ERROR EN APORTACION EN ESPECIE","")
A35: Otro mobiliario | B35: 0 | C35: 0 | D35: 8 | E35: =IF(C35>D35,B35,B35*C35/D35) -> 0 | G35: =IF(E35=0,B35-I35,0)*Parametros!$F$33 -> 0 | I35: 0 | J35: =IF(B35*I35>0,I35/B35,0) -> 0 | K35: =IF(I35>B35,"ERROR EN APORTACION EN ESPECIE","")
A36: Mobiliario | B36: =SUM(B32:B35) -> 0 | C36: =IF($B36=0,0,SUMPRODUCT($B33:$B35,C33:C35)/$B36) -> 0 | D36: =IF($B36=0,AVERAGE(D33:D35),SUMPRODUCT($B33:$B35,D33:D35)/$B36) -> 8 | E36: =SUM(E33:E35) -> 0 | G36: =SUM(G32:G35) -> 0 | I36: =SUM(I32:I35) -> 0 | J36: =IF(B36>0,I36/B36,0) -> 0
A38: Vehículos | B38: =B$12 -> Importe | C38: =C$12 -> antigüedad | D38: =D$12 -> plazo amort. | E38: =E$12 -> amort. previa | G38: =G$12 -> IVA soportado | I38: =I$12 -> Ap. Especie | J38: =J$12 -> % especie
A39: Elementos de transporte interior | B39: 0 | C39: 0 | D39: 8 | E39: =IF(C39>D39,B39,B39*C39/D39) -> 0 | G39: =IF(E39=0,B39-I39,0)*Parametros!$F$33 -> 0 | I39: 0 | J39: =IF(B39*I39>0,I39/B39,0) -> 0 | K39: =IF(I39>B39,"ERROR EN APORTACION EN ESPECIE","")
A40: Elementos de transporte exterior | B40: 0 | C40: 0 | D40: 8 | E40: =IF(C40>D40,B40,B40*C40/D40) -> 0 | G40: =IF(E40=0,B40-I40,0)*Parametros!$F$33 -> 0 | I40: 0 | J40: =IF(B40*I40>0,I40/B40,0) -> 0 | K40: =IF(I40>B40,"ERROR EN APORTACION EN ESPECIE","")
A41: Otros elementos de transporte | B41: 0 | C41: 0 | D41: 8 | E41: =IF(C41>D41,B41,B41*C41/D41) -> 0 | G41: =IF(E41=0,B41-I41,0)*Parametros!$F$33 -> 0 | I41: 0 | J41: =IF(B41*I41>0,I41/B41,0) -> 0 | K41: =IF(I41>B41,"ERROR EN APORTACION EN ESPECIE","")
A42: Elementos de transporte | B42: =SUM(B38:B41) -> 0 | C42: =IF($B42=0,0,SUMPRODUCT($B38:$B41,C38:C41)/$B42) -> 0 | D42: =IF($B42=0,AVERAGE(D39:D41),SUMPRODUCT($B39:$B41,D39:D41)/$B42) -> 8 | E42: =SUM(E39:E41) -> 0 | G42: =SUM(G38:G41) -> 0 | I42: =SUM(I38:I41) -> 0 | J42: =IF(B42>0,I42/B42,0) -> 0
A44: Equipos informáticos / EPIs | B44: =B$12 -> Importe | C44: =C$12 -> antigüedad | D44: =D$12 -> plazo amort. | E44: =E$12 -> amort. previa | G44: =G$12 -> IVA soportado | I44: =I$12 -> Ap. Especie | J44: =J$12 -> % especie
A45: Ordenadores, PDAs, etc. | B45: 0 | C45: 0 | D45: 5 | E45: =IF(C45>D45,B45,B45*C45/D45) -> 0 | G45: =IF(E45=0,B45-I45,0)*Parametros!$F$33 -> 0 | I45: 0 | J45: =IF(B45*I45>0,I45/B45,0) -> 0 | K45: =IF(I45>B45,"ERROR EN APORTACION EN ESPECIE","")
A46: Terminales Punto de Venta | B46: 0 | C46: 0 | D46: 5 | E46: =IF(C46>D46,B46,B46*C46/D46) -> 0 | G46: =IF(E46=0,B46-I46,0)*Parametros!$F$33 -> 0 | I46: 0 | J46: =IF(B46*I46>0,I46/B46,0) -> 0 | K46: =IF(I46>B46,"ERROR EN APORTACION EN ESPECIE","")
A47: Impresoras y fotocopiadoras | B47: 0 | C47: 0 | D47: 5 | E47: =IF(C47>D47,B47,B47*C47/D47) -> 0 | G47: =IF(E47=0,B47-I47,0)*Parametros!$F$33 -> 0 | I47: 0 | J47: =IF(B47*I47>0,I47/B47,0) -> 0 | K47: =IF(I47>B47,"ERROR EN APORTACION EN ESPECIE","")
A48: Centralitas, enrutadores, red local | B48: 0 | C48: 0 | D48: 5 | E48: =IF(C48>D48,B48,B48*C48/D48) -> 0 | G48: =IF(E48=0,B48-I48,0)*Parametros!$F$33 -> 0 | I48: 0 | J48: =IF(B48*I48>0,I48/B48,0) -> 0 | K48: =IF(I48>B48,"ERROR EN APORTACION EN ESPECIE","")
A49: Equipos Tratamiento Información | B49: =SUM(B44:B48) -> 0 | C49: =IF($B49=0,0,SUMPRODUCT($B45:$B48,C45:C48)/$B49) -> 0 | D49: =IF($B49=0,AVERAGE(D45:D48),SUMPRODUCT($B45:$B48,D45:D48)/$B49) -> 5 | E49: =SUM(E45:E48) -> 0 | G49: =SUM(G44:G48) -> 0 | I49: =SUM(I44:I48) -> 0 | J49: =IF(B49>0,I49/B49,0) -> 0
A51: Otro Inmovilizado Material | B51: =B$12 -> Importe | C51: =C$12 -> antigüedad | D51: =D$12 -> plazo amort. | E51: =E$12 -> amort. previa | G51: =G$12 -> IVA soportado | I51: =I$12 -> Ap. Especie | J51: =J$12 -> % especie
A52: Otros activos No corrientes necesarios | B52: 0 | C52: 0 | D52: 5 | E52: =IF(C52>D52,B52,B52*C52/D52) -> 0 | G52: =IF(E52=0,B52-I52,0)*Parametros!$F$33 -> 0 | I52: 0 | J52: =IF(B52*I52>0,I52/B52,0) -> 0 | K52: =IF(I52>B52,"ERROR EN APORTACION EN ESPECIE","")
A53: Otros activos No corrientes necesarios | B53: 0 | C53: 0 | D53: 5 | E53: =IF(C53>D53,B53,B53*C53/D53) -> 0 | G53: =IF(E53=0,B53-I53,0)*Parametros!$F$33 -> 0 | I53: 0 | J53: =IF(B53*I53>0,I53/B53,0) -> 0 | K53: =IF(I53>B53,"ERROR EN APORTACION EN ESPECIE","")
A54: Otro Inmovilizado Material | B54: =SUM(B51:B53) -> 0 | C54: =IF($B54=0,0,SUMPRODUCT($B51:$B53,C51:C53)/$B54) -> 0 | D54: =IF($B54=0,AVERAGE(D52:D53),SUMPRODUCT($B52:$B53,D52:D53)/$B54) -> 5 | E54: =SUM(E52:E53) -> 0 | G54: =SUM(G51:G53) -> 0 | I54: =SUM(I51:I53) -> 0 | J54: =IF(B54>0,I54/B54,0) -> 0
A56: Inmovilizado Intangible | B56: =B$12 -> Importe | C56: =C$12 -> antigüedad | D56: =D$12 -> plazo amort. | E56: =E$12 -> amort. previa | G56: =G$12 -> IVA soportado | I56: =I$12 -> Ap. Especie | J56: =J$12 -> % especie
A57: Aplic. Informáticas (Software) | B57: 0 | C57: 0 | D57: 3 | E57: =IF(C57>D57,B57,B57*C57/D57) -> 0 | G57: =IF(E57=0,B57-I57,0)*Parametros!$F$33 -> 0 | I57: 0 | J57: =IF(B57*I57>0,I57/B57,0) -> 0 | K57: =IF(I57>B57,"ERROR EN APORTACION EN ESPECIE","")
A58: Sistemas operativos y ofimática | B58: 0 | C58: 0 | D58: 3 | E58: =IF(C58>D58,B58,B58*C58/D58) -> 0 | G58: =IF(E58=0,B58-I58,0)*Parametros!$F$33 -> 0 | I58: 0 | J58: =IF(B58*I58>0,I58/B58,0) -> 0
A59: Inversiones I+D+I | B59: 0 | C59: 0 | D59: 3 | E59: =IF(C59>D59,B59,B59*C59/D59) -> 0 | G59: =IF(E59=0,B59-I59,0)*Parametros!$F$33 -> 0 | I59: 0 | J59: =IF(B59*I59>0,I59/B59,0) -> 0 | K59: =IF(I59>B59,"ERROR EN APORTACION EN ESPECIE","")
A60: Patentes, marcas o similares | B60: 0 | C60: 0 | D60: 3 | E60: =IF(C60>D60,B60,B60*C60/D60) -> 0 | G60: =IF(E60=0,B60-I60,0)*Parametros!$F$33 -> 0 | I60: 0 | J60: =IF(B60*I60>0,I60/B60,0) -> 0 | K60: =IF(I60>B60,"ERROR EN APORTACION EN ESPECIE","")
A61: Certificaciones, homologaciones y derechos de traspaso | B61: 0 | C61: 0 | D61: 3 | E61: =IF(C61>D61,B61,B61*C61/D61) -> 0 | G61: =IF(E61=0,B61-I61,0)*Parametros!$F$33 -> 0 | I61: 0 | J61: =IF(B61*I61>0,I61/B61,0) -> 0 | K61: =IF(I61>B61,"ERROR EN APORTACION EN ESPECIE","")
A62: Inmovilizado Inmaterial | B62: =SUM(B56:B61) -> 0 | C62: =IF($B62=0,0,SUMPRODUCT($B57:$B61,C57:C61)/$B62) -> 0 | D62: =IF($B62=0,AVERAGE(D57:D61),SUMPRODUCT($B57:$B61,D57:D61)/$B62) -> 3 | E62: =SUM(E57:E61) -> 0 | G62: =SUM(G56:G61) -> 0 | I62: =SUM(I56:I61) -> 0 | J62: =IF(B62>0,I62/B62,0) -> 0
A64: Gastos de Constitución | B64: =B$12 -> Importe | G64: =G$12 -> IVA soportado
A65: Notaría, Registro Mercantil | B65: 0 | G65: =B65*Parametros!$F$33 -> 0
A66: Certificado negativo del nombre | B66: 0
A67: Registro Mercantil, BORME | B67: 0
A68: ITP (Imp. Transmisiones Patrimoniales) | B68: 0
A69: Gastos de Constitución | B69: =SUM(B65:B68) -> 0 | G69: =SUM(G65:G68) -> 0
A71: Gastos de Establecimiento | B71: =B$12 -> Importe | G71: =G$12 -> IVA soportado
A72: Proyectos, visados, Licencias | B72: 0 | G72: =B72*Parametros!$F$33 -> 0
A73: Tasas de apertura | B73: 0 | G73: =B73*Parametros!$F$33 -> 0
A74: Publicidad de lanzamiento | B74: 0 | G74: =B74*Parametros!$F$33 -> 0
A75: Otros gastos de 1er establecimiento | B75: 0 | G75: =B75*Parametros!$F$33 -> 0
A76: Gastos de Establecimiento | B76: =SUM(B72:B75) -> 0 | G76: =SUM(G72:G75) -> 0
A78: Inmovilizados Financieros L. P. | B78: =B$12 -> Importe
A79: Fianzas de locales | B79: 0
A80: Otras fianzas | B80: 0
A81: Inmovilizado Financiero L. P. | B81: =SUM(B78:B80) -> 0

Sheet Inversiones AC
A1: Inversiones en Activos Corrientes
A2: ='Datos Básicos'!B8 -> 0
B6: Inversión Inicial
A7: Inmovilizado financiero Corto Plazo | B7: =B8 -> 0
A8: Fianzas a corto plazo | B8: 0
A10: Existencias Iniciales | B10: =SUM(B11:B14) -> 0 | C10: tipo IVA | D10: en especie
A11: materias primas | B11: 0 | C11: 0.21 | D11: 0
A12: mercaderías | B12: 0 | C12: 0 | D12: 0
A13: otros aprovisionamientos | B13: 0 | C13: 0 | D13: 0
A14: Almacén final del ejercicio anterior | B14: 0
A16: Realizable | B16: =SUM(B17:B19) -> 0
A17: IVA soportado de inversiones iniciales | B17: =+'Inv. Iniciales ANC'!G10+'Inv. Iniciales ANC'!G19+'Inv. Iniciales ANC'!G25+'Inv. Iniciales ANC'!G30+'Inv. Iniciales ANC'!G36+'Inv. Iniciales ANC'!G42+'Inv. Iniciales ANC'!G49+'Inv. Iniciales ANC'!G54+'Inv. Iniciales ANC'!G62+'Inv. Iniciales ANC'!G76+'Inv. Iniciales ANC'!G69 +SUMPRODUCT(B11:B13,C11:C13)-SUMPRODUCT(B11:B13,D11:D13) -Parametros!$F$33*SUM('Financiación Inicial'!F15:G15) -> 0
A18: IVA soportado pend. de devolución | B18: 0
A19: Clientes | B19: 0
A21: Tesorería inicial / Disponible | B21: ='Financiación Inicial'!B30 -Amortizaciones!B21+Amortizaciones!C21 -'Inv. Iniciales ANC'!B81 -B7-B10-B16 -> 0
A23: Total Inv. Inicial Activo Corriente | B23: =B7+B10+B16+B21 -> 0
A25: =IF(B25<>"","Incrementar financiación inicial","") -> Incrementar financiación inicial | B25: =IF(B21-tesoreriasec<-0.5,TEXT(tesoreriasec-B21,"#.##0 ")&"€ de déficit de Financiación","") -> 2.000 € de déficit de Financiación
B26: =IF(B25<>"","Tesorería de seguridad: "&TEXT(tesoreriasec,"#.##0 €")&" mínimo.","") -> Tesorería de seguridad: 2.000 € mínimo.

Sheet Financiación Inicial
A1: Financiación Inicial
A2: ='Datos Básicos'!B8 -> 0 | E2: Inversión en ANC | F2: =IF(('Inv. Iniciales ANC'!B10+'Inv. Iniciales ANC'!B19+'Inv. Iniciales ANC'!B25+'Inv. Iniciales ANC'!B30+'Inv. Iniciales ANC'!B36+'Inv. Iniciales ANC'!B42+'Inv. Iniciales ANC'!B49+'Inv. Iniciales ANC'!B54+'Inv. Iniciales ANC'!B62+'Inv. Iniciales ANC'!B69+'Inv. Iniciales ANC'!B76+'Inv. Iniciales ANC'!B81)>0,'Inv. Iniciales ANC'!B10+'Inv. Iniciales ANC'!B19+'Inv. Iniciales ANC'!B25+'Inv. Iniciales ANC'!B30+'Inv. Iniciales ANC'!B36+'Inv. Iniciales ANC'!B42+'Inv. Iniciales ANC'!B49+'Inv. Iniciales ANC'!B54+'Inv. Iniciales ANC'!B62+'Inv. Iniciales ANC'!B69+'Inv. Iniciales ANC'!B76+'Inv. Iniciales ANC'!B81,0) -> 0
E3: Inversión en AC | F3: ='Inversiones AC'!B10 -> 0
E4: Total de la Inversión | F4: =F2+F3 -> 0
A6: Financiación de la Inversión Inicial | B6: Importe | C6: % | E6: Datos Préstamos | F6: Préstamo 1 | G6: Microcrédito
A7: Patrimonio Neto ( Recursos Propios ) | B7: =SUM(B8:B14) -> 0 | C7: =IF(B$30=0,"",B7/$B$30) | E7: Principales | F7: 0 | G7: 0
A8: ='Balances anuales'!A26&" (aportaciones dinerarias)" -> Fondo Social (aportaciones dinerarias) | B8: 0 | C8: =IF(B$30=0,"",B8/$B$30) | E8: Interés nominal | F8: 0.069 | G8: 0.0825
A9: ='Balances anuales'!A26&" (aportaciones no dinerarias)" -> Fondo Social (aportaciones no dinerarias) | B9: =+'Inv. Iniciales ANC'!I10+'Inv. Iniciales ANC'!I19+'Inv. Iniciales ANC'!I25+'Inv. Iniciales ANC'!I30+'Inv. Iniciales ANC'!I36+'Inv. Iniciales ANC'!I42+'Inv. Iniciales ANC'!I49+'Inv. Iniciales ANC'!I54+'Inv. Iniciales ANC'!I62 -> 0 | C9: =IF(B$30=0,"",B9/$B$30) | E9: Gastos iniciales | F9: 0 | G9: 0.0001
A10: Gastos de constitución | B10: =-'Inv. Iniciales ANC'!B69 -> 0 | C10: =IF(B$30=0,"",B10/$B$30) | E10: nº total de pagos | F10: 72 | G10: 60
A11: Resultados anteriores (Reservas) | B11: 0 | C11: =IF(B$30=0,"",B11/$B$30) | E11: Nº pagos por año | F11: 12 | G11: 12
A12: Pérdidas acumuladas anteriores | B12: 0 | C12: =IF(B$30=0,"",B12/$B$30) | E12: periodos de carencia | F12: 12 | G12: 0
A13: Créditos de los socios | B13: 0 | C13: =IF(B$30=0,"",B13/$B$30)
A14: Subvenciones | B14: =F34 -> 0 | C14: =IF(B$30=0,"",B14/$B$30) | E14: Datos Leasing | F14: Leasing 1 | G14: Leasing 2
E15: Principales | F15: 0 | G15: 0 | H15: =IF(SUM(F15:G15)>'Balances anuales'!B7,"ERROR: Los arrendamientos Financieros superan a la Inversión en Activos No Corrientes (ANC)","")
A16: Pasivos Ajenos | B16: =B17+B22 -> 0 | C16: =IF(B$30=0,"",B16/$B$30) | E16: Valores residuales | F16: 0 | G16: 0 | H16: =IF(OR(F16>F15/2,G16>G15/2),"ERROR: Los valores residuales no pueden superar el 50% del nominal","")
A17: Créditos Largo Plazo | B17: =SUM(B18:B20) -> 0 | C17: =IF(B$30=0,"",B17/$B$30) | E17: Interés nominal | F17: 0.055 | G17: 0.07
A18: Acreedores L.P. Financieros Préstamos | B18: =F7+G7-B23 -> 0 | C18: =IF(B$30=0,"",B18/$B$30) | E18: Gastos iniciales | F18: 0 | G18: 0
A19: Acreedores L.P. Financieros Leasing | B19: =+F15-F16+G15-G16-B24 -> 0 | C19: =IF(B$30=0,"",B19/$B$30) | E19: nº total de pagos | F19: 36 | G19: 60
A20: Otros Acreedores L.P. | B20: 0 | C20: =IF(B$30=0,"",B20/$B$30) | E20: Nº pagos por año | F20: 12 | G20: 12
E21: Cuotas | F21: =PMT(F17/F20,F19,-F15) -> 0 | G21: =PMT(G17/G20,G19,-G15) -> 0
A22: Créditos a Corto Plazo | B22: =SUM(B23:B28) -> 0 | C22: =IF(B$30=0,"",B22/$B$30)
A23: Acreedores C.P. Financieros Préstamos | B23: =Préstamos!N20 -> 0 | C23: =IF(B$30=0,"",B23/$B$30) | E23: Datos Renting | F23: Renting 1 | G23: Renting 2
A24: Acreedores C.P. Financieros Leasing | B24: =+Leasing!N22 -> 0 | C24: =IF(B$30=0,"",B24/$B$30) | E24: Principal | F24: 0 | G24: 0
A25: Dispuesto crédito mes ant. al 0 | B25: 0 | C25: =IF(B$30=0,"",B25/$B$30) | E25: Tipo nominal | F25: 0.08 | G25: 0.1
A26: Proveedores | B26: 0 | C26: =IF(B$30=0,"",B26/$B$30) | E26: Gastos iniciales | F26: 0.005 | G26: 0.01
A27: IVA pendiente de pago a Hacienda | B27: 0 | C27: =IF(B$30=0,"",B27/$B$30) | E27: Nº total de pagos | F27: 24 | G27: 36
A28: Otros Acreedores C.P. | B28: ='Datos Gastos Fijos'!C30*'Datos Gastos Fijos'!B23 -> 0 | C28: =IF(B$30=0,"",B28/$B$30) | E28: Nº pagos por año | F28: 6 | G28: 12
E29: Valor residual | F29: 0 | G29: 0 | H29: =IF(OR(F29>F24/2,G29>G24/2),"ERROR: Los valores residuales no pueden superar el 50% del nominal","")
A30: Total Fuentes de Financiación | B30: =B16+B7 -> 0 | C30: =IF(B$30=0,"",B30/$B$30) | E30: Cuotas | F30: =PMT(F25/F28,F27,-F24) -> 0 | G30: =PMT(G25/G28,G27,-G24) -> 0
B32: =IF('Inversiones AC'!B21-tesoreriasec<-0.5,TEXT(tesoreriasec-'Inversiones AC'!B21,"#.##0")&" de déficit de Financiación","") -> 2.000 de déficit de Financiación | E32: =CONCATENATE("Incentivo: ",Incentivos!C7) -> Incentivo: Fomento del Empleo Asociado
B33: =IF(B32<>"","Incrementar financiación inicial","") -> Incrementar financiación inicial
B34: =IF('Balances anuales'!B50="",""," DESCUADRE EN BALANCE INICIAL") | E34: Importe | F34: =IF('Datos Básicos'!I13="SI",Incentivos!E84,0) -> 0 | G34: =Parametros!$G$6 -> €
B35: =IF(B34="","",'Balances anuales'!B23-'Balances anuales'!B46) | E35: Período | F35: 5 | G35: años
E36: Escenario Incentivos | F36: ='Datos Básicos'!I13 -> NO

Sheet Incentivos
A1: Incentivos a la inversión
A2: ='Datos Básicos'!B8 -> 0
C6: Tipo de incentivo :
C7: Fomento del Empleo Asociado
A10: Elementos / Activos No Corrientes | B10: Importes invertidos | C10: Importes incentivables | D10: % incentivable | E10: Incentivo
A11: ='Inv. Iniciales ANC'!A7 -> Terrenos y solares | B11: 0 | C11: =IF(B11/SUM(B11,C12,C13,C23,C29,C34,C40,C46,C53,C58,C66,C73,C80)<10%,B11,SUM(C12,C13,C23,C29,C34,C40,C46,C53,C58,C66,C73,C80)*10%/(1-10%)) -> #DIV/0! | D11: 0.8 | E11: =C11*D11 -> #DIV/0! | G11: máximo 10% Base incentivable | J11: Pago único
A12: ='Inv. Iniciales ANC'!A8 -> Total valor obra construida | B12: ='Inv. Iniciales ANC'!B8 -> 0 | C12: =B12 -> 0 | D12: 0.8 | E12: =C12*D12 -> 0 | J12: I + E
A13: ='Inv. Iniciales ANC'!A9 -> Obras de Reforma / Adecuación local | B13: ='Inv. Iniciales ANC'!B9 -> 0 | C13: =B13 -> 0 | D13: 0.8 | E13: =C13*D13 -> 0 | J13: Fomento del Empleo Asociado
A14: Terrenos y Edificaciones | B14: =SUM(B12:B13) -> 0 | C14: =SUM(C11:C13) -> #DIV/0! | D14: =IF($B14=0,AVERAGE(D10:D13),SUMPRODUCT($B10:$B13,D10:D13)/$B14) -> 0.8 | E14: =SUM(E11:E13) -> #DIV/0! | J14: Autoempleo
A16: Instalaciones | B16: Inversión | C16: incentivable | D16: =D10 -> % incentivable | E16: =E10 -> Incentivo
A17: ='Inv. Iniciales ANC'!A13 -> Instalación eléctrica | B17: ='Inv. Iniciales ANC'!B13 -> 0 | C17: =B17 -> 0 | D17: 0.8 | E17: =C17*D17 -> 0
A18: ='Inv. Iniciales ANC'!A14 -> Agua y saneamiento | B18: ='Inv. Iniciales ANC'!B14 -> 0 | C18: =B18 -> 0 | D18: 0.8 | E18: =C18*D18 -> 0
A19: ='Inv. Iniciales ANC'!A15 -> Telecomunicaciones | B19: ='Inv. Iniciales ANC'!B15 -> 0 | C19: =B19 -> 0 | D19: 0.8 | E19: =C19*D19 -> 0
A20: ='Inv. Iniciales ANC'!A16 -> Iluminación | B20: ='Inv. Iniciales ANC'!B16 -> 0 | C20: =B20 -> 0 | D20: 0.8 | E20: =C20*D20 -> 0
A21: ='Inv. Iniciales ANC'!A17 -> Instalación contraincendios | B21: ='Inv. Iniciales ANC'!B17 -> 0 | C21: =B21 -> 0 | D21: 0.8 | E21: =C21*D21 -> 0
A22: ='Inv. Iniciales ANC'!A18 -> Alarmas e instalaciones de seguridad | B22: ='Inv. Iniciales ANC'!B18 -> 0 | C22: =B22 -> 0 | D22: 0.8 | E22: =C22*D22 -> 0
A23: Instalaciones | B23: =SUM(B16:B22) -> 0 | C23: =SUM(C17:C22) -> 0 | D23: =IF($B23=0,AVERAGE(D19:D22),SUMPRODUCT($B19:$B22,D19:D22)/$B23) -> 0.8 | E23: =SUM(E17:E22) -> 0
A25: Maquinaria | B25: =B$16 -> Inversión | C25: =C$16 -> incentivable | D25: =D$16 -> % incentivable | E25: =E$16 -> Incentivo | G25: Solo maquinaria nueva,
A26: ='Inv. Iniciales ANC'!A22 -> Máquina | B26: ='Inv. Iniciales ANC'!B22 -> 0 | C26: =IF('Inv. Iniciales ANC'!C22+'Inv. Iniciales ANC'!E22+'Inv. Iniciales ANC'!I22>0,0,B26) -> 0 | D26: 0.8 | E26: =C26*D26 -> 0 | G26: No amortizada previamente.
A27: ='Inv. Iniciales ANC'!A23 -> Máquina | B27: ='Inv. Iniciales ANC'!B23 -> 0 | C27: =IF('Inv. Iniciales ANC'!C23+'Inv. Iniciales ANC'!E23+'Inv. Iniciales ANC'!I23>0,0,B27) -> 0 | D27: 0.8 | E27: =C27*D27 -> 0 | G27: No aportada en especie
A28: ='Inv. Iniciales ANC'!A24 -> Máquina | B28: ='Inv. Iniciales ANC'!B24 -> 0 | C28: =IF('Inv. Iniciales ANC'!C24+'Inv. Iniciales ANC'!E24+'Inv. Iniciales ANC'!I24>0,0,B28) -> 0 | D28: 0.8 | E28: =C28*D28 -> 0
A29: Maquinaria | B29: =SUM(B25:B28) -> 0 | C29: =SUM(C26:C28) -> 0 | D29: =IF($B29=0,AVERAGE(D25:D28),SUMPRODUCT($B25:$B28,D25:D28)/$B29) -> 0.8 | E29: =SUM(E26:E28) -> 0
A31: Utillaje, Herramientas, ... | B31: =B$16 -> Inversión | C31: =C$16 -> incentivable | D31: =D$16 -> % incentivable | E31: =E$16 -> Incentivo
A32: ='Inv. Iniciales ANC'!A28 -> Herramientas de mano | B32: ='Inv. Iniciales ANC'!B28 -> 0 | C32: =IF('Inv. Iniciales ANC'!C28+'Inv. Iniciales ANC'!E28+'Inv. Iniciales ANC'!I28>0,0,B32) -> 0 | D32: 0.8 | E32: =C32*D32 -> 0 | G32: Solo elementos nuevos
A33: ='Inv. Iniciales ANC'!A29 -> Utiles de fabricación | B33: ='Inv. Iniciales ANC'!B29 -> 0 | C33: =IF('Inv. Iniciales ANC'!C29+'Inv. Iniciales ANC'!E29+'Inv. Iniciales ANC'!I29>0,0,B33) -> 0 | D33: 0.8 | E33: =C33*D33 -> 0
A34: Utillaje y Herramienta | B34: =SUM(B31:B33) -> 0 | C34: =SUM(C32:C33) -> 0 | D34: =IF($B34=0,AVERAGE(D30:D33),SUMPRODUCT($B30:$B33,D30:D33)/$B34) -> 0.8 | E34: =SUM(E32:E33) -> 0
A36: Mobiliario | B36: =B$16 -> Inversión | C36: =C$16 -> incentivable | D36: =D$16 -> % incentivable | E36: =E$16 -> Incentivo | G36: Solo elementos nuevos
A37: ='Inv. Iniciales ANC'!A33 -> Mobiliario oficina | B37: ='Inv. Iniciales ANC'!B33 -> 0 | C37: =IF('Inv. Iniciales ANC'!C33+'Inv. Iniciales ANC'!E33+'Inv. Iniciales ANC'!I33>0,0,B37) -> 0 | D37: 0.8 | E37: =C37*D37 -> 0
A38: ='Inv. Iniciales ANC'!A34 -> Estanterías almacén, expositores | B38: ='Inv. Iniciales ANC'!B34 -> 0 | C38: =IF('Inv. Iniciales ANC'!C34+'Inv. Iniciales ANC'!E34+'Inv. Iniciales ANC'!I34>0,0,B38) -> 0 | D38: 0.8 | E38: =C38*D38 -> 0
A39: ='Inv. Iniciales ANC'!A35 -> Otro mobiliario | B39: ='Inv. Iniciales ANC'!B35 -> 0 | C39: =IF('Inv. Iniciales ANC'!C35+'Inv. Iniciales ANC'!E35+'Inv. Iniciales ANC'!I35>0,0,B39) -> 0 | D39: 0.8 | E39: =C39*D39 -> 0
A40: Mobiliario | B40: =SUM(B36:B39) -> 0 | C40: =SUM(C37:C39) -> 0 | D40: =IF($B40=0,AVERAGE(D36:D39),SUMPRODUCT($B36:$B39,D36:D39)/$B40) -> 0.8 | E40: =SUM(E37:E39) -> 0
A42: Vehículos | B42: =B$16 -> Inversión | C42: =C$16 -> incentivable | D42: =D$16 -> % incentivable | E42: =E$16 -> Incentivo | G42: Solo elementos nuevos
A43: ='Inv. Iniciales ANC'!A39 -> Elementos de transporte interior | B43: ='Inv. Iniciales ANC'!B39 -> 0 | C43: =IF('Inv. Iniciales ANC'!C39+'Inv. Iniciales ANC'!E39+'Inv. Iniciales ANC'!I39>0,0,B43) -> 0 | D43: 0.8 | E43: =C43*D43 -> 0
A44: ='Inv. Iniciales ANC'!A40 -> Elementos de transporte exterior | B44: ='Inv. Iniciales ANC'!B40 -> 0 | C44: =IF('Inv. Iniciales ANC'!C40+'Inv. Iniciales ANC'!E40+'Inv. Iniciales ANC'!I40>0,0,B44) -> 0 | D44: 0.8 | E44: =C44*D44 -> 0
A45: ='Inv. Iniciales ANC'!A41 -> Otros elementos de transporte | B45: ='Inv. Iniciales ANC'!B41 -> 0 | C45: =IF('Inv. Iniciales ANC'!C41+'Inv. Iniciales ANC'!E41+'Inv. Iniciales ANC'!I41>0,0,B45) -> 0 | D45: 0.8 | E45: =C45*D45 -> 0
A46: Elementos de transporte | B46: =SUM(B42:B45) -> 0 | C46: =SUM(C43:C45) -> 0 | D46: =IF($B46=0,AVERAGE(D42:D45),SUMPRODUCT($B42:$B45,D42:D45)/$B46) -> 0.8 | E46: =SUM(E43:E45) -> 0
A48: Equipos informáticos | B48: =B$16 -> Inversión | C48: =C$16 -> incentivable | D48: =D$16 -> % incentivable | E48: =E$16 -> Incentivo | G48: Solo elementos nuevos
A49: ='Inv. Iniciales ANC'!A45 -> Ordenadores, PDAs, etc. | B49: ='Inv. Iniciales ANC'!B45 -> 0 | C49: =IF('Inv. Iniciales ANC'!C45+'Inv. Iniciales ANC'!E45+'Inv. Iniciales ANC'!I45>0,0,B49) -> 0 | D49: 0.8 | E49: =C49*D49 -> 0
A50: ='Inv. Iniciales ANC'!A46 -> Terminales Punto de Venta | B50: ='Inv. Iniciales ANC'!B46 -> 0 | C50: =IF('Inv. Iniciales ANC'!C46+'Inv. Iniciales ANC'!E46+'Inv. Iniciales ANC'!I46>0,0,B50) -> 0 | D50: 0.8 | E50: =C50*D50 -> 0
A51: ='Inv. Iniciales ANC'!A47 -> Impresoras y fotocopiadoras | B51: ='Inv. Iniciales ANC'!B47 -> 0 | C51: =IF('Inv. Iniciales ANC'!C47+'Inv. Iniciales ANC'!E47+'Inv. Iniciales ANC'!I47>0,0,B51) -> 0 | D51: 0.8 | E51: =C51*D51 -> 0
A52: ='Inv. Iniciales ANC'!A48 -> Centralitas, enrutadores, red local | B52: ='Inv. Iniciales ANC'!B48 -> 0 | C52: =IF('Inv. Iniciales ANC'!C48+'Inv. Iniciales ANC'!E48+'Inv. Iniciales ANC'!I48>0,0,B52) -> 0 | D52: 0.8 | E52: =C52*D52 -> 0
A53: Equipos Tratamiento Información | B53: =SUM(B48:B52) -> 0 | C53: =SUM(C49:C52) -> 0 | D53: =IF($B53=0,AVERAGE(D49:D52),SUMPRODUCT($B49:$B52,D49:D52)/$B53) -> 0.8 | E53: =SUM(E49:E52) -> 0
A55: Otro Inmovilizado Material | B55: =B$16 -> Inversión | C55: =C$16 -> incentivable | D55: =D$16 -> % incentivable | E55: =E$16 -> Incentivo | G55: Solo elementos nuevos
A56: ='Inv. Iniciales ANC'!A52 -> Otros activos No corrientes necesarios | B56: ='Inv. Iniciales ANC'!B52 -> 0 | C56: =IF('Inv. Iniciales ANC'!C52+'Inv. Iniciales ANC'!E52+'Inv. Iniciales ANC'!I52>0,0,B56) -> 0 | D56: 0.8 | E56: =C56*D56 -> 0
A57: ='Inv. Iniciales ANC'!A53 -> Otros activos No corrientes necesarios | B57: ='Inv. Iniciales ANC'!B53 -> 0 | C57: =IF('Inv. Iniciales ANC'!C53+'Inv. Iniciales ANC'!E53+'Inv. Iniciales ANC'!I53>0,0,B57) -> 0 | D57: 0.8 | E57: =C57*D57 -> 0
A58: Otro Inmovilizado Material | B58: =SUM(B55:B57) -> 0 | C58: =SUM(C56:C57) -> 0 | D58: =IF($B58=0,AVERAGE(D54:D57),SUMPRODUCT($B54:$B57,D54:D57)/$B58) -> 0.8 | E58: =SUM(E56:E57) -> 0
A60: Inmovilizado Inmaterial | B60: =B$16 -> Inversión | C60: =C$16 -> incentivable | D60: =D$16 -> % incentivable | E60: =E$16 -> Incentivo
A61: ='Inv. Iniciales ANC'!A57 -> Aplic. Informáticas (Software) | B61: ='Inv. Iniciales ANC'!B57 -> 0 | C61: =IF('Inv. Iniciales ANC'!C57+'Inv. Iniciales ANC'!E57+'Inv. Iniciales ANC'!I57>0,0,B61) -> 0 | D61: 0.8 | E61: =C61*D61 -> 0
A62: ='Inv. Iniciales ANC'!A58 -> Sistemas operativos y ofimática | B62: ='Inv. Iniciales ANC'!B58 -> 0 | C62: 0 | D62: 0 | E62: 0 | G62: NO INCENTIVABLE
A63: ='Inv. Iniciales ANC'!A59 -> Inversiones I+D+I | B63: ='Inv. Iniciales ANC'!B59 -> 0 | C63: =IF('Inv. Iniciales ANC'!C59+'Inv. Iniciales ANC'!E59+'Inv. Iniciales ANC'!I59>0,0,B63) -> 0 | D63: 0.8 | E63: =C63*D63 -> 0
A64: ='Inv. Iniciales ANC'!A60 -> Patentes, marcas o similares | B64: ='Inv. Iniciales ANC'!B60 -> 0 | C64: =IF('Inv. Iniciales ANC'!C60+'Inv. Iniciales ANC'!E60+'Inv. Iniciales ANC'!I60>0,0,B64) -> 0 | D64: 0.8 | E64: =C64*D64 -> 0
A65: ='Inv. Iniciales ANC'!A61 -> Certificaciones, homologaciones y derechos de traspaso | B65: ='Inv. Iniciales ANC'!B61 -> 0 | C65: =IF('Inv. Iniciales ANC'!C61+'Inv. Iniciales ANC'!E61+'Inv. Iniciales ANC'!I61>0,0,B65) -> 0 | D65: 0.8 | E65: =C65*D65 -> 0
A66: Inmovilizado Inmaterial | B66: =SUM(B60:B65) -> 0 | C66: =SUM(C61:C65) -> 0 | D66: =IF($B66=0,AVERAGE(D64:D65),SUMPRODUCT($B64:$B65,D64:D65)/$B66) -> 0.8 | E66: =SUM(E61:E65) -> 0
A68: Gastos de Constitución | B68: =B$16 -> Inversión | C68: =C$16 -> incentivable | D68: =D$16 -> % incentivable | E68: =E$16 -> Incentivo
A69: ='Inv. Iniciales ANC'!A65 -> Notaría, Registro Mercantil | B69: ='Inv. Iniciales ANC'!B65 -> 0 | C69: =IF('Inv. Iniciales ANC'!I65>0,0,B69) -> 0 | D69: 0.8 | E69: =C69*D69 -> 0
A70: ='Inv. Iniciales ANC'!A66 -> Certificado negativo del nombre | B70: ='Inv. Iniciales ANC'!B66 -> 0 | C70: =IF('Inv. Iniciales ANC'!I66>0,0,B70) -> 0 | D70: 0.8 | E70: =C70*D70 -> 0
A71: ='Inv. Iniciales ANC'!A67 -> Registro Mercantil, BORME | B71: ='Inv. Iniciales ANC'!B67 -> 0 | C71: =IF('Inv. Iniciales ANC'!I67>0,0,B71) -> 0 | D71: 0.8 | E71: =C71*D71 -> 0
A72: ='Inv. Iniciales ANC'!A68 -> ITP (Imp. Transmisiones Patrimoniales) | B72: ='Inv. Iniciales ANC'!B68 -> 0 | C72: 0 | D72: 0 | E72: 0 | G72: NO INCENTIVABLE
A73: Gastos Amortizables | B73: =SUM(B69:B72) -> 0 | C73: =SUM(C69:C72) -> 0 | D73: =IF($B73=0,AVERAGE(D69:D72),SUMPRODUCT($B69:$B72,D69:D72)/$B73) -> 0.6 | E73: =SUM(E69:E72) -> 0
A75: Gastos de Establecimiento | B75: =B$16 -> Inversión | C75: =C$16 -> incentivable | D75: =D$16 -> % incentivable | E75: =E$16 -> Incentivo
A76: ='Inv. Iniciales ANC'!A72 -> Proyectos, visados, Licencias | B76: ='Inv. Iniciales ANC'!B72 -> 0 | C76: =IF('Inv. Iniciales ANC'!I72>0,0,B76) -> 0 | D76: 0.8 | E76: =C76*D76 -> 0
A77: ='Inv. Iniciales ANC'!A73 -> Tasas de apertura | B77: ='Inv. Iniciales ANC'!B73 -> 0 | C77: =IF('Inv. Iniciales ANC'!I73>0,0,B77) -> 0 | D77: 0.8 | E77: =C77*D77 -> 0
A78: ='Inv. Iniciales ANC'!A74 -> Publicidad de lanzamiento | B78: ='Inv. Iniciales ANC'!B74 -> 0 | C78: =IF('Inv. Iniciales ANC'!I74>0,0,B78) -> 0 | D78: 0.8 | E78: =C78*D78 -> 0
A79: ='Inv. Iniciales ANC'!A75 -> Otros gastos de 1er establecimiento | B79: ='Inv. Iniciales ANC'!B75 -> 0 | C79: =IF('Inv. Iniciales ANC'!I75>0,0,B79) -> 0 | D79: 0.8 | E79: =C79*D79 -> 0
A80: Gastos Amortizables | B80: =SUM(B76:B79) -> 0 | C80: =SUM(C76:C79) -> 0 | D80: =IF($B80=0,AVERAGE(D76:D79),SUMPRODUCT($B76:$B79,D76:D79)/$B80) -> 0.8 | E80: =SUM(E76:E79) -> 0
B83: Inversión Total | C83: Inversión Incentivable | D83: =D$16 -> % incentivable | E83: Importe del incentivo
A84: Totales | B84: =B14+B23+B29+B34+B40+B46+B53+B58+B66+B73+B80 -> 0 | C84: =C14+C23+C29+C34+C40+C46+C53+C58+C66+C73+C80 -> #DIV/0! | D84: =E84/B84 -> #DIV/0! | E84: =E14+E23+E29+E34+E40+E46+E53+E58+E66+E73+E80 -> #DIV/0!

Sheet Préstamos
A1: Cálculo detallados de pagos de Préstamos
A2: ='Datos Básicos'!B8 -> 0
A5: Datos préstamos | B5: ='Financiación Inicial'!F6 -> Préstamo 1 | C5: ='Financiación Inicial'!G6 -> Microcrédito | E5: Otros Datos | G5: =B5 -> Préstamo 1 | H5: =C5 -> Microcrédito | J5: Nº de pagos por año
A6: Principales | B6: ='Financiación Inicial'!F7 -> 0 | C6: ='Financiación Inicial'!G7 -> 0 | F6: meses carencia | G6: =B11*12/B10 -> 12 | H6: =C11*12/C10 -> 0 | J6: año 1 | K6: =IF(H10<13,H10+1-H9,13-H9) -> 12
A7: Interés nominal | B7: ='Financiación Inicial'!F8 -> 0.069 | C7: ='Financiación Inicial'!G8 -> 0.0825 | F7: meses préstamo | G7: =B9*12/B10 -> 72 | H7: =C9*12/C10 -> 60 | J7: año 2 | K7: =IF(H10<13,0,IF(H10<25,H7-K6,12)) -> 12
A8: Gastos iniciales | B8: ='Financiación Inicial'!F9 -> 0 | C8: ='Financiación Inicial'!G9 -> 0.0001 | F8: 1er mes carencia | G8: =mes0 -> 1 | H8: =mes0 -> 1 | J8: año 3 | K8: =IF(H10<25,0,IF(H10<36,H7-K6-K7,12)) -> 12
A9: nº total de pagos | B9: ='Financiación Inicial'!F10 -> 72 | C9: ='Financiación Inicial'!G10 -> 60 | F9: 1er mes préstamo | G9: =mes0+G6 -> 13 | H9: =mes0+H6 -> 1
A10: Nº pagos por año | B10: ='Financiación Inicial'!F11 -> 12 | C10: ='Financiación Inicial'!G11 -> 12 | F10: mes final préstamo | G10: =G7+G9-1 -> 84 | H10: =H7+H9-1 -> 60
A11: periodos de carencia | B11: ='Financiación Inicial'!F12 -> 12 | C11: ='Financiación Inicial'!G12 -> 0
A13: Pago periódico | B13: =PMT(B7/B10,B9,-B6) -> 0 | C13: =PMT(C7/C10,C9,-C6) -> 0 | E13: =IF('Inversiones AC'!B21<-0.5,'Inversiones AC'!B25,"")
B14: =CONCATENATE("€ / ",IF(B10=12,"mes",CONCATENATE(12/B10," meses"))) -> € / mes | C14: =CONCATENATE("€ / ",IF(C10=12,"mes",CONCATENATE(12/C10," meses"))) -> € / mes
A16: ='Datos Básicos'!B16 -> Año 0 | B16: ='Datos Básicos'!B17 -> 2026
A17: Periodos | B17: 1 | C17: 2 | D17: 3 | E17: 4 | F17: 5 | G17: 6 | H17: 7 | I17: 8 | J17: 9 | K17: 10 | L17: 11 | M17: 12 | N17: Total
A18: Pagos | B18: =B19+B20 -> 0 | C18: =C19+C20 -> 0 | D18: =D19+D20 -> 0 | E18: =E19+E20 -> 0 | F18: =F19+F20 -> 0 | G18: =G19+G20 -> 0 | H18: =H19+H20 -> 0 | I18: =I19+I20 -> 0 | ... M18: =M19+M20 -> 0 | N18: =SUM(B18:M18) -> 0
A19: Intereses | B19: =IF(B17=$G$8,$B$6*$B$8,0)+IF(B17=$H$8,$C$6*$C$8,0) +IF(MOD((B17-$G$8)*$B$10,12),0,IF(B17<$G$8,0,IF(B17<$G$9,$B$6*$B$7/$B$10,IF(B17<=$G$10,IPMT($B$7/$B$10,(B17-$G$8)*$B$10/12-$B$11+1,$B$9,-$B$6),0)))) +IF(MOD((B17-$H$8)*$C$10,12),0,IF(B17<$H$8,0,IF(B17<$H$9,$C$6*$C$7/$C$10,IF(B17<=$H$10,IPMT($C$7/$C$10,(B17-$H$8)*$C$10/12-$C$11+1,$C$9,-$C$6),0)))) -> 0 | C19: =IF(C17=$G$8,$B$6*$B$8,0)+IF(C17=$H$8,$C$6*$C$8,0) +IF(MOD((C17-$G$8)*$B$10,12),0,IF(C17<$G$8,0,IF(C17<$G$9,$B$6*$B$7/$B$10,IF(C17<=$G$10,IPMT($B$7/$B$10,(C17-$G$8)*$B$10/12-$B$11+1,$B$9,-$B$6),0)))) +IF(MOD((C17-$H$8)*$C$10,12),0,IF(C17<$H$8,0,IF(C17<$H$9,$C$6*$C$7/$C$10,IF(C17<=$H$10,IPMT($C$7/$C$10,(C17-$H$8)*$C$10/12-$C$11+1,$C$9,-$C$6),0)))) -> 0 | D19: =IF(D17=$G$8,$B$6*$B$8,0)+IF(D17=$H$8,$C$6*$C$8,0) +IF(MOD((D17-$G$8)*$B$10,12),0,IF(D17<$G$8,0,IF(D17<$G$9,$B$6*$B$7/$B$10,IF(D17<=$G$10,IPMT($B$7/$B$10,(D17-$G$8)*$B$10/12-$B$11+1,$B$9,-$B$6),0)))) +IF(MOD((D17-$H$8)*$C$10,12),0,IF(D17<$H$8,0,IF(D17<$H$9,$C$6*$C$7/$C$10,IF(D17<=$H$10,IPMT($C$7/$C$10,(D17-$H$8)*$C$10/12-$C$11+1,$C$9,-$C$6),0)))) -> 0 | E19: =IF(E17=$G$8,$B$6*$B$8,0)+IF(E17=$H$8,$C$6*$C$8,0) +IF(MOD((E17-$G$8)*$B$10,12),0,IF(E17<$G$8,0,IF(E17<$G$9,$B$6*$B$7/$B$10,IF(E17<=$G$10,IPMT($B$7/$B$10,(E17-$G$8)*$B$10/12-$B$11+1,$B$9,-$B$6),0)))) +IF(MOD((E17-$H$8)*$C$10,12),0,IF(E17<$H$8,0,IF(E17<$H$9,$C$6*$C$7/$C$10,IF(E17<=$H$10,IPMT($C$7/$C$10,(E17-$H$8)*$C$10/12-$C$11+1,$C$9,-$C$6),0)))) -> 0 | F19: =IF(F17=$G$8,$B$6*$B$8,0)+IF(F17=$H$8,$C$6*$C$8,0) +IF(MOD((F17-$G$8)*$B$10,12),0,IF(F17<$G$8,0,IF(F17<$G$9,$B$6*$B$7/$B$10,IF(F17<=$G$10,IPMT($B$7/$B$10,(F17-$G$8)*$B$10/12-$B$11+1,$B$9,-$B$6),0)))) +IF(MOD((F17-$H$8)*$C$10,12),0,IF(F17<$H$8,0,IF(F17<$H$9,$C$6*$C$7/$C$10,IF(F17<=$H$10,IPMT($C$7/$C$10,(F17-$H$8)*$C$10/12-$C$11+1,$C$9,-$C$6),0)))) -> 0 | G19: =IF(G17=$G$8,$B$6*$B$8,0)+IF(G17=$H$8,$C$6*$C$8,0) +IF(MOD((G17-$G$8)*$B$10,12),0,IF(G17<$G$8,0,IF(G17<$G$9,$B$6*$B$7/$B$10,IF(G17<=$G$10,IPMT($B$7/$B$10,(G17-$G$8)*$B$10/12-$B$11+1,$B$9,-$B$6),0)))) +IF(MOD((G17-$H$8)*$C$10,12),0,IF(G17<$H$8,0,IF(G17<$H$9,$C$6*$C$7/$C$10,IF(G17<=$H$10,IPMT($C$7/$C$10,(G17-$H$8)*$C$10/12-$C$11+1,$C$9,-$C$6),0)))) -> 0 | H19: =IF(H17=$G$8,$B$6*$B$8,0)+IF(H17=$H$8,$C$6*$C$8,0) +IF(MOD((H17-$G$8)*$B$10,12),0,IF(H17<$G$8,0,IF(H17<$G$9,$B$6*$B$7/$B$10,IF(H17<=$G$10,IPMT($B$7/$B$10,(H17-$G$8)*$B$10/12-$B$11+1,$B$9,-$B$6),0)))) +IF(MOD((H17-$H$8)*$C$10,12),0,IF(H17<$H$8,0,IF(H17<$H$9,$C$6*$C$7/$C$10,IF(H17<=$H$10,IPMT($C$7/$C$10,(H17-$H$8)*$C$10/12-$C$11+1,$C$9,-$C$6),0)))) -> 0 | I19: =IF(I17=$G$8,$B$6*$B$8,0)+IF(I17=$H$8,$C$6*$C$8,0) +IF(MOD((I17-$G$8)*$B$10,12),0,IF(I17<$G$8,0,IF(I17<$G$9,$B$6*$B$7/$B$10,IF(I17<=$G$10,IPMT($B$7/$B$10,(I17-$G$8)*$B$10/12-$B$11+1,$B$9,-$B$6),0)))) +IF(MOD((I17-$H$8)*$C$10,12),0,IF(I17<$H$8,0,IF(I17<$H$9,$C$6*$C$7/$C$10,IF(I17<=$H$10,IPMT($C$7/$C$10,(I17-$H$8)*$C$10/12-$C$11+1,$C$9,-$C$6),0)))) -> 0 | ... M19: =IF(M17=$G$8,$B$6*$B$8,0)+IF(M17=$H$8,$C$6*$C$8,0) +IF(MOD((M17-$G$8)*$B$10,12),0,IF(M17<$G$8,0,IF(M17<$G$9,$B$6*$B$7/$B$10,IF(M17<=$G$10,IPMT($B$7/$B$10,(M17-$G$8)*$B$10/12-$B$11+1,$B$9,-$B$6),0)))) +IF(MOD((M17-$H$8)*$C$10,12),0,IF(M17<$H$8,0,IF(M17<$H$9,$C$6*$C$7/$C$10,IF(M17<=$H$10,IPMT($C$7/$C$10,(M17-$H$8)*$C$10/12-$C$11+1,$C$9,-$C$6),0)))) -> 0 | N19: =SUM(B19:M19) -> 0
A20: Amortizaciones | B20: =IF(AND(B17>=$G$9,B17<=$G$10,MOD((B17-$G$8)*$B$10,12)=0),PPMT($B$7/$B$10,(B17-$G$8)*$B$10/12-$B$11+1,$B$9,-$B$6),0) +IF(AND(B17>=$H$9,B17<=$H$10,MOD((B17-$H$8)*$C$10,12)=0),PPMT($C$7/$C$10,(B17-$H$8)*$C$10/12-$C$11+1,$C$9,-$C$6),0) -> 0 | C20: =IF(AND(C17>=$G$9,C17<=$G$10,MOD((C17-$G$8)*$B$10,12)=0),PPMT($B$7/$B$10,(C17-$G$8)*$B$10/12-$B$11+1,$B$9,-$B$6),0) +IF(AND(C17>=$H$9,C17<=$H$10,MOD((C17-$H$8)*$C$10,12)=0),PPMT($C$7/$C$10,(C17-$H$8)*$C$10/12-$C$11+1,$C$9,-$C$6),0) -> 0 | D20: =IF(AND(D17>=$G$9,D17<=$G$10,MOD((D17-$G$8)*$B$10,12)=0),PPMT($B$7/$B$10,(D17-$G$8)*$B$10/12-$B$11+1,$B$9,-$B$6),0) +IF(AND(D17>=$H$9,D17<=$H$10,MOD((D17-$H$8)*$C$10,12)=0),PPMT($C$7/$C$10,(D17-$H$8)*$C$10/12-$C$11+1,$C$9,-$C$6),0) -> 0 | E20: =IF(AND(E17>=$G$9,E17<=$G$10,MOD((E17-$G$8)*$B$10,12)=0),PPMT($B$7/$B$10,(E17-$G$8)*$B$10/12-$B$11+1,$B$9,-$B$6),0) +IF(AND(E17>=$H$9,E17<=$H$10,MOD((E17-$H$8)*$C$10,12)=0),PPMT($C$7/$C$10,(E17-$H$8)*$C$10/12-$C$11+1,$C$9,-$C$6),0) -> 0 | F20: =IF(AND(F17>=$G$9,F17<=$G$10,MOD((F17-$G$8)*$B$10,12)=0),PPMT($B$7/$B$10,(F17-$G$8)*$B$10/12-$B$11+1,$B$9,-$B$6),0) +IF(AND(F17>=$H$9,F17<=$H$10,MOD((F17-$H$8)*$C$10,12)=0),PPMT($C$7/$C$10,(F17-$H$8)*$C$10/12-$C$11+1,$C$9,-$C$6),0) -> 0 | G20: =IF(AND(G17>=$G$9,G17<=$G$10,MOD((G17-$G$8)*$B$10,12)=0),PPMT($B$7/$B$10,(G17-$G$8)*$B$10/12-$B$11+1,$B$9,-$B$6),0) +IF(AND(G17>=$H$9,G17<=$H$10,MOD((G17-$H$8)*$C$10,12)=0),PPMT($C$7/$C$10,(G17-$H$8)*$C$10/12-$C$11+1,$C$9,-$C$6),0) -> 0 | H20: =IF(AND(H17>=$G$9,H17<=$G$10,MOD((H17-$G$8)*$B$10,12)=0),PPMT($B$7/$B$10,(H17-$G$8)*$B$10/12-$B$11+1,$B$9,-$B$6),0) +IF(AND(H17>=$H$9,H17<=$H$10,MOD((H17-$H$8)*$C$10,12)=0),PPMT($C$7/$C$10,(H17-$H$8)*$C$10/12-$C$11+1,$C$9,-$C$6),0) -> 0 | I20: =IF(AND(I17>=$G$9,I17<=$G$10,MOD((I17-$G$8)*$B$10,12)=0),PPMT($B$7/$B$10,(I17-$G$8)*$B$10/12-$B$11+1,$B$9,-$B$6),0) +IF(AND(I17>=$H$9,I17<=$H$10,MOD((I17-$H$8)*$C$10,12)=0),PPMT($C$7/$C$10,(I17-$H$8)*$C$10/12-$C$11+1,$C$9,-$C$6),0) -> 0 | ... M20: =IF(AND(M17>=$G$9,M17<=$G$10,MOD((M17-$G$8)*$B$10,12)=0),PPMT($B$7/$B$10,(M17-$G$8)*$B$10/12-$B$11+1,$B$9,-$B$6),0) +IF(AND(M17>=$H$9,M17<=$H$10,MOD((M17-$H$8)*$C$10,12)=0),PPMT($C$7/$C$10,(M17-$H$8)*$C$10/12-$C$11+1,$C$9,-$C$6),0) -> 0 | N20: =SUM(B20:M20) -> 0
A22: ='Datos Básicos'!C16 -> 1 | B22: =B16+1 -> 2027
A23: Periodos | B23: 13 | C23: 14 | D23: 15 | E23: 16 | F23: 17 | G23: 18 | H23: 19 | I23: 20 | J23: 21 | K23: 22 | L23: 23 | M23: 24 | N23: Total
A24: Pagos | B24: =B25+B26 -> 0 | C24: =C25+C26 -> 0 | D24: =D25+D26 -> 0 | E24: =E25+E26 -> 0 | F24: =F25+F26 -> 0 | G24: =G25+G26 -> 0 | H24: =H25+H26 -> 0 | I24: =I25+I26 -> 0 | ... M24: =M25+M26 -> 0 | N24: =SUM(B24:M24) -> 0
A25: Intereses | B25: =+IF(MOD((B23-$G$8)*$B$10,12),0,IF(B23<$G$8,0,IF(B23<$G$9,$B$6*$B$7/$B$10,IF(B23<=$G$10,IPMT($B$7/$B$10,(B23-$G$8)*$B$10/12-$B$11+1,$B$9,-$B$6),0)))) +IF(MOD((B23-$H$8)*$C$10,12),0,IF(B23<$H$8,0,IF(B23<$H$9,$C$6*$C$7/$C$10,IF(B23<=$H$10,IPMT($C$7/$C$10,(B23-$H$8)*$C$10/12-$C$11+1,$C$9,-$C$6),0)))) -> 0 | C25: =+IF(MOD((C23-$G$8)*$B$10,12),0,IF(C23<$G$8,0,IF(C23<$G$9,$B$6*$B$7/$B$10,IF(C23<=$G$10,IPMT($B$7/$B$10,(C23-$G$8)*$B$10/12-$B$11+1,$B$9,-$B$6),0)))) +IF(MOD((C23-$H$8)*$C$10,12),0,IF(C23<$H$8,0,IF(C23<$H$9,$C$6*$C$7/$C$10,IF(C23<=$H$10,IPMT($C$7/$C$10,(C23-$H$8)*$C$10/12-$C$11+1,$C$9,-$C$6),0)))) -> 0 | D25: =+IF(MOD((D23-$G$8)*$B$10,12),0,IF(D23<$G$8,0,IF(D23<$G$9,$B$6*$B$7/$B$10,IF(D23<=$G$10,IPMT($B$7/$B$10,(D23-$G$8)*$B$10/12-$B$11+1,$B$9,-$B$6),0)))) +IF(MOD((D23-$H$8)*$C$10,12),0,IF(D23<$H$8,0,IF(D23<$H$9,$C$6*$C$7/$C$10,IF(D23<=$H$10,IPMT($C$7/$C$10,(D23-$H$8)*$C$10/12-$C$11+1,$C$9,-$C$6),0)))) -> 0 | E25: =+IF(MOD((E23-$G$8)*$B$10,12),0,IF(E23<$G$8,0,IF(E23<$G$9,$B$6*$B$7/$B$10,IF(E23<=$G$10,IPMT($B$7/$B$10,(E23-$G$8)*$B$10/12-$B$11+1,$B$9,-$B$6),0)))) +IF(MOD((E23-$H$8)*$C$10,12),0,IF(E23<$H$8,0,IF(E23<$H$9,$C$6*$C$7/$C$10,IF(E23<=$H$10,IPMT($C$7/$C$10,(E23-$H$8)*$C$10/12-$C$11+1,$C$9,-$C$6),0)))) -> 0 | F25: =+IF(MOD((F23-$G$8)*$B$10,12),0,IF(F23<$G$8,0,IF(F23<$G$9,$B$6*$B$7/$B$10,IF(F23<=$G$10,IPMT($B$7/$B$10,(F23-$G$8)*$B$10/12-$B$11+1,$B$9,-$B$6),0)))) +IF(MOD((F23-$H$8)*$C$10,12),0,IF(F23<$H$8,0,IF(F23<$H$9,$C$6*$C$7/$C$10,IF(F23<=$H$10,IPMT($C$7/$C$10,(F23-$H$8)*$C$10/12-$C$11+1,$C$9,-$C$6),0)))) -> 0 | G25: =+IF(MOD((G23-$G$8)*$B$10,12),0,IF(G23<$G$8,0,IF(G23<$G$9,$B$6*$B$7/$B$10,IF(G23<=$G$10,IPMT($B$7/$B$10,(G23-$G$8)*$B$10/12-$B$11+1,$B$9,-$B$6),0)))) +IF(MOD((G23-$H$8)*$C$10,12),0,IF(G23<$H$8,0,IF(G23<$H$9,$C$6*$C$7/$C$10,IF(G23<=$H$10,IPMT($C$7/$C$10,(G23-$H$8)*$C$10/12-$C$11+1,$C$9,-$C$6),0)))) -> 0 | H25: =+IF(MOD((H23-$G$8)*$B$10,12),0,IF(H23<$G$8,0,IF(H23<$G$9,$B$6*$B$7/$B$10,IF(H23<=$G$10,IPMT($B$7/$B$10,(H23-$G$8)*$B$10/12-$B$11+1,$B$9,-$B$6),0)))) +IF(MOD((H23-$H$8)*$C$10,12),0,IF(H23<$H$8,0,IF(H23<$H$9,$C$6*$C$7/$C$10,IF(H23<=$H$10,IPMT($C$7/$C$10,(H23-$H$8)*$C$10/12-$C$11+1,$C$9,-$C$6),0)))) -> 0 | I25: =+IF(MOD((I23-$G$8)*$B$10,12),0,IF(I23<$G$8,0,IF(I23<$G$9,$B$6*$B$7/$B$10,IF(I23<=$G$10,IPMT($B$7/$B$10,(I23-$G$8)*$B$10/12-$B$11+1,$B$9,-$B$6),0)))) +IF(MOD((I23-$H$8)*$C$10,12),0,IF(I23<$H$8,0,IF(I23<$H$9,$C$6*$C$7/$C$10,IF(I23<=$H$10,IPMT($C$7/$C$10,(I23-$H$8)*$C$10/12-$C$11+1,$C$9,-$C$6),0)))) -> 0 | ... M25: =+IF(MOD((M23-$G$8)*$B$10,12),0,IF(M23<$G$8,0,IF(M23<$G$9,$B$6*$B$7/$B$10,IF(M23<=$G$10,IPMT($B$7/$B$10,(M23-$G$8)*$B$10/12-$B$11+1,$B$9,-$B$6),0)))) +IF(MOD((M23-$H$8)*$C$10,12),0,IF(M23<$H$8,0,IF(M23<$H$9,$C$6*$C$7/$C$10,IF(M23<=$H$10,IPMT($C$7/$C$10,(M23-$H$8)*$C$10/12-$C$11+1,$C$9,-$C$6),0)))) -> 0 | N25: =SUM(B25:M25) -> 0
A26: Amortizaciones | B26: =IF(AND(B23>=$G$9,B23<=$G$10,MOD((B23-$G$8)*$B$10,12)=0),PPMT($B$7/$B$10,(B23-$G$8)*$B$10/12-$B$11+1,$B$9,-$B$6),0) +IF(AND(B23>=$H$9,B23<=$H$10,MOD((B23-$H$8)*$C$10,12)=0),PPMT($C$7/$C$10,(B23-$H$8)*$C$10/12-$C$11+1,$C$9,-$C$6),0) -> 0 | C26: =IF(AND(C23>=$G$9,C23<=$G$10,MOD((C23-$G$8)*$B$10,12)=0),PPMT($B$7/$B$10,(C23-$G$8)*$B$10/12-$B$11+1,$B$9,-$B$6),0) +IF(AND(C23>=$H$9,C23<=$H$10,MOD((C23-$H$8)*$C$10,12)=0),PPMT($C$7/$C$10,(C23-$H$8)*$C$10/12-$C$11+1,$C$9,-$C$6),0) -> 0 | D26: =IF(AND(D23>=$G$9,D23<=$G$10,MOD((D23-$G$8)*$B$10,12)=0),PPMT($B$7/$B$10,(D23-$G$8)*$B$10/12-$B$11+1,$B$9,-$B$6),0) +IF(AND(D23>=$H$9,D23<=$H$10,MOD((D23-$H$8)*$C$10,12)=0),PPMT($C$7/$C$10,(D23-$H$8)*$C$10/12-$C$11+1,$C$9,-$C$6),0) -> 0 | E26: =IF(AND(E23>=$G$9,E23<=$G$10,MOD((E23-$G$8)*$B$10,12)=0),PPMT($B$7/$B$10,(E23-$G$8)*$B$10/12-$B$11+1,$B$9,-$B$6),0) +IF(AND(E23>=$H$9,E23<=$H$10,MOD((E23-$H$8)*$C$10,12)=0),PPMT($C$7/$C$10,(E23-$H$8)*$C$10/12-$C$11+1,$C$9,-$C$6),0) -> 0 | F26: =IF(AND(F23>=$G$9,F23<=$G$10,MOD((F23-$G$8)*$B$10,12)=0),PPMT($B$7/$B$10,(F23-$G$8)*$B$10/12-$B$11+1,$B$9,-$B$6),0) +IF(AND(F23>=$H$9,F23<=$H$10,MOD((F23-$H$8)*$C$10,12)=0),PPMT($C$7/$C$10,(F23-$H$8)*$C$10/12-$C$11+1,$C$9,-$C$6),0) -> 0 | G26: =IF(AND(G23>=$G$9,G23<=$G$10,MOD((G23-$G$8)*$B$10,12)=0),PPMT($B$7/$B$10,(G23-$G$8)*$B$10/12-$B$11+1,$B$9,-$B$6),0) +IF(AND(G23>=$H$9,G23<=$H$10,MOD((G23-$H$8)*$C$10,12)=0),PPMT($C$7/$C$10,(G23-$H$8)*$C$10/12-$C$11+1,$C$9,-$C$6),0) -> 0 | H26: =IF(AND(H23>=$G$9,H23<=$G$10,MOD((H23-$G$8)*$B$10,12)=0),PPMT($B$7/$B$10,(H23-$G$8)*$B$10/12-$B$11+1,$B$9,-$B$6),0) +IF(AND(H23>=$H$9,H23<=$H$10,MOD((H23-$H$8)*$C$10,12)=0),PPMT($C$7/$C$10,(H23-$H$8)*$C$10/12-$C$11+1,$C$9,-$C$6),0) -> 0 | I26: =IF(AND(I23>=$G$9,I23<=$G$10,MOD((I23-$G$8)*$B$10,12)=0),PPMT($B$7/$B$10,(I23-$G$8)*$B$10/12-$B$11+1,$B$9,-$B$6),0) +IF(AND(I23>=$H$9,I23<=$H$10,MOD((I23-$H$8)*$C$10,12)=0),PPMT($C$7/$C$10,(I23-$H$8)*$C$10/12-$C$11+1,$C$9,-$C$6),0) -> 0 | ... M26: =IF(AND(M23>=$G$9,M23<=$G$10,MOD((M23-$G$8)*$B$10,12)=0),PPMT($B$7/$B$10,(M23-$G$8)*$B$10/12-$B$11+1,$B$9,-$B$6),0) +IF(AND(M23>=$H$9,M23<=$H$10,MOD((M23-$H$8)*$C$10,12)=0),PPMT($C$7/$C$10,(M23-$H$8)*$C$10/12-$C$11+1,$C$9,-$C$6),0) -> 0 | N26: =SUM(B26:M26) -> 0
A28: =A22+1 -> 2 | B28: =B22+1 -> 2028
A29: Periodos | B29: 25 | C29: 26 | D29: 27 | E29: 28 | F29: 29 | G29: 30 | H29: 31 | I29: 32 | J29: 33 | K29: 34 | L29: 35 | M29: 36 | N29: Total
A30: Pagos | B30: =B31+B32 -> 0 | C30: =C31+C32 -> 0 | D30: =D31+D32 -> 0 | E30: =E31+E32 -> 0 | F30: =F31+F32 -> 0 | G30: =G31+G32 -> 0 | H30: =H31+H32 -> 0 | I30: =I31+I32 -> 0 | ... M30: =M31+M32 -> 0 | N30: =SUM(B30:M30) -> 0
A31: Intereses | B31: =+IF(MOD((B29-$G$8)*$B$10,12),0,IF(B29<$G$9,$B$6*$B$7/$B$10,IF(B29<=$G$10,IPMT($B$7/$B$10,(B29-$G$8)*$B$10/12-$B$11+1,$B$9,-$B$6),0))) +IF(MOD((B29-$H$8)*$C$10,12),0,IF(B29<$H$9,$C$6*$C$7/$C$10,IF(B29<=$H$10,IPMT($C$7/$C$10,(B29-$H$8)*$C$10/12-$C$11+1,$C$9,-$C$6),0))) -> 0 | C31: =+IF(MOD((C29-$G$8)*$B$10,12),0,IF(C29<$G$9,$B$6*$B$7/$B$10,IF(C29<=$G$10,IPMT($B$7/$B$10,(C29-$G$8)*$B$10/12-$B$11+1,$B$9,-$B$6),0))) +IF(MOD((C29-$H$8)*$C$10,12),0,IF(C29<$H$9,$C$6*$C$7/$C$10,IF(C29<=$H$10,IPMT($C$7/$C$10,(C29-$H$8)*$C$10/12-$C$11+1,$C$9,-$C$6),0))) -> 0 | D31: =+IF(MOD((D29-$G$8)*$B$10,12),0,IF(D29<$G$9,$B$6*$B$7/$B$10,IF(D29<=$G$10,IPMT($B$7/$B$10,(D29-$G$8)*$B$10/12-$B$11+1,$B$9,-$B$6),0))) +IF(MOD((D29-$H$8)*$C$10,12),0,IF(D29<$H$9,$C$6*$C$7/$C$10,IF(D29<=$H$10,IPMT($C$7/$C$10,(D29-$H$8)*$C$10/12-$C$11+1,$C$9,-$C$6),0))) -> 0 | E31: =+IF(MOD((E29-$G$8)*$B$10,12),0,IF(E29<$G$9,$B$6*$B$7/$B$10,IF(E29<=$G$10,IPMT($B$7/$B$10,(E29-$G$8)*$B$10/12-$B$11+1,$B$9,-$B$6),0))) +IF(MOD((E29-$H$8)*$C$10,12),0,IF(E29<$H$9,$C$6*$C$7/$C$10,IF(E29<=$H$10,IPMT($C$7/$C$10,(E29-$H$8)*$C$10/12-$C$11+1,$C$9,-$C$6),0))) -> 0 | F31: =+IF(MOD((F29-$G$8)*$B$10,12),0,IF(F29<$G$9,$B$6*$B$7/$B$10,IF(F29<=$G$10,IPMT($B$7/$B$10,(F29-$G$8)*$B$10/12-$B$11+1,$B$9,-$B$6),0))) +IF(MOD((F29-$H$8)*$C$10,12),0,IF(F29<$H$9,$C$6*$C$7/$C$10,IF(F29<=$H$10,IPMT($C$7/$C$10,(F29-$H$8)*$C$10/12-$C$11+1,$C$9,-$C$6),0))) -> 0 | G31: =+IF(MOD((G29-$G$8)*$B$10,12),0,IF(G29<$G$9,$B$6*$B$7/$B$10,IF(G29<=$G$10,IPMT($B$7/$B$10,(G29-$G$8)*$B$10/12-$B$11+1,$B$9,-$B$6),0))) +IF(MOD((G29-$H$8)*$C$10,12),0,IF(G29<$H$9,$C$6*$C$7/$C$10,IF(G29<=$H$10,IPMT($C$7/$C$10,(G29-$H$8)*$C$10/12-$C$11+1,$C$9,-$C$6),0))) -> 0 | H31: =+IF(MOD((H29-$G$8)*$B$10,12),0,IF(H29<$G$9,$B$6*$B$7/$B$10,IF(H29<=$G$10,IPMT($B$7/$B$10,(H29-$G$8)*$B$10/12-$B$11+1,$B$9,-$B$6),0))) +IF(MOD((H29-$H$8)*$C$10,12),0,IF(H29<$H$9,$C$6*$C$7/$C$10,IF(H29<=$H$10,IPMT($C$7/$C$10,(H29-$H$8)*$C$10/12-$C$11+1,$C$9,-$C$6),0))) -> 0 | I31: =+IF(MOD((I29-$G$8)*$B$10,12),0,IF(I29<$G$9,$B$6*$B$7/$B$10,IF(I29<=$G$10,IPMT($B$7/$B$10,(I29-$G$8)*$B$10/12-$B$11+1,$B$9,-$B$6),0))) +IF(MOD((I29-$H$8)*$C$10,12),0,IF(I29<$H$9,$C$6*$C$7/$C$10,IF(I29<=$H$10,IPMT($C$7/$C$10,(I29-$H$8)*$C$10/12-$C$11+1,$C$9,-$C$6),0))) -> 0 | ... M31: =+IF(MOD((M29-$G$8)*$B$10,12),0,IF(M29<$G$9,$B$6*$B$7/$B$10,IF(M29<=$G$10,IPMT($B$7/$B$10,(M29-$G$8)*$B$10/12-$B$11+1,$B$9,-$B$6),0))) +IF(MOD((M29-$H$8)*$C$10,12),0,IF(M29<$H$9,$C$6*$C$7/$C$10,IF(M29<=$H$10,IPMT($C$7/$C$10,(M29-$H$8)*$C$10/12-$C$11+1,$C$9,-$C$6),0))) -> 0 | N31: =SUM(B31:M31) -> 0
A32: Amortizaciones | B32: =IF(AND(B29>=$G$9,B29<=$G$10,MOD((B29-$G$8)*$B$10,12)=0),PPMT($B$7/$B$10,(B29-$G$8)*$B$10/12-$B$11+1,$B$9,-$B$6),0) +IF(AND(B29>=$H$9,B29<=$H$10,MOD((B29-$H$8)*$C$10,12)=0),PPMT($C$7/$C$10,(B29-$H$8)*$C$10/12-$C$11+1,$C$9,-$C$6),0) -> 0 | C32: =IF(AND(C29>=$G$9,C29<=$G$10,MOD((C29-$G$8)*$B$10,12)=0),PPMT($B$7/$B$10,(C29-$G$8)*$B$10/12-$B$11+1,$B$9,-$B$6),0) +IF(AND(C29>=$H$9,C29<=$H$10,MOD((C29-$H$8)*$C$10,12)=0),PPMT($C$7/$C$10,(C29-$H$8)*$C$10/12-$C$11+1,$C$9,-$C$6),0) -> 0 | D32: =IF(AND(D29>=$G$9,D29<=$G$10,MOD((D29-$G$8)*$B$10,12)=0),PPMT($B$7/$B$10,(D29-$G$8)*$B$10/12-$B$11+1,$B$9,-$B$6),0) +IF(AND(D29>=$H$9,D29<=$H$10,MOD((D29-$H$8)*$C$10,12)=0),PPMT($C$7/$C$10,(D29-$H$8)*$C$10/12-$C$11+1,$C$9,-$C$6),0) -> 0 | E32: =IF(AND(E29>=$G$9,E29<=$G$10,MOD((E29-$G$8)*$B$10,12)=0),PPMT($B$7/$B$10,(E29-$G$8)*$B$10/12-$B$11+1,$B$9,-$B$6),0) +IF(AND(E29>=$H$9,E29<=$H$10,MOD((E29-$H$8)*$C$10,12)=0),PPMT($C$7/$C$10,(E29-$H$8)*$C$10/12-$C$11+1,$C$9,-$C$6),0) -> 0 | F32: =IF(AND(F29>=$G$9,F29<=$G$10,MOD((F29-$G$8)*$B$10,12)=0),PPMT($B$7/$B$10,(F29-$G$8)*$B$10/12-$B$11+1,$B$9,-$B$6),0) +IF(AND(F29>=$H$9,F29<=$H$10,MOD((F29-$H$8)*$C$10,12)=0),PPMT($C$7/$C$10,(F29-$H$8)*$C$10/12-$C$11+1,$C$9,-$C$6),0) -> 0 | G32: =IF(AND(G29>=$G$9,G29<=$G$10,MOD((G29-$G$8)*$B$10,12)=0),PPMT($B$7/$B$10,(G29-$G$8)*$B$10/12-$B$11+1,$B$9,-$B$6),0) +IF(AND(G29>=$H$9,G29<=$H$10,MOD((G29-$H$8)*$C$10,12)=0),PPMT($C$7/$C$10,(G29-$H$8)*$C$10/12-$C$11+1,$C$9,-$C$6),0) -> 0 | H32: =IF(AND(H29>=$G$9,H29<=$G$10,MOD((H29-$G$8)*$B$10,12)=0),PPMT($B$7/$B$10,(H29-$G$8)*$B$10/12-$B$11+1,$B$9,-$B$6),0) +IF(AND(H29>=$H$9,H29<=$H$10,MOD((H29-$H$8)*$C$10,12)=0),PPMT($C$7/$C$10,(H29-$H$8)*$C$10/12-$C$11+1,$C$9,-$C$6),0) -> 0 | I32: =IF(AND(I29>=$G$9,I29<=$G$10,MOD((I29-$G$8)*$B$10,12)=0),PPMT($B$7/$B$10,(I29-$G$8)*$B$10/12-$B$11+1,$B$9,-$B$6),0) +IF(AND(I29>=$H$9,I29<=$H$10,MOD((I29-$H$8)*$C$10,12)=0),PPMT($C$7/$C$10,(I29-$H$8)*$C$10/12-$C$11+1,$C$9,-$C$6),0) -> 0 | ... M32: =IF(AND(M29>=$G$9,M29<=$G$10,MOD((M29-$G$8)*$B$10,12)=0),PPMT($B$7/$B$10,(M29-$G$8)*$B$10/12-$B$11+1,$B$9,-$B$6),0) +IF(AND(M29>=$H$9,M29<=$H$10,MOD((M29-$H$8)*$C$10,12)=0),PPMT($C$7/$C$10,(M29-$H$8)*$C$10/12-$C$11+1,$C$9,-$C$6),0) -> 0 | N32: =SUM(B32:M32) -> 0
A34: =A28+1 -> 3 | B34: =B28+1 -> 2029
A35: Periodos | B35: 37 | C35: 38 | D35: 39 | E35: 40 | F35: 41 | G35: 42 | H35: 43 | I35: 44 | J35: 45 | K35: 46 | L35: 47 | M35: 48 | N35: Total
A36: Pagos | B36: =B37+B38 -> 0 | C36: =C37+C38 -> 0 | D36: =D37+D38 -> 0 | E36: =E37+E38 -> 0 | F36: =F37+F38 -> 0 | G36: =G37+G38 -> 0 | H36: =H37+H38 -> 0 | I36: =I37+I38 -> 0 | ... M36: =M37+M38 -> 0 | N36: =SUM(B36:M36) -> 0
A37: Intereses | B37: =+IF(MOD((B35-$G$8)*$B$10,12),0,IF(B35<$G$9,$B$6*$B$7/$B$10,IF(B35<=$G$10,IPMT($B$7/$B$10,(B35-$G$8)*$B$10/12-$B$11+1,$B$9,-$B$6),0))) +IF(MOD((B35-$H$8)*$C$10,12),0,IF(B35<$H$9,$C$6*$C$7/$C$10,IF(B35<=$H$10,IPMT($C$7/$C$10,(B35-$H$8)*$C$10/12-$C$11+1,$C$9,-$C$6),0))) -> 0 | C37: =+IF(MOD((C35-$G$8)*$B$10,12),0,IF(C35<$G$9,$B$6*$B$7/$B$10,IF(C35<=$G$10,IPMT($B$7/$B$10,(C35-$G$8)*$B$10/12-$B$11+1,$B$9,-$B$6),0))) +IF(MOD((C35-$H$8)*$C$10,12),0,IF(C35<$H$9,$C$6*$C$7/$C$10,IF(C35<=$H$10,IPMT($C$7/$C$10,(C35-$H$8)*$C$10/12-$C$11+1,$C$9,-$C$6),0))) -> 0 | D37: =+IF(MOD((D35-$G$8)*$B$10,12),0,IF(D35<$G$9,$B$6*$B$7/$B$10,IF(D35<=$G$10,IPMT($B$7/$B$10,(D35-$G$8)*$B$10/12-$B$11+1,$B$9,-$B$6),0))) +IF(MOD((D35-$H$8)*$C$10,12),0,IF(D35<$H$9,$C$6*$C$7/$C$10,IF(D35<=$H$10,IPMT($C$7/$C$10,(D35-$H$8)*$C$10/12-$C$11+1,$C$9,-$C$6),0))) -> 0 | E37: =+IF(MOD((E35-$G$8)*$B$10,12),0,IF(E35<$G$9,$B$6*$B$7/$B$10,IF(E35<=$G$10,IPMT($B$7/$B$10,(E35-$G$8)*$B$10/12-$B$11+1,$B$9,-$B$6),0))) +IF(MOD((E35-$H$8)*$C$10,12),0,IF(E35<$H$9,$C$6*$C$7/$C$10,IF(E35<=$H$10,IPMT($C$7/$C$10,(E35-$H$8)*$C$10/12-$C$11+1,$C$9,-$C$6),0))) -> 0 | F37: =+IF(MOD((F35-$G$8)*$B$10,12),0,IF(F35<$G$9,$B$6*$B$7/$B$10,IF(F35<=$G$10,IPMT($B$7/$B$10,(F35-$G$8)*$B$10/12-$B$11+1,$B$9,-$B$6),0))) +IF(MOD((F35-$H$8)*$C$10,12),0,IF(F35<$H$9,$C$6*$C$7/$C$10,IF(F35<=$H$10,IPMT($C$7/$C$10,(F35-$H$8)*$C$10/12-$C$11+1,$C$9,-$C$6),0))) -> 0 | G37: =+IF(MOD((G35-$G$8)*$B$10,12),0,IF(G35<$G$9,$B$6*$B$7/$B$10,IF(G35<=$G$10,IPMT($B$7/$B$10,(G35-$G$8)*$B$10/12-$B$11+1,$B$9,-$B$6),0))) +IF(MOD((G35-$H$8)*$C$10,12),0,IF(G35<$H$9,$C$6*$C$7/$C$10,IF(G35<=$H$10,IPMT($C$7/$C$10,(G35-$H$8)*$C$10/12-$C$11+1,$C$9,-$C$6),0))) -> 0 | H37: =+IF(MOD((H35-$G$8)*$B$10,12),0,IF(H35<$G$9,$B$6*$B$7/$B$10,IF(H35<=$G$10,IPMT($B$7/$B$10,(H35-$G$8)*$B$10/12-$B$11+1,$B$9,-$B$6),0))) +IF(MOD((H35-$H$8)*$C$10,12),0,IF(H35<$H$9,$C$6*$C$7/$C$10,IF(H35<=$H$10,IPMT($C$7/$C$10,(H35-$H$8)*$C$10/12-$C$11+1,$C$9,-$C$6),0))) -> 0 | I37: =+IF(MOD((I35-$G$8)*$B$10,12),0,IF(I35<$G$9,$B$6*$B$7/$B$10,IF(I35<=$G$10,IPMT($B$7/$B$10,(I35-$G$8)*$B$10/12-$B$11+1,$B$9,-$B$6),0))) +IF(MOD((I35-$H$8)*$C$10,12),0,IF(I35<$H$9,$C$6*$C$7/$C$10,IF(I35<=$H$10,IPMT($C$7/$C$10,(I35-$H$8)*$C$10/12-$C$11+1,$C$9,-$C$6),0))) -> 0 | ... M37: =+IF(MOD((M35-$G$8)*$B$10,12),0,IF(M35<$G$9,$B$6*$B$7/$B$10,IF(M35<=$G$10,IPMT($B$7/$B$10,(M35-$G$8)*$B$10/12-$B$11+1,$B$9,-$B$6),0))) +IF(MOD((M35-$H$8)*$C$10,12),0,IF(M35<$H$9,$C$6*$C$7/$C$10,IF(M35<=$H$10,IPMT($C$7/$C$10,(M35-$H$8)*$C$10/12-$C$11+1,$C$9,-$C$6),0))) -> 0 | N37: =SUM(B37:M37) -> 0
A38: Amortizaciones | B38: =IF(AND(B35>=$G$9,B35<=$G$10,MOD((B35-$G$8)*$B$10,12)=0),PPMT($B$7/$B$10,(B35-$G$8)*$B$10/12-$B$11+1,$B$9,-$B$6),0) +IF(AND(B35>=$H$9,B35<=$H$10,MOD((B35-$H$8)*$C$10,12)=0),PPMT($C$7/$C$10,(B35-$H$8)*$C$10/12-$C$11+1,$C$9,-$C$6),0) -> 0 | C38: =IF(AND(C35>=$G$9,C35<=$G$10,MOD((C35-$G$8)*$B$10,12)=0),PPMT($B$7/$B$10,(C35-$G$8)*$B$10/12-$B$11+1,$B$9,-$B$6),0) +IF(AND(C35>=$H$9,C35<=$H$10,MOD((C35-$H$8)*$C$10,12)=0),PPMT($C$7/$C$10,(C35-$H$8)*$C$10/12-$C$11+1,$C$9,-$C$6),0) -> 0 | D38: =IF(AND(D35>=$G$9,D35<=$G$10,MOD((D35-$G$8)*$B$10,12)=0),PPMT($B$7/$B$10,(D35-$G$8)*$B$10/12-$B$11+1,$B$9,-$B$6),0) +IF(AND(D35>=$H$9,D35<=$H$10,MOD((D35-$H$8)*$C$10,12)=0),PPMT($C$7/$C$10,(D35-$H$8)*$C$10/12-$C$11+1,$C$9,-$C$6),0) -> 0 | E38: =IF(AND(E35>=$G$9,E35<=$G$10,MOD((E35-$G$8)*$B$10,12)=0),PPMT($B$7/$B$10,(E35-$G$8)*$B$10/12-$B$11+1,$B$9,-$B$6),0) +IF(AND(E35>=$H$9,E35<=$H$10,MOD((E35-$H$8)*$C$10,12)=0),PPMT($C$7/$C$10,(E35-$H$8)*$C$10/12-$C$11+1,$C$9,-$C$6),0) -> 0 | F38: =IF(AND(F35>=$G$9,F35<=$G$10,MOD((F35-$G$8)*$B$10,12)=0),PPMT($B$7/$B$10,(F35-$G$8)*$B$10/12-$B$11+1,$B$9,-$B$6),0) +IF(AND(F35>=$H$9,F35<=$H$10,MOD((F35-$H$8)*$C$10,12)=0),PPMT($C$7/$C$10,(F35-$H$8)*$C$10/12-$C$11+1,$C$9,-$C$6),0) -> 0 | G38: =IF(AND(G35>=$G$9,G35<=$G$10,MOD((G35-$G$8)*$B$10,12)=0),PPMT($B$7/$B$10,(G35-$G$8)*$B$10/12-$B$11+1,$B$9,-$B$6),0) +IF(AND(G35>=$H$9,G35<=$H$10,MOD((G35-$H$8)*$C$10,12)=0),PPMT($C$7/$C$10,(G35-$H$8)*$C$10/12-$C$11+1,$C$9,-$C$6),0) -> 0 | H38: =IF(AND(H35>=$G$9,H35<=$G$10,MOD((H35-$G$8)*$B$10,12)=0),PPMT($B$7/$B$10,(H35-$G$8)*$B$10/12-$B$11+1,$B$9,-$B$6),0) +IF(AND(H35>=$H$9,H35<=$H$10,MOD((H35-$H$8)*$C$10,12)=0),PPMT($C$7/$C$10,(H35-$H$8)*$C$10/12-$C$11+1,$C$9,-$C$6),0) -> 0 | I38: =IF(AND(I35>=$G$9,I35<=$G$10,MOD((I35-$G$8)*$B$10,12)=0),PPMT($B$7/$B$10,(I35-$G$8)*$B$10/12-$B$11+1,$B$9,-$B$6),0) +IF(AND(I35>=$H$9,I35<=$H$10,MOD((I35-$H$8)*$C$10,12)=0),PPMT($C$7/$C$10,(I35-$H$8)*$C$10/12-$C$11+1,$C$9,-$C$6),0) -> 0 | ... M38: =IF(AND(M35>=$G$9,M35<=$G$10,MOD((M35-$G$8)*$B$10,12)=0),PPMT($B$7/$B$10,(M35-$G$8)*$B$10/12-$B$11+1,$B$9,-$B$6),0) +IF(AND(M35>=$H$9,M35<=$H$10,MOD((M35-$H$8)*$C$10,12)=0),PPMT($C$7/$C$10,(M35-$H$8)*$C$10/12-$C$11+1,$C$9,-$C$6),0) -> 0 | N38: =SUM(B38:M38) -> 0
A40: =A34+1 -> 4 | B40: =B34+1 -> 2030
A41: Periodos | B41: 49 | C41: 50 | D41: 51 | E41: 52 | F41: 53 | G41: 54 | H41: 55 | I41: 56 | J41: 57 | K41: 58 | L41: 59 | M41: 60 | N41: Total
A42: Pagos | B42: =B43+B44 -> 0 | C42: =C43+C44 -> 0 | D42: =D43+D44 -> 0 | E42: =E43+E44 -> 0 | F42: =F43+F44 -> 0 | G42: =G43+G44 -> 0 | H42: =H43+H44 -> 0 | I42: =I43+I44 -> 0 | ... M42: =M43+M44 -> 0 | N42: =SUM(B42:M42) -> 0
A43: Intereses | B43: =+IF(MOD((B41-$G$8)*$B$10,12),0,IF(B41<$G$9,$B$6*$B$7/$B$10,IF(B41<=$G$10,IPMT($B$7/$B$10,(B41-$G$8)*$B$10/12-$B$11+1,$B$9,-$B$6),0))) +IF(MOD((B41-$H$8)*$C$10,12),0,IF(B41<$H$9,$C$6*$C$7/$C$10,IF(B41<=$H$10,IPMT($C$7/$C$10,(B41-$H$8)*$C$10/12-$C$11+1,$C$9,-$C$6),0))) -> 0 | C43: =+IF(MOD((C41-$G$8)*$B$10,12),0,IF(C41<$G$9,$B$6*$B$7/$B$10,IF(C41<=$G$10,IPMT($B$7/$B$10,(C41-$G$8)*$B$10/12-$B$11+1,$B$9,-$B$6),0))) +IF(MOD((C41-$H$8)*$C$10,12),0,IF(C41<$H$9,$C$6*$C$7/$C$10,IF(C41<=$H$10,IPMT($C$7/$C$10,(C41-$H$8)*$C$10/12-$C$11+1,$C$9,-$C$6),0))) -> 0 | D43: =+IF(MOD((D41-$G$8)*$B$10,12),0,IF(D41<$G$9,$B$6*$B$7/$B$10,IF(D41<=$G$10,IPMT($B$7/$B$10,(D41-$G$8)*$B$10/12-$B$11+1,$B$9,-$B$6),0))) +IF(MOD((D41-$H$8)*$C$10,12),0,IF(D41<$H$9,$C$6*$C$7/$C$10,IF(D41<=$H$10,IPMT($C$7/$C$10,(D41-$H$8)*$C$10/12-$C$11+1,$C$9,-$C$6),0))) -> 0 | E43: =+IF(MOD((E41-$G$8)*$B$10,12),0,IF(E41<$G$9,$B$6*$B$7/$B$10,IF(E41<=$G$10,IPMT($B$7/$B$10,(E41-$G$8)*$B$10/12-$B$11+1,$B$9,-$B$6),0))) +IF(MOD((E41-$H$8)*$C$10,12),0,IF(E41<$H$9,$C$6*$C$7/$C$10,IF(E41<=$H$10,IPMT($C$7/$C$10,(E41-$H$8)*$C$10/12-$C$11+1,$C$9,-$C$6),0))) -> 0 | F43: =+IF(MOD((F41-$G$8)*$B$10,12),0,IF(F41<$G$9,$B$6*$B$7/$B$10,IF(F41<=$G$10,IPMT($B$7/$B$10,(F41-$G$8)*$B$10/12-$B$11+1,$B$9,-$B$6),0))) +IF(MOD((F41-$H$8)*$C$10,12),0,IF(F41<$H$9,$C$6*$C$7/$C$10,IF(F41<=$H$10,IPMT($C$7/$C$10,(F41-$H$8)*$C$10/12-$C$11+1,$C$9,-$C$6),0))) -> 0 | G43: =+IF(MOD((G41-$G$8)*$B$10,12),0,IF(G41<$G$9,$B$6*$B$7/$B$10,IF(G41<=$G$10,IPMT($B$7/$B$10,(G41-$G$8)*$B$10/12-$B$11+1,$B$9,-$B$6),0))) +IF(MOD((G41-$H$8)*$C$10,12),0,IF(G41<$H$9,$C$6*$C$7/$C$10,IF(G41<=$H$10,IPMT($C$7/$C$10,(G41-$H$8)*$C$10/12-$C$11+1,$C$9,-$C$6),0))) -> 0 | H43: =+IF(MOD((H41-$G$8)*$B$10,12),0,IF(H41<$G$9,$B$6*$B$7/$B$10,IF(H41<=$G$10,IPMT($B$7/$B$10,(H41-$G$8)*$B$10/12-$B$11+1,$B$9,-$B$6),0))) +IF(MOD((H41-$H$8)*$C$10,12),0,IF(H41<$H$9,$C$6*$C$7/$C$10,IF(H41<=$H$10,IPMT($C$7/$C$10,(H41-$H$8)*$C$10/12-$C$11+1,$C$9,-$C$6),0))) -> 0 | I43: =+IF(MOD((I41-$G$8)*$B$10,12),0,IF(I41<$G$9,$B$6*$B$7/$B$10,IF(I41<=$G$10,IPMT($B$7/$B$10,(I41-$G$8)*$B$10/12-$B$11+1,$B$9,-$B$6),0))) +IF(MOD((I41-$H$8)*$C$10,12),0,IF(I41<$H$9,$C$6*$C$7/$C$10,IF(I41<=$H$10,IPMT($C$7/$C$10,(I41-$H$8)*$C$10/12-$C$11+1,$C$9,-$C$6),0))) -> 0 | ... M43: =+IF(MOD((M41-$G$8)*$B$10,12),0,IF(M41<$G$9,$B$6*$B$7/$B$10,IF(M41<=$G$10,IPMT($B$7/$B$10,(M41-$G$8)*$B$10/12-$B$11+1,$B$9,-$B$6),0))) +IF(MOD((M41-$H$8)*$C$10,12),0,IF(M41<$H$9,$C$6*$C$7/$C$10,IF(M41<=$H$10,IPMT($C$7/$C$10,(M41-$H$8)*$C$10/12-$C$11+1,$C$9,-$C$6),0))) -> 0 | N43: =SUM(B43:M43) -> 0
A44: Amortizaciones | B44: =IF(AND(B41>=$G$9,B41<=$G$10,MOD((B41-$G$8)*$B$10,12)=0),PPMT($B$7/$B$10,(B41-$G$8)*$B$10/12-$B$11+1,$B$9,-$B$6),0) +IF(AND(B41>=$H$9,B41<=$H$10,MOD((B41-$H$8)*$C$10,12)=0),PPMT($C$7/$C$10,(B41-$H$8)*$C$10/12-$C$11+1,$C$9,-$C$6),0) -> 0 | C44: =IF(AND(C41>=$G$9,C41<=$G$10,MOD((C41-$G$8)*$B$10,12)=0),PPMT($B$7/$B$10,(C41-$G$8)*$B$10/12-$B$11+1,$B$9,-$B$6),0) +IF(AND(C41>=$H$9,C41<=$H$10,MOD((C41-$H$8)*$C$10,12)=0),PPMT($C$7/$C$10,(C41-$H$8)*$C$10/12-$C$11+1,$C$9,-$C$6),0) -> 0 | D44: =IF(AND(D41>=$G$9,D41<=$G$10,MOD((D41-$G$8)*$B$10,12)=0),PPMT($B$7/$B$10,(D41-$G$8)*$B$10/12-$B$11+1,$B$9,-$B$6),0) +IF(AND(D41>=$H$9,D41<=$H$10,MOD((D41-$H$8)*$C$10,12)=0),PPMT($C$7/$C$10,(D41-$H$8)*$C$10/12-$C$11+1,$C$9,-$C$6),0) -> 0 | E44: =IF(AND(E41>=$G$9,E41<=$G$10,MOD((E41-$G$8)*$B$10,12)=0),PPMT($B$7/$B$10,(E41-$G$8)*$B$10/12-$B$11+1,$B$9,-$B$6),0) +IF(AND(E41>=$H$9,E41<=$H$10,MOD((E41-$H$8)*$C$10,12)=0),PPMT($C$7/$C$10,(E41-$H$8)*$C$10/12-$C$11+1,$C$9,-$C$6),0) -> 0 | F44: =IF(AND(F41>=$G$9,F41<=$G$10,MOD((F41-$G$8)*$B$10,12)=0),PPMT($B$7/$B$10,(F41-$G$8)*$B$10/12-$B$11+1,$B$9,-$B$6),0) +IF(AND(F41>=$H$9,F41<=$H$10,MOD((F41-$H$8)*$C$10,12)=0),PPMT($C$7/$C$10,(F41-$H$8)*$C$10/12-$C$11+1,$C$9,-$C$6),0) -> 0 | G44: =IF(AND(G41>=$G$9,G41<=$G$10,MOD((G41-$G$8)*$B$10,12)=0),PPMT($B$7/$B$10,(G41-$G$8)*$B$10/12-$B$11+1,$B$9,-$B$6),0) +IF(AND(G41>=$H$9,G41<=$H$10,MOD((G41-$H$8)*$C$10,12)=0),PPMT($C$7/$C$10,(G41-$H$8)*$C$10/12-$C$11+1,$C$9,-$C$6),0) -> 0 | H44: =IF(AND(H41>=$G$9,H41<=$G$10,MOD((H41-$G$8)*$B$10,12)=0),PPMT($B$7/$B$10,(H41-$G$8)*$B$10/12-$B$11+1,$B$9,-$B$6),0) +IF(AND(H41>=$H$9,H41<=$H$10,MOD((H41-$H$8)*$C$10,12)=0),PPMT($C$7/$C$10,(H41-$H$8)*$C$10/12-$C$11+1,$C$9,-$C$6),0) -> 0 | I44: =IF(AND(I41>=$G$9,I41<=$G$10,MOD((I41-$G$8)*$B$10,12)=0),PPMT($B$7/$B$10,(I41-$G$8)*$B$10/12-$B$11+1,$B$9,-$B$6),0) +IF(AND(I41>=$H$9,I41<=$H$10,MOD((I41-$H$8)*$C$10,12)=0),PPMT($C$7/$C$10,(I41-$H$8)*$C$10/12-$C$11+1,$C$9,-$C$6),0) -> 0 | ... M44: =IF(AND(M41>=$G$9,M41<=$G$10,MOD((M41-$G$8)*$B$10,12)=0),PPMT($B$7/$B$10,(M41-$G$8)*$B$10/12-$B$11+1,$B$9,-$B$6),0) +IF(AND(M41>=$H$9,M41<=$H$10,MOD((M41-$H$8)*$C$10,12)=0),PPMT($C$7/$C$10,(M41-$H$8)*$C$10/12-$C$11+1,$C$9,-$C$6),0) -> 0 | N44: =SUM(B44:M44) -> 0
A46: =A40+1 -> 5 | B46: =B40+1 -> 2031
A47: Periodos | B47: 61 | C47: 62 | D47: 63 | E47: 64 | F47: 65 | G47: 66 | H47: 67 | I47: 68 | J47: 69 | K47: 70 | L47: 71 | M47: 72 | N47: Total
A48: Pagos | B48: =B49+B50 -> 0 | C48: =C49+C50 -> 0 | D48: =D49+D50 -> 0 | E48: =E49+E50 -> 0 | F48: =F49+F50 -> 0 | G48: =G49+G50 -> 0 | H48: =H49+H50 -> 0 | I48: =I49+I50 -> 0 | ... M48: =M49+M50 -> 0 | N48: =SUM(B48:M48) -> 0
A49: Intereses | B49: =IF(MOD((B47-$G$8)*$B$10,12),0,IF(B47<$G$9,$B$6*$B$7/$B$10,IF(B47<=$G$10,IPMT($B$7/$B$10,(B47-$G$8)*$B$10/12-$B$11+1,$B$9,-$B$6),0))) +IF(MOD((B47-$H$8)*$C$10,12),0,IF(B47<$H$9,$C$6*$C$7/$C$10,IF(B47<=$H$10,IPMT($C$7/$C$10,(B47-$H$8)*$C$10/12-$C$11+1,$C$9,-$C$6),0))) -> 0 | C49: =IF(MOD((C47-$G$8)*$B$10,12),0,IF(C47<$G$9,$B$6*$B$7/$B$10,IF(C47<=$G$10,IPMT($B$7/$B$10,(C47-$G$8)*$B$10/12-$B$11+1,$B$9,-$B$6),0))) +IF(MOD((C47-$H$8)*$C$10,12),0,IF(C47<$H$9,$C$6*$C$7/$C$10,IF(C47<=$H$10,IPMT($C$7/$C$10,(C47-$H$8)*$C$10/12-$C$11+1,$C$9,-$C$6),0))) -> 0 | D49: =IF(MOD((D47-$G$8)*$B$10,12),0,IF(D47<$G$9,$B$6*$B$7/$B$10,IF(D47<=$G$10,IPMT($B$7/$B$10,(D47-$G$8)*$B$10/12-$B$11+1,$B$9,-$B$6),0))) +IF(MOD((D47-$H$8)*$C$10,12),0,IF(D47<$H$9,$C$6*$C$7/$C$10,IF(D47<=$H$10,IPMT($C$7/$C$10,(D47-$H$8)*$C$10/12-$C$11+1,$C$9,-$C$6),0))) -> 0 | E49: =IF(MOD((E47-$G$8)*$B$10,12),0,IF(E47<$G$9,$B$6*$B$7/$B$10,IF(E47<=$G$10,IPMT($B$7/$B$10,(E47-$G$8)*$B$10/12-$B$11+1,$B$9,-$B$6),0))) +IF(MOD((E47-$H$8)*$C$10,12),0,IF(E47<$H$9,$C$6*$C$7/$C$10,IF(E47<=$H$10,IPMT($C$7/$C$10,(E47-$H$8)*$C$10/12-$C$11+1,$C$9,-$C$6),0))) -> 0 | F49: =IF(MOD((F47-$G$8)*$B$10,12),0,IF(F47<$G$9,$B$6*$B$7/$B$10,IF(F47<=$G$10,IPMT($B$7/$B$10,(F47-$G$8)*$B$10/12-$B$11+1,$B$9,-$B$6),0))) +IF(MOD((F47-$H$8)*$C$10,12),0,IF(F47<$H$9,$C$6*$C$7/$C$10,IF(F47<=$H$10,IPMT($C$7/$C$10,(F47-$H$8)*$C$10/12-$C$11+1,$C$9,-$C$6),0))) -> 0 | G49: =IF(MOD((G47-$G$8)*$B$10,12),0,IF(G47<$G$9,$B$6*$B$7/$B$10,IF(G47<=$G$10,IPMT($B$7/$B$10,(G47-$G$8)*$B$10/12-$B$11+1,$B$9,-$B$6),0))) +IF(MOD((G47-$H$8)*$C$10,12),0,IF(G47<$H$9,$C$6*$C$7/$C$10,IF(G47<=$H$10,IPMT($C$7/$C$10,(G47-$H$8)*$C$10/12-$C$11+1,$C$9,-$C$6),0))) -> 0 | H49: =IF(MOD((H47-$G$8)*$B$10,12),0,IF(H47<$G$9,$B$6*$B$7/$B$10,IF(H47<=$G$10,IPMT($B$7/$B$10,(H47-$G$8)*$B$10/12-$B$11+1,$B$9,-$B$6),0))) +IF(MOD((H47-$H$8)*$C$10,12),0,IF(H47<$H$9,$C$6*$C$7/$C$10,IF(H47<=$H$10,IPMT($C$7/$C$10,(H47-$H$8)*$C$10/12-$C$11+1,$C$9,-$C$6),0))) -> 0 | I49: =IF(MOD((I47-$G$8)*$B$10,12),0,IF(I47<$G$9,$B$6*$B$7/$B$10,IF(I47<=$G$10,IPMT($B$7/$B$10,(I47-$G$8)*$B$10/12-$B$11+1,$B$9,-$B$6),0))) +IF(MOD((I47-$H$8)*$C$10,12),0,IF(I47<$H$9,$C$6*$C$7/$C$10,IF(I47<=$H$10,IPMT($C$7/$C$10,(I47-$H$8)*$C$10/12-$C$11+1,$C$9,-$C$6),0))) -> 0 | ... M49: =IF(MOD((M47-$G$8)*$B$10,12),0,IF(M47<$G$9,$B$6*$B$7/$B$10,IF(M47<=$G$10,IPMT($B$7/$B$10,(M47-$G$8)*$B$10/12-$B$11+1,$B$9,-$B$6),0))) +IF(MOD((M47-$H$8)*$C$10,12),0,IF(M47<$H$9,$C$6*$C$7/$C$10,IF(M47<=$H$10,IPMT($C$7/$C$10,(M47-$H$8)*$C$10/12-$C$11+1,$C$9,-$C$6),0))) -> 0 | N49: =SUM(B49:M49) -> 0
A50: Amortizaciones | B50: =IF(AND(B47>=$G$9,B47<=$G$10,MOD((B47-$G$8)*$B$10,12)=0),PPMT($B$7/$B$10,(B47-$G$8)*$B$10/12-$B$11+1,$B$9,-$B$6),0) +IF(AND(B47>=$H$9,B47<=$H$10,MOD((B47-$H$8)*$C$10,12)=0),PPMT($C$7/$C$10,(B47-$H$8)*$C$10/12-$C$11+1,$C$9,-$C$6),0) -> 0 | C50: =IF(AND(C47>=$G$9,C47<=$G$10,MOD((C47-$G$8)*$B$10,12)=0),PPMT($B$7/$B$10,(C47-$G$8)*$B$10/12-$B$11+1,$B$9,-$B$6),0) +IF(AND(C47>=$H$9,C47<=$H$10,MOD((C47-$H$8)*$C$10,12)=0),PPMT($C$7/$C$10,(C47-$H$8)*$C$10/12-$C$11+1,$C$9,-$C$6),0) -> 0 | D50: =IF(AND(D47>=$G$9,D47<=$G$10,MOD((D47-$G$8)*$B$10,12)=0),PPMT($B$7/$B$10,(D47-$G$8)*$B$10/12-$B$11+1,$B$9,-$B$6),0) +IF(AND(D47>=$H$9,D47<=$H$10,MOD((D47-$H$8)*$C$10,12)=0),PPMT($C$7/$C$10,(D47-$H$8)*$C$10/12-$C$11+1,$C$9,-$C$6),0) -> 0 | E50: =IF(AND(E47>=$G$9,E47<=$G$10,MOD((E47-$G$8)*$B$10,12)=0),PPMT($B$7/$B$10,(E47-$G$8)*$B$10/12-$B$11+1,$B$9,-$B$6),0) +IF(AND(E47>=$H$9,E47<=$H$10,MOD((E47-$H$8)*$C$10,12)=0),PPMT($C$7/$C$10,(E47-$H$8)*$C$10/12-$C$11+1,$C$9,-$C$6),0) -> 0 | F50: =IF(AND(F47>=$G$9,F47<=$G$10,MOD((F47-$G$8)*$B$10,12)=0),PPMT($B$7/$B$10,(F47-$G$8)*$B$10/12-$B$11+1,$B$9,-$B$6),0) +IF(AND(F47>=$H$9,F47<=$H$10,MOD((F47-$H$8)*$C$10,12)=0),PPMT($C$7/$C$10,(F47-$H$8)*$C$10/12-$C$11+1,$C$9,-$C$6),0) -> 0 | G50: =IF(AND(G47>=$G$9,G47<=$G$10,MOD((G47-$G$8)*$B$10,12)=0),PPMT($B$7/$B$10,(G47-$G$8)*$B$10/12-$B$11+1,$B$9,-$B$6),0) +IF(AND(G47>=$H$9,G47<=$H$10,MOD((G47-$H$8)*$C$10,12)=0),PPMT($C$7/$C$10,(G47-$H$8)*$C$10/12-$C$11+1,$C$9,-$C$6),0) -> 0 | H50: =IF(AND(H47>=$G$9,H47<=$G$10,MOD((H47-$G$8)*$B$10,12)=0),PPMT($B$7/$B$10,(H47-$G$8)*$B$10/12-$B$11+1,$B$9,-$B$6),0) +IF(AND(H47>=$H$9,H47<=$H$10,MOD((H47-$H$8)*$C$10,12)=0),PPMT($C$7/$C$10,(H47-$H$8)*$C$10/12-$C$11+1,$C$9,-$C$6),0) -> 0 | I50: =IF(AND(I47>=$G$9,I47<=$G$10,MOD((I47-$G$8)*$B$10,12)=0),PPMT($B$7/$B$10,(I47-$G$8)*$B$10/12-$B$11+1,$B$9,-$B$6),0) +IF(AND(I47>=$H$9,I47<=$H$10,MOD((I47-$H$8)*$C$10,12)=0),PPMT($C$7/$C$10,(I47-$H$8)*$C$10/12-$C$11+1,$C$9,-$C$6),0) -> 0 | ... M50: =IF(AND(M47>=$G$9,M47<=$G$10,MOD((M47-$G$8)*$B$10,12)=0),PPMT($B$7/$B$10,(M47-$G$8)*$B$10/12-$B$11+1,$B$9,-$B$6),0) +IF(AND(M47>=$H$9,M47<=$H$10,MOD((M47-$H$8)*$C$10,12)=0),PPMT($C$7/$C$10,(M47-$H$8)*$C$10/12-$C$11+1,$C$9,-$C$6),0) -> 0 | N50: =SUM(B50:M50) -> 0

Sheet Renting
A1: Cálculo detallado de pagos de Renting
A2: ='Datos Básicos'!B8 -> 0
A6: Datos de las operaciones | B6: ='Financiación Inicial'!F23 -> Renting 1 | C6: ='Financiación Inicial'!G23 -> Renting 2 | F6: Otros Datos | H6: =B6 -> Renting 1 | I6: =C6 -> Renting 2
A7: Principales | B7: ='Financiación Inicial'!F24 -> 0 | C7: ='Financiación Inicial'!G24 -> 0 | G7: meses Renting | H7: =B11*12/B12 -> 48 | I7: =C11*12/C12 -> 36
A8: Valores residuales | B8: ='Financiación Inicial'!F29 -> 0 | C8: ='Financiación Inicial'!G29 -> 0 | G8: 1er mes Renting | H8: =mes0 -> 1 | I8: =mes0 -> 1
A9: Interés nominal | B9: ='Financiación Inicial'!F25 -> 0.08 | C9: ='Financiación Inicial'!G25 -> 0.1 | G9: mes final Renting | H9: =H7+H8-1 -> 48 | I9: =I7+I8-1 -> 36
A10: Gastos iniciales | B10: ='Financiación Inicial'!F26 -> 0.005 | C10: ='Financiación Inicial'!G26 -> 0.01
A11: nº total de pagos | B11: ='Financiación Inicial'!F27 -> 24 | C11: ='Financiación Inicial'!G27 -> 36
A12: Nº pagos por año | B12: ='Financiación Inicial'!F28 -> 6 | C12: ='Financiación Inicial'!G28 -> 12
A14: Cuotas periódicas | B14: =PMT(B9/B12,B11,-B7,B8) -> 0 | C14: =PMT(C9/C12,C11,-C7,C8) -> 0 | E14: =IF('Inversiones AC'!B21<-0.5,'Inversiones AC'!B25,"")
B15: =CONCATENATE("€ / ",IF(B12=12,"mes",CONCATENATE(12/B12," meses"))) -> € / 2 meses | C15: =CONCATENATE("€ / ",IF(C12=12,"mes",CONCATENATE(12/C12," meses"))) -> € / mes
A17: ='Datos Básicos'!B16 -> Año 0 | B17: ='Datos Básicos'!B17 -> 2026
A18: Periodos | B18: 1 | C18: =B18+1 -> 2 | D18: =C18+1 -> 3 | E18: =D18+1 -> 4 | F18: =E18+1 -> 5 | G18: =F18+1 -> 6 | H18: =G18+1 -> 7 | I18: =H18+1 -> 8 | J18: =I18+1 -> 9 | ... M18: =L18+1 -> 12 | N18: Total
A19: =CONCATENATE("Pagos ",$B$6) -> Pagos Renting 1 | B19: =IF(B18=$H$8,$B$10*$B$7,0)+IF(AND(B18>=$H$8,B18<=$H$9,MOD((B18)*$B$12,12)=0),$B$14,0) -> 0 | C19: =IF(C18=$H$8,$B$10*$B$7,0)+IF(AND(C18>=$H$8,C18<=$H$9,MOD((C18)*$B$12,12)=0),$B$14,0) -> 0 | D19: =IF(D18=$H$8,$B$10*$B$7,0)+IF(AND(D18>=$H$8,D18<=$H$9,MOD((D18)*$B$12,12)=0),$B$14,0) -> 0 | E19: =IF(E18=$H$8,$B$10*$B$7,0)+IF(AND(E18>=$H$8,E18<=$H$9,MOD((E18)*$B$12,12)=0),$B$14,0) -> 0 | F19: =IF(F18=$H$8,$B$10*$B$7,0)+IF(AND(F18>=$H$8,F18<=$H$9,MOD((F18)*$B$12,12)=0),$B$14,0) -> 0 | G19: =IF(G18=$H$8,$B$10*$B$7,0)+IF(AND(G18>=$H$8,G18<=$H$9,MOD((G18)*$B$12,12)=0),$B$14,0) -> 0 | H19: =IF(H18=$H$8,$B$10*$B$7,0)+IF(AND(H18>=$H$8,H18<=$H$9,MOD((H18)*$B$12,12)=0),$B$14,0) -> 0 | I19: =IF(I18=$H$8,$B$10*$B$7,0)+IF(AND(I18>=$H$8,I18<=$H$9,MOD((I18)*$B$12,12)=0),$B$14,0) -> 0 | ... M19: =IF(M18=$H$8,$B$10*$B$7,0)+IF(AND(M18>=$H$8,M18<=$H$9,MOD((M18)*$B$12,12)=0),$B$14,0) -> 0 | N19: =SUM(B19:M19) -> 0
A20: =CONCATENATE("Pagos ",$C$6) -> Pagos Renting 2 | B20: =IF(B18=$I$8,$C$10*$C$7,0)+IF(AND(B18>=$I$8,B18<=$I$9,MOD((B18)*$C$12,12)=0),$C$14,0) -> 0 | C20: =IF(C18=$I$8,$C$10*$C$7,0)+IF(AND(C18>=$I$8,C18<=$I$9,MOD((C18)*$C$12,12)=0),$C$14,0) -> 0 | D20: =IF(D18=$I$8,$C$10*$C$7,0)+IF(AND(D18>=$I$8,D18<=$I$9,MOD((D18)*$C$12,12)=0),$C$14,0) -> 0 | E20: =IF(E18=$I$8,$C$10*$C$7,0)+IF(AND(E18>=$I$8,E18<=$I$9,MOD((E18)*$C$12,12)=0),$C$14,0) -> 0 | F20: =IF(F18=$I$8,$C$10*$C$7,0)+IF(AND(F18>=$I$8,F18<=$I$9,MOD((F18)*$C$12,12)=0),$C$14,0) -> 0 | G20: =IF(G18=$I$8,$C$10*$C$7,0)+IF(AND(G18>=$I$8,G18<=$I$9,MOD((G18)*$C$12,12)=0),$C$14,0) -> 0 | H20: =IF(H18=$I$8,$C$10*$C$7,0)+IF(AND(H18>=$I$8,H18<=$I$9,MOD((H18)*$C$12,12)=0),$C$14,0) -> 0 | I20: =IF(I18=$I$8,$C$10*$C$7,0)+IF(AND(I18>=$I$8,I18<=$I$9,MOD((I18)*$C$12,12)=0),$C$14,0) -> 0 | ... M20: =IF(M18=$I$8,$C$10*$C$7,0)+IF(AND(M18>=$I$8,M18<=$I$9,MOD((M18)*$C$12,12)=0),$C$14,0) -> 0 | N20: =SUM(B20:M20) -> 0
A21: Total Pagos Renting | B21: =SUM(B19:B20) -> 0 | C21: =SUM(C19:C20) -> 0 | D21: =SUM(D19:D20) -> 0 | E21: =SUM(E19:E20) -> 0 | F21: =SUM(F19:F20) -> 0 | G21: =SUM(G19:G20) -> 0 | H21: =SUM(H19:H20) -> 0 | I21: =SUM(I19:I20) -> 0 | ... M21: =SUM(M19:M20) -> 0 | N21: =SUM(B21:M21) -> 0
A22: IVA soportado | B22: =B21*Parametros!$F$33 -> 0 | C22: =C21*Parametros!$F$33 -> 0 | D22: =D21*Parametros!$F$33 -> 0 | E22: =E21*Parametros!$F$33 -> 0 | F22: =F21*Parametros!$F$33 -> 0 | G22: =G21*Parametros!$F$33 -> 0 | H22: =H21*Parametros!$F$33 -> 0 | I22: =I21*Parametros!$F$33 -> 0 | ... M22: =M21*Parametros!$F$33 -> 0 | N22: =SUM(B22:M22) -> 0
A25: ='Datos Básicos'!C16 -> 1 | B25: =B17+1 -> 2027
A26: Periodos | B26: =B18+12 -> 13 | C26: =B26+1 -> 14 | D26: =C26+1 -> 15 | E26: =D26+1 -> 16 | F26: =E26+1 -> 17 | G26: =F26+1 -> 18 | H26: =G26+1 -> 19 | I26: =H26+1 -> 20 | J26: =I26+1 -> 21 | ... M26: =L26+1 -> 24 | N26: Total
A27: =CONCATENATE("Pagos ",$B$6) -> Pagos Renting 1 | B27: =IF(AND(B26>=$H$8,B26<=$H$9,MOD((B26)*$B$12,12)=0),$B$14,0) -> 0 | C27: =IF(C26=$H$8,$B$10*$B$7,0)+IF(AND(C26>=$H$8,C26<=$H$9,MOD((C26)*$B$12,12)=0),$B$14,0) -> 0 | D27: =IF(D26=$H$8,$B$10*$B$7,0)+IF(AND(D26>=$H$8,D26<=$H$9,MOD((D26)*$B$12,12)=0),$B$14,0) -> 0 | E27: =IF(E26=$H$8,$B$10*$B$7,0)+IF(AND(E26>=$H$8,E26<=$H$9,MOD((E26)*$B$12,12)=0),$B$14,0) -> 0 | F27: =IF(F26=$H$8,$B$10*$B$7,0)+IF(AND(F26>=$H$8,F26<=$H$9,MOD((F26)*$B$12,12)=0),$B$14,0) -> 0 | G27: =IF(G26=$H$8,$B$10*$B$7,0)+IF(AND(G26>=$H$8,G26<=$H$9,MOD((G26)*$B$12,12)=0),$B$14,0) -> 0 | H27: =IF(H26=$H$8,$B$10*$B$7,0)+IF(AND(H26>=$H$8,H26<=$H$9,MOD((H26)*$B$12,12)=0),$B$14,0) -> 0 | I27: =IF(I26=$H$8,$B$10*$B$7,0)+IF(AND(I26>=$H$8,I26<=$H$9,MOD((I26)*$B$12,12)=0),$B$14,0) -> 0 | J27: =IF(J26=$H$8,$B$10*$B$7,0)+IF(AND(J26>=$H$8,J26<=$H$9,MOD((J26)*$B$12,12)=0),$B$14,0) -> 0 | ... M27: =IF(M26=$H$8,$B$10*$B$7,0)+IF(AND(M26>=$H$8,M26<=$H$9,MOD((M26)*$B$12,12)=0),$B$14,0) -> 0 | N27: =SUM(B27:M27) -> 0
A28: =CONCATENATE("Pagos ",$C$6) -> Pagos Renting 2 | B28: =IF(AND(B26>=$I$8,B26<=$I$9,MOD((B26)*$C$12,12)=0),$C$14,0) -> 0 | C28: =IF(C26=$I$8,$C$10*$C$7,0)+IF(AND(C26>=$I$8,C26<=$I$9,MOD((C26)*$C$12,12)=0),$C$14,0) -> 0 | D28: =IF(D26=$I$8,$C$10*$C$7,0)+IF(AND(D26>=$I$8,D26<=$I$9,MOD((D26)*$C$12,12)=0),$C$14,0) -> 0 | E28: =IF(E26=$I$8,$C$10*$C$7,0)+IF(AND(E26>=$I$8,E26<=$I$9,MOD((E26)*$C$12,12)=0),$C$14,0) -> 0 | F28: =IF(F26=$I$8,$C$10*$C$7,0)+IF(AND(F26>=$I$8,F26<=$I$9,MOD((F26)*$C$12,12)=0),$C$14,0) -> 0 | G28: =IF(G26=$I$8,$C$10*$C$7,0)+IF(AND(G26>=$I$8,G26<=$I$9,MOD((G26)*$C$12,12)=0),$C$14,0) -> 0 | H28: =IF(H26=$I$8,$C$10*$C$7,0)+IF(AND(H26>=$I$8,H26<=$I$9,MOD((H26)*$C$12,12)=0),$C$14,0) -> 0 | I28: =IF(I26=$I$8,$C$10*$C$7,0)+IF(AND(I26>=$I$8,I26<=$I$9,MOD((I26)*$C$12,12)=0),$C$14,0) -> 0 | J28: =IF(J26=$I$8,$C$10*$C$7,0)+IF(AND(J26>=$I$8,J26<=$I$9,MOD((J26)*$C$12,12)=0),$C$14,0) -> 0 | ... M28: =IF(M26=$I$8,$C$10*$C$7,0)+IF(AND(M26>=$I$8,M26<=$I$9,MOD((M26)*$C$12,12)=0),$C$14,0) -> 0 | N28: =SUM(B28:M28) -> 0
A29: Total Pagos Renting | B29: =SUM(B27:B28) -> 0 | C29: =SUM(C27:C28) -> 0 | D29: =SUM(D27:D28) -> 0 | E29: =SUM(E27:E28) -> 0 | F29: =SUM(F27:F28) -> 0 | G29: =SUM(G27:G28) -> 0 | H29: =SUM(H27:H28) -> 0 | I29: =SUM(I27:I28) -> 0 | ... M29: =SUM(M27:M28) -> 0 | N29: =SUM(B29:M29) -> 0
A30: IVA soportado | B30: =B29*Parametros!$F$33 -> 0 | C30: =C29*Parametros!$F$33 -> 0 | D30: =D29*Parametros!$F$33 -> 0 | E30: =E29*Parametros!$F$33 -> 0 | F30: =F29*Parametros!$F$33 -> 0 | G30: =G29*Parametros!$F$33 -> 0 | H30: =H29*Parametros!$F$33 -> 0 | I30: =I29*Parametros!$F$33 -> 0 | ... M30: =M29*Parametros!$F$33 -> 0 | N30: =SUM(B30:M30) -> 0
A33: =A25+1 -> 2 | B33: =B25+1 -> 2028
A34: Periodos | B34: =B26+12 -> 25 | C34: =B34+1 -> 26 | D34: =C34+1 -> 27 | E34: =D34+1 -> 28 | F34: =E34+1 -> 29 | G34: =F34+1 -> 30 | H34: =G34+1 -> 31 | I34: =H34+1 -> 32 | J34: =I34+1 -> 33 | ... M34: =L34+1 -> 36 | N34: Total
A35: =CONCATENATE("Pagos ",$B$6) -> Pagos Renting 1 | B35: =IF(B34=$H$8,$B$10*$B$7,0)+IF(AND(B34>=$H$8,B34<=$H$9,MOD((B34)*$B$12,12)=0),$B$14,0) -> 0 | C35: =IF(C34=$H$8,$B$10*$B$7,0)+IF(AND(C34>=$H$8,C34<=$H$9,MOD((C34)*$B$12,12)=0),$B$14,0) -> 0 | D35: =IF(D34=$H$8,$B$10*$B$7,0)+IF(AND(D34>=$H$8,D34<=$H$9,MOD((D34)*$B$12,12)=0),$B$14,0) -> 0 | E35: =IF(E34=$H$8,$B$10*$B$7,0)+IF(AND(E34>=$H$8,E34<=$H$9,MOD((E34)*$B$12,12)=0),$B$14,0) -> 0 | F35: =IF(F34=$H$8,$B$10*$B$7,0)+IF(AND(F34>=$H$8,F34<=$H$9,MOD((F34)*$B$12,12)=0),$B$14,0) -> 0 | G35: =IF(G34=$H$8,$B$10*$B$7,0)+IF(AND(G34>=$H$8,G34<=$H$9,MOD((G34)*$B$12,12)=0),$B$14,0) -> 0 | H35: =IF(H34=$H$8,$B$10*$B$7,0)+IF(AND(H34>=$H$8,H34<=$H$9,MOD((H34)*$B$12,12)=0),$B$14,0) -> 0 | I35: =IF(I34=$H$8,$B$10*$B$7,0)+IF(AND(I34>=$H$8,I34<=$H$9,MOD((I34)*$B$12,12)=0),$B$14,0) -> 0 | ... M35: =IF(M34=$H$8,$B$10*$B$7,0)+IF(AND(M34>=$H$8,M34<=$H$9,MOD((M34)*$B$12,12)=0),$B$14,0) -> 0 | N35: =SUM(B35:M35) -> 0
A36: =CONCATENATE("Pagos ",$C$6) -> Pagos Renting 2 | B36: =IF(B34=$I$8,$C$10*$C$7,0)+IF(AND(B34>=$I$8,B34<=$I$9,MOD((B34)*$C$12,12)=0),$C$14,0) -> 0 | C36: =IF(C34=$I$8,$C$10*$C$7,0)+IF(AND(C34>=$I$8,C34<=$I$9,MOD((C34)*$C$12,12)=0),$C$14,0) -> 0 | D36: =IF(D34=$I$8,$C$10*$C$7,0)+IF(AND(D34>=$I$8,D34<=$I$9,MOD((D34)*$C$12,12)=0),$C$14,0) -> 0 | E36: =IF(E34=$I$8,$C$10*$C$7,0)+IF(AND(E34>=$I$8,E34<=$I$9,MOD((E34)*$C$12,12)=0),$C$14,0) -> 0 | F36: =IF(F34=$I$8,$C$10*$C$7,0)+IF(AND(F34>=$I$8,F34<=$I$9,MOD((F34)*$C$12,12)=0),$C$14,0) -> 0 | G36: =IF(G34=$I$8,$C$10*$C$7,0)+IF(AND(G34>=$I$8,G34<=$I$9,MOD((G34)*$C$12,12)=0),$C$14,0) -> 0 | H36: =IF(H34=$I$8,$C$10*$C$7,0)+IF(AND(H34>=$I$8,H34<=$I$9,MOD((H34)*$C$12,12)=0),$C$14,0) -> 0 | I36: =IF(I34=$I$8,$C$10*$C$7,0)+IF(AND(I34>=$I$8,I34<=$I$9,MOD((I34)*$C$12,12)=0),$C$14,0) -> 0 | ... M36: =IF(M34=$I$8,$C$10*$C$7,0)+IF(AND(M34>=$I$8,M34<=$I$9,MOD((M34)*$C$12,12)=0),$C$14,0) -> 0 | N36: =SUM(B36:M36) -> 0
A37: Total Pagos Renting | B37: =SUM(B35:B36) -> 0 | C37: =SUM(C35:C36) -> 0 | D37: =SUM(D35:D36) -> 0 | E37: =SUM(E35:E36) -> 0 | F37: =SUM(F35:F36) -> 0 | G37: =SUM(G35:G36) -> 0 | H37: =SUM(H35:H36) -> 0 | I37: =SUM(I35:I36) -> 0 | ... M37: =SUM(M35:M36) -> 0 | N37: =SUM(B37:M37) -> 0
A38: IVA soportado | B38: =B37*Parametros!$F$33 -> 0 | C38: =C37*Parametros!$F$33 -> 0 | D38: =D37*Parametros!$F$33 -> 0 | E38: =E37*Parametros!$F$33 -> 0 | F38: =F37*Parametros!$F$33 -> 0 | G38: =G37*Parametros!$F$33 -> 0 | H38: =H37*Parametros!$F$33 -> 0 | I38: =I37*Parametros!$F$33 -> 0 | ... M38: =M37*Parametros!$F$33 -> 0 | N38: =SUM(B38:M38) -> 0
A41: =A33+1 -> 3 | B41: =B33+1 -> 2029
A42: Periodos | B42: =B34+12 -> 37 | C42: =B42+1 -> 38 | D42: =C42+1 -> 39 | E42: =D42+1 -> 40 | F42: =E42+1 -> 41 | G42: =F42+1 -> 42 | H42: =G42+1 -> 43 | I42: =H42+1 -> 44 | J42: =I42+1 -> 45 | ... M42: =L42+1 -> 48 | N42: Total
A43: =CONCATENATE("Pagos ",$B$6) -> Pagos Renting 1 | B43: =IF(B42=$H$8,$B$10*$B$7,0)+IF(AND(B42>=$H$8,B42<=$H$9,MOD((B42)*$B$12,12)=0),$B$14,0) -> 0 | C43: =IF(C42=$H$8,$B$10*$B$7,0)+IF(AND(C42>=$H$8,C42<=$H$9,MOD((C42)*$B$12,12)=0),$B$14,0) -> 0 | D43: =IF(D42=$H$8,$B$10*$B$7,0)+IF(AND(D42>=$H$8,D42<=$H$9,MOD((D42)*$B$12,12)=0),$B$14,0) -> 0 | E43: =IF(E42=$H$8,$B$10*$B$7,0)+IF(AND(E42>=$H$8,E42<=$H$9,MOD((E42)*$B$12,12)=0),$B$14,0) -> 0 | F43: =IF(F42=$H$8,$B$10*$B$7,0)+IF(AND(F42>=$H$8,F42<=$H$9,MOD((F42)*$B$12,12)=0),$B$14,0) -> 0 | G43: =IF(G42=$H$8,$B$10*$B$7,0)+IF(AND(G42>=$H$8,G42<=$H$9,MOD((G42)*$B$12,12)=0),$B$14,0) -> 0 | H43: =IF(H42=$H$8,$B$10*$B$7,0)+IF(AND(H42>=$H$8,H42<=$H$9,MOD((H42)*$B$12,12)=0),$B$14,0) -> 0 | I43: =IF(I42=$H$8,$B$10*$B$7,0)+IF(AND(I42>=$H$8,I42<=$H$9,MOD((I42)*$B$12,12)=0),$B$14,0) -> 0 | ... M43: =IF(M42=$H$8,$B$10*$B$7,0)+IF(AND(M42>=$H$8,M42<=$H$9,MOD((M42)*$B$12,12)=0),$B$14,0) -> 0 | N43: =SUM(B43:M43) -> 0
A44: =CONCATENATE("Pagos ",$C$6) -> Pagos Renting 2 | B44: =IF(B42=$I$8,$C$10*$C$7,0)+IF(AND(B42>=$I$8,B42<=$I$9,MOD((B42)*$C$12,12)=0),$C$14,0) -> 0 | C44: =IF(C42=$I$8,$C$10*$C$7,0)+IF(AND(C42>=$I$8,C42<=$I$9,MOD((C42)*$C$12,12)=0),$C$14,0) -> 0 | D44: =IF(D42=$I$8,$C$10*$C$7,0)+IF(AND(D42>=$I$8,D42<=$I$9,MOD((D42)*$C$12,12)=0),$C$14,0) -> 0 | E44: =IF(E42=$I$8,$C$10*$C$7,0)+IF(AND(E42>=$I$8,E42<=$I$9,MOD((E42)*$C$12,12)=0),$C$14,0) -> 0 | F44: =IF(F42=$I$8,$C$10*$C$7,0)+IF(AND(F42>=$I$8,F42<=$I$9,MOD((F42)*$C$12,12)=0),$C$14,0) -> 0 | G44: =IF(G42=$I$8,$C$10*$C$7,0)+IF(AND(G42>=$I$8,G42<=$I$9,MOD((G42)*$C$12,12)=0),$C$14,0) -> 0 | H44: =IF(H42=$I$8,$C$10*$C$7,0)+IF(AND(H42>=$I$8,H42<=$I$9,MOD((H42)*$C$12,12)=0),$C$14,0) -> 0 | I44: =IF(I42=$I$8,$C$10*$C$7,0)+IF(AND(I42>=$I$8,I42<=$I$9,MOD((I42)*$C$12,12)=0),$C$14,0) -> 0 | ... M44: =IF(M42=$I$8,$C$10*$C$7,0)+IF(AND(M42>=$I$8,M42<=$I$9,MOD((M42)*$C$12,12)=0),$C$14,0) -> 0 | N44: =SUM(B44:M44) -> 0
A45: Total Pagos Renting | B45: =SUM(B43:B44) -> 0 | C45: =SUM(C43:C44) -> 0 | D45: =SUM(D43:D44) -> 0 | E45: =SUM(E43:E44) -> 0 | F45: =SUM(F43:F44) -> 0 | G45: =SUM(G43:G44) -> 0 | H45: =SUM(H43:H44) -> 0 | I45: =SUM(I43:I44) -> 0 | ... M45: =SUM(M43:M44) -> 0 | N45: =SUM(B45:M45) -> 0
A46: IVA soportado | B46: =B45*Parametros!$F$33 -> 0 | C46: =C45*Parametros!$F$33 -> 0 | D46: =D45*Parametros!$F$33 -> 0 | E46: =E45*Parametros!$F$33 -> 0 | F46: =F45*Parametros!$F$33 -> 0 | G46: =G45*Parametros!$F$33 -> 0 | H46: =H45*Parametros!$F$33 -> 0 | I46: =I45*Parametros!$F$33 -> 0 | ... M46: =M45*Parametros!$F$33 -> 0 | N46: =SUM(B46:M46) -> 0
A49: =A41+1 -> 4 | B49: =B41+1 -> 2030
A50: Periodos | B50: =B42+12 -> 49 | C50: =B50+1 -> 50 | D50: =C50+1 -> 51 | E50: =D50+1 -> 52 | F50: =E50+1 -> 53 | G50: =F50+1 -> 54 | H50: =G50+1 -> 55 | I50: =H50+1 -> 56 | J50: =I50+1 -> 57 | ... M50: =L50+1 -> 60 | N50: Total
A51: =CONCATENATE("Pagos ",$B$6) -> Pagos Renting 1 | B51: =IF(B50=$H$8,$B$10*$B$7,0)+IF(AND(B50>=$H$8,B50<=$H$9,MOD((B50)*$B$12,12)=0),$B$14,0) -> 0 | C51: =IF(C50=$H$8,$B$10*$B$7,0)+IF(AND(C50>=$H$8,C50<=$H$9,MOD((C50)*$B$12,12)=0),$B$14,0) -> 0 | D51: =IF(D50=$H$8,$B$10*$B$7,0)+IF(AND(D50>=$H$8,D50<=$H$9,MOD((D50)*$B$12,12)=0),$B$14,0) -> 0 | E51: =IF(E50=$H$8,$B$10*$B$7,0)+IF(AND(E50>=$H$8,E50<=$H$9,MOD((E50)*$B$12,12)=0),$B$14,0) -> 0 | F51: =IF(F50=$H$8,$B$10*$B$7,0)+IF(AND(F50>=$H$8,F50<=$H$9,MOD((F50)*$B$12,12)=0),$B$14,0) -> 0 | G51: =IF(G50=$H$8,$B$10*$B$7,0)+IF(AND(G50>=$H$8,G50<=$H$9,MOD((G50)*$B$12,12)=0),$B$14,0) -> 0 | H51: =IF(H50=$H$8,$B$10*$B$7,0)+IF(AND(H50>=$H$8,H50<=$H$9,MOD((H50)*$B$12,12)=0),$B$14,0) -> 0 | I51: =IF(I50=$H$8,$B$10*$B$7,0)+IF(AND(I50>=$H$8,I50<=$H$9,MOD((I50)*$B$12,12)=0),$B$14,0) -> 0 | ... M51: =IF(M50=$H$8,$B$10*$B$7,0)+IF(AND(M50>=$H$8,M50<=$H$9,MOD((M50)*$B$12,12)=0),$B$14,0) -> 0 | N51: =SUM(B51:M51) -> 0
A52: =CONCATENATE("Pagos ",$C$6) -> Pagos Renting 2 | B52: =IF(B50=$I$8,$C$10*$C$7,0)+IF(AND(B50>=$I$8,B50<=$I$9,MOD((B50)*$C$12,12)=0),$C$14,0) -> 0 | C52: =IF(C50=$I$8,$C$10*$C$7,0)+IF(AND(C50>=$I$8,C50<=$I$9,MOD((C50)*$C$12,12)=0),$C$14,0) -> 0 | D52: =IF(D50=$I$8,$C$10*$C$7,0)+IF(AND(D50>=$I$8,D50<=$I$9,MOD((D50)*$C$12,12)=0),$C$14,0) -> 0 | E52: =IF(E50=$I$8,$C$10*$C$7,0)+IF(AND(E50>=$I$8,E50<=$I$9,MOD((E50)*$C$12,12)=0),$C$14,0) -> 0 | F52: =IF(F50=$I$8,$C$10*$C$7,0)+IF(AND(F50>=$I$8,F50<=$I$9,MOD((F50)*$C$12,12)=0),$C$14,0) -> 0 | G52: =IF(G50=$I$8,$C$10*$C$7,0)+IF(AND(G50>=$I$8,G50<=$I$9,MOD((G50)*$C$12,12)=0),$C$14,0) -> 0 | H52: =IF(H50=$I$8,$C$10*$C$7,0)+IF(AND(H50>=$I$8,H50<=$I$9,MOD((H50)*$C$12,12)=0),$C$14,0) -> 0 | I52: =IF(I50=$I$8,$C$10*$C$7,0)+IF(AND(I50>=$I$8,I50<=$I$9,MOD((I50)*$C$12,12)=0),$C$14,0) -> 0 | ... M52: =IF(M50=$I$8,$C$10*$C$7,0)+IF(AND(M50>=$I$8,M50<=$I$9,MOD((M50)*$C$12,12)=0),$C$14,0) -> 0 | N52: =SUM(B52:M52) -> 0
A53: Total Pagos Renting | B53: =SUM(B51:B52) -> 0 | C53: =SUM(C51:C52) -> 0 | D53: =SUM(D51:D52) -> 0 | E53: =SUM(E51:E52) -> 0 | F53: =SUM(F51:F52) -> 0 | G53: =SUM(G51:G52) -> 0 | H53: =SUM(H51:H52) -> 0 | I53: =SUM(I51:I52) -> 0 | ... M53: =SUM(M51:M52) -> 0 | N53: =SUM(B53:M53) -> 0
A54: IVA soportado | B54: =B53*Parametros!$F$33 -> 0 | C54: =C53*Parametros!$F$33 -> 0 | D54: =D53*Parametros!$F$33 -> 0 | E54: =E53*Parametros!$F$33 -> 0 | F54: =F53*Parametros!$F$33 -> 0 | G54: =G53*Parametros!$F$33 -> 0 | H54: =H53*Parametros!$F$33 -> 0 | I54: =I53*Parametros!$F$33 -> 0 | ... M54: =M53*Parametros!$F$33 -> 0 | N54: =SUM(B54:M54) -> 0

Sheet Leasing
A1: Cálculo detallado de pagos de Leasing
A2: ='Datos Básicos'!B8 -> 0
A6: Datos de las operaciones | B6: ='Financiación Inicial'!F14 -> Leasing 1 | C6: ='Financiación Inicial'!G14 -> Leasing 2 | F6: Otros Datos | H6: =B6 -> Leasing 1 | I6: =C6 -> Leasing 2
A7: Principales | B7: ='Financiación Inicial'!F15 -> 0 | C7: ='Financiación Inicial'!G15 -> 0 | G7: meses Leasing | H7: =B11*12/B12 -> 36 | I7: =C11*12/C12 -> 60
A8: Valores residuales | B8: ='Financiación Inicial'!F16 -> 0 | C8: ='Financiación Inicial'!G16 -> 0 | G8: 1er mes Leasing | H8: =mes0 -> 1 | I8: =mes0 -> 1
A9: Interés nominal | B9: ='Financiación Inicial'!F17 -> 0.055 | C9: ='Financiación Inicial'!G17 -> 0.07 | G9: mes final Leasing | H9: =H7+H8-1 -> 36 | I9: =I7+I8-1 -> 60
A10: Gastos iniciales | B10: ='Financiación Inicial'!F18 -> 0 | C10: ='Financiación Inicial'!G18 -> 0
A11: nº total de pagos | B11: ='Financiación Inicial'!F19 -> 36 | C11: ='Financiación Inicial'!G19 -> 60 | G11: 1er mes carencia | H11: =mes0 -> 1 | I11: =mes0 -> 1
A12: Nº pagos por año | B12: ='Financiación Inicial'!F20 -> 12 | C12: ='Financiación Inicial'!G20 -> 12
A13: periodos de carencia | B13: 0 | C13: 0
A15: Pagos periódicos | B15: =PMT(B9/B12,B11,-B7,B8) -> 0 | C15: =PMT(C9/C12,C11,-C7,C8) -> 0 | E15: =IF('Inversiones AC'!B21<-0.5,'Inversiones AC'!B25,"")
B16: =CONCATENATE("€ / ",IF(B12=12,"mes",CONCATENATE(12/B12," meses"))) -> € / mes | C16: =CONCATENATE("€ / ",IF(C12=12,"mes",CONCATENATE(12/C12," meses"))) -> € / mes
A18: ='Datos Básicos'!B16 -> Año 0 | B18: ='Datos Básicos'!B17 -> 2026
A19: Periodos | B19: 1 | C19: 2 | D19: 3 | E19: 4 | F19: 5 | G19: 6 | H19: 7 | I19: 8 | J19: 9 | K19: 10 | L19: 11 | M19: 12 | N19: Total
A20: Pagos | B20: =B21+B22 -> 0 | C20: =C21+C22 -> 0 | D20: =D21+D22 -> 0 | E20: =E21+E22 -> 0 | F20: =F21+F22 -> 0 | G20: =G21+G22 -> 0 | H20: =H21+H22 -> 0 | I20: =I21+I22 -> 0 | ... M20: =M21+M22 -> 0 | N20: =SUM(B20:M20) -> 0
A21: Intereses | B21: =IF(B19=$H$11,$B$7*$B$10,0)+IF(B19=$I$11,$C$7*$C$10,0) +IF(MOD((B19-$H$11)*$B$12,12),0,IF(B19<$H$11,0,IF(B19<$H$8,$B$7*$B$9/$B$12,IF(B19<=$H$9,IPMT($B$9/$B$12,(B19-$H$11)*$B$12/12-$B$13+1,$B$11,-$B$7),0)))) +IF(MOD((B19-$I$11)*$C$12,12),0,IF(B19<$I$11,0,IF(B19<$I$8,$C$7*$C$9/$C$12,IF(B19<=$I$9,IPMT($C$9/$C$12,(B19-$I$11)*$C$12/12-$C$13+1,$C$11,-$C$7),0)))) -> 0 | C21: =IF(C19=$H$11,$B$7*$B$10,0)+IF(C19=$I$11,$C$7*$C$10,0) +IF(MOD((C19-$H$11)*$B$12,12),0,IF(C19<$H$11,0,IF(C19<$H$8,$B$7*$B$9/$B$12,IF(C19<=$H$9,IPMT($B$9/$B$12,(C19-$H$11)*$B$12/12-$B$13+1,$B$11,-$B$7),0)))) +IF(MOD((C19-$I$11)*$C$12,12),0,IF(C19<$I$11,0,IF(C19<$I$8,$C$7*$C$9/$C$12,IF(C19<=$I$9,IPMT($C$9/$C$12,(C19-$I$11)*$C$12/12-$C$13+1,$C$11,-$C$7),0)))) -> 0 | D21: =IF(D19=$H$11,$B$7*$B$10,0)+IF(D19=$I$11,$C$7*$C$10,0) +IF(MOD((D19-$H$11)*$B$12,12),0,IF(D19<$H$11,0,IF(D19<$H$8,$B$7*$B$9/$B$12,IF(D19<=$H$9,IPMT($B$9/$B$12,(D19-$H$11)*$B$12/12-$B$13+1,$B$11,-$B$7),0)))) +IF(MOD((D19-$I$11)*$C$12,12),0,IF(D19<$I$11,0,IF(D19<$I$8,$C$7*$C$9/$C$12,IF(D19<=$I$9,IPMT($C$9/$C$12,(D19-$I$11)*$C$12/12-$C$13+1,$C$11,-$C$7),0)))) -> 0 | E21: =IF(E19=$H$11,$B$7*$B$10,0)+IF(E19=$I$11,$C$7*$C$10,0) +IF(MOD((E19-$H$11)*$B$12,12),0,IF(E19<$H$11,0,IF(E19<$H$8,$B$7*$B$9/$B$12,IF(E19<=$H$9,IPMT($B$9/$B$12,(E19-$H$11)*$B$12/12-$B$13+1,$B$11,-$B$7),0)))) +IF(MOD((E19-$I$11)*$C$12,12),0,IF(E19<$I$11,0,IF(E19<$I$8,$C$7*$C$9/$C$12,IF(E19<=$I$9,IPMT($C$9/$C$12,(E19-$I$11)*$C$12/12-$C$13+1,$C$11,-$C$7),0)))) -> 0 | F21: =IF(F19=$H$11,$B$7*$B$10,0)+IF(F19=$I$11,$C$7*$C$10,0) +IF(MOD((F19-$H$11)*$B$12,12),0,IF(F19<$H$11,0,IF(F19<$H$8,$B$7*$B$9/$B$12,IF(F19<=$H$9,IPMT($B$9/$B$12,(F19-$H$11)*$B$12/12-$B$13+1,$B$11,-$B$7),0)))) +IF(MOD((F19-$I$11)*$C$12,12),0,IF(F19<$I$11,0,IF(F19<$I$8,$C$7*$C$9/$C$12,IF(F19<=$I$9,IPMT($C$9/$C$12,(F19-$I$11)*$C$12/12-$C$13+1,$C$11,-$C$7),0)))) -> 0 | G21: =IF(G19=$H$11,$B$7*$B$10,0)+IF(G19=$I$11,$C$7*$C$10,0) +IF(MOD((G19-$H$11)*$B$12,12),0,IF(G19<$H$11,0,IF(G19<$H$8,$B$7*$B$9/$B$12,IF(G19<=$H$9,IPMT($B$9/$B$12,(G19-$H$11)*$B$12/12-$B$13+1,$B$11,-$B$7),0)))) +IF(MOD((G19-$I$11)*$C$12,12),0,IF(G19<$I$11,0,IF(G19<$I$8,$C$7*$C$9/$C$12,IF(G19<=$I$9,IPMT($C$9/$C$12,(G19-$I$11)*$C$12/12-$C$13+1,$C$11,-$C$7),0)))) -> 0 | H21: =IF(H19=$H$11,$B$7*$B$10,0)+IF(H19=$I$11,$C$7*$C$10,0) +IF(MOD((H19-$H$11)*$B$12,12),0,IF(H19<$H$11,0,IF(H19<$H$8,$B$7*$B$9/$B$12,IF(H19<=$H$9,IPMT($B$9/$B$12,(H19-$H$11)*$B$12/12-$B$13+1,$B$11,-$B$7),0)))) +IF(MOD((H19-$I$11)*$C$12,12),0,IF(H19<$I$11,0,IF(H19<$I$8,$C$7*$C$9/$C$12,IF(H19<=$I$9,IPMT($C$9/$C$12,(H19-$I$11)*$C$12/12-$C$13+1,$C$11,-$C$7),0)))) -> 0 | I21: =IF(I19=$H$11,$B$7*$B$10,0)+IF(I19=$I$11,$C$7*$C$10,0) +IF(MOD((I19-$H$11)*$B$12,12),0,IF(I19<$H$11,0,IF(I19<$H$8,$B$7*$B$9/$B$12,IF(I19<=$H$9,IPMT($B$9/$B$12,(I19-$H$11)*$B$12/12-$B$13+1,$B$11,-$B$7),0)))) +IF(MOD((I19-$I$11)*$C$12,12),0,IF(I19<$I$11,0,IF(I19<$I$8,$C$7*$C$9/$C$12,IF(I19<=$I$9,IPMT($C$9/$C$12,(I19-$I$11)*$C$12/12-$C$13+1,$C$11,-$C$7),0)))) -> 0 | ... M21: =IF(M19=$H$11,$B$7*$B$10,0)+IF(M19=$I$11,$C$7*$C$10,0) +IF(MOD((M19-$H$11)*$B$12,12),0,IF(M19<$H$11,0,IF(M19<$H$8,$B$7*$B$9/$B$12,IF(M19<=$H$9,IPMT($B$9/$B$12,(M19-$H$11)*$B$12/12-$B$13+1,$B$11,-$B$7),0)))) +IF(MOD((M19-$I$11)*$C$12,12),0,IF(M19<$I$11,0,IF(M19<$I$8,$C$7*$C$9/$C$12,IF(M19<=$I$9,IPMT($C$9/$C$12,(M19-$I$11)*$C$12/12-$C$13+1,$C$11,-$C$7),0)))) -> 0 | N21: =SUM(B21:M21) -> 0
A22: Amortizaciones | B22: =IF(AND(B19>=$H$8,B19<=$H$9,MOD((B19-$H$11)*$B$12,12)=0),PPMT($B$9/$B$12,(B19-$H$11)*$B$12/12-$B$13+1,$B$11,-$B$7),0) +IF(AND(B19>=$I$8,B19<=$I$9,MOD((B19-$I$11)*$C$12,12)=0),PPMT($C$9/$C$12,(B19-$I$11)*$C$12/12-$C$13+1,$C$11,-$C$7),0) -> 0 | C22: =IF(AND(C19>=$H$8,C19<=$H$9,MOD((C19-$H$11)*$B$12,12)=0),PPMT($B$9/$B$12,(C19-$H$11)*$B$12/12-$B$13+1,$B$11,-$B$7),0) +IF(AND(C19>=$I$8,C19<=$I$9,MOD((C19-$I$11)*$C$12,12)=0),PPMT($C$9/$C$12,(C19-$I$11)*$C$12/12-$C$13+1,$C$11,-$C$7),0) -> 0 | D22: =IF(AND(D19>=$H$8,D19<=$H$9,MOD((D19-$H$11)*$B$12,12)=0),PPMT($B$9/$B$12,(D19-$H$11)*$B$12/12-$B$13+1,$B$11,-$B$7),0) +IF(AND(D19>=$I$8,D19<=$I$9,MOD((D19-$I$11)*$C$12,12)=0),PPMT($C$9/$C$12,(D19-$I$11)*$C$12/12-$C$13+1,$C$11,-$C$7),0) -> 0 | E22: =IF(AND(E19>=$H$8,E19<=$H$9,MOD((E19-$H$11)*$B$12,12)=0),PPMT($B$9/$B$12,(E19-$H$11)*$B$12/12-$B$13+1,$B$11,-$B$7),0) +IF(AND(E19>=$I$8,E19<=$I$9,MOD((E19-$I$11)*$C$12,12)=0),PPMT($C$9/$C$12,(E19-$I$11)*$C$12/12-$C$13+1,$C$11,-$C$7),0) -> 0 | F22: =IF(AND(F19>=$H$8,F19<=$H$9,MOD((F19-$H$11)*$B$12,12)=0),PPMT($B$9/$B$12,(F19-$H$11)*$B$12/12-$B$13+1,$B$11,-$B$7),0) +IF(AND(F19>=$I$8,F19<=$I$9,MOD((F19-$I$11)*$C$12,12)=0),PPMT($C$9/$C$12,(F19-$I$11)*$C$12/12-$C$13+1,$C$11,-$C$7),0) -> 0 | G22: =IF(AND(G19>=$H$8,G19<=$H$9,MOD((G19-$H$11)*$B$12,12)=0),PPMT($B$9/$B$12,(G19-$H$11)*$B$12/12-$B$13+1,$B$11,-$B$7),0) +IF(AND(G19>=$I$8,G19<=$I$9,MOD((G19-$I$11)*$C$12,12)=0),PPMT($C$9/$C$12,(G19-$I$11)*$C$12/12-$C$13+1,$C$11,-$C$7),0) -> 0 | H22: =IF(AND(H19>=$H$8,H19<=$H$9,MOD((H19-$H$11)*$B$12,12)=0),PPMT($B$9/$B$12,(H19-$H$11)*$B$12/12-$B$13+1,$B$11,-$B$7),0) +IF(AND(H19>=$I$8,H19<=$I$9,MOD((H19-$I$11)*$C$12,12)=0),PPMT($C$9/$C$12,(H19-$I$11)*$C$12/12-$C$13+1,$C$11,-$C$7),0) -> 0 | I22: =IF(AND(I19>=$H$8,I19<=$H$9,MOD((I19-$H$11)*$B$12,12)=0),PPMT($B$9/$B$12,(I19-$H$11)*$B$12/12-$B$13+1,$B$11,-$B$7),0) +IF(AND(I19>=$I$8,I19<=$I$9,MOD((I19-$I$11)*$C$12,12)=0),PPMT($C$9/$C$12,(I19-$I$11)*$C$12/12-$C$13+1,$C$11,-$C$7),0) -> 0 | ... M22: =IF(AND(M19>=$H$8,M19<=$H$9,MOD((M19-$H$11)*$B$12,12)=0),PPMT($B$9/$B$12,(M19-$H$11)*$B$12/12-$B$13+1,$B$11,-$B$7),0) +IF(AND(M19>=$I$8,M19<=$I$9,MOD((M19-$I$11)*$C$12,12)=0),PPMT($C$9/$C$12,(M19-$I$11)*$C$12/12-$C$13+1,$C$11,-$C$7),0) -> 0 | N22: =SUM(B22:M22) -> 0
A23: IVA soportado | B23: =B20*Parametros!$F$33 -> 0 | C23: =C20*Parametros!$F$33 -> 0 | D23: =D20*Parametros!$F$33 -> 0 | E23: =E20*Parametros!$F$33 -> 0 | F23: =F20*Parametros!$F$33 -> 0 | G23: =G20*Parametros!$F$33 -> 0 | H23: =H20*Parametros!$F$33 -> 0 | I23: =I20*Parametros!$F$33 -> 0 | ... M23: =M20*Parametros!$F$33 -> 0 | N23: =SUM(B23:M23) -> 0
A25: ='Datos Básicos'!C16 -> 1 | B25: =B18+1 -> 2027
A26: Periodos | B26: 13 | C26: 14 | D26: 15 | E26: 16 | F26: 17 | G26: 18 | H26: 19 | I26: 20 | J26: 21 | K26: 22 | L26: 23 | M26: 24 | N26: Total
A27: Pagos | B27: =B28+B29 -> 0 | C27: =C28+C29 -> 0 | D27: =D28+D29 -> 0 | E27: =E28+E29 -> 0 | F27: =F28+F29 -> 0 | G27: =G28+G29 -> 0 | H27: =H28+H29 -> 0 | I27: =I28+I29 -> 0 | ... M27: =M28+M29 -> 0 | N27: =SUM(B27:M27) -> 0
A28: Intereses | B28: =+IF(MOD((B26-$H$11)*$B$12,12),0,IF(B26<$H$11,0,IF(B26<$H$8,$B$7*$B$9/$B$12,IF(B26<=$H$9,IPMT($B$9/$B$12,(B26-$H$11)*$B$12/12-$B$13+1,$B$11,-$B$7),0)))) +IF(MOD((B26-$I$11)*$C$12,12),0,IF(B26<$I$11,0,IF(B26<$I$8,$C$7*$C$9/$C$12,IF(B26<=$I$9,IPMT($C$9/$C$12,(B26-$I$11)*$C$12/12-$C$13+1,$C$11,-$C$7),0)))) -> 0 | C28: =+IF(MOD((C26-$H$11)*$B$12,12),0,IF(C26<$H$11,0,IF(C26<$H$8,$B$7*$B$9/$B$12,IF(C26<=$H$9,IPMT($B$9/$B$12,(C26-$H$11)*$B$12/12-$B$13+1,$B$11,-$B$7),0)))) +IF(MOD((C26-$I$11)*$C$12,12),0,IF(C26<$I$11,0,IF(C26<$I$8,$C$7*$C$9/$C$12,IF(C26<=$I$9,IPMT($C$9/$C$12,(C26-$I$11)*$C$12/12-$C$13+1,$C$11,-$C$7),0)))) -> 0 | D28: =+IF(MOD((D26-$H$11)*$B$12,12),0,IF(D26<$H$11,0,IF(D26<$H$8,$B$7*$B$9/$B$12,IF(D26<=$H$9,IPMT($B$9/$B$12,(D26-$H$11)*$B$12/12-$B$13+1,$B$11,-$B$7),0)))) +IF(MOD((D26-$I$11)*$C$12,12),0,IF(D26<$I$11,0,IF(D26<$I$8,$C$7*$C$9/$C$12,IF(D26<=$I$9,IPMT($C$9/$C$12,(D26-$I$11)*$C$12/12-$C$13+1,$C$11,-$C$7),0)))) -> 0 | E28: =+IF(MOD((E26-$H$11)*$B$12,12),0,IF(E26<$H$11,0,IF(E26<$H$8,$B$7*$B$9/$B$12,IF(E26<=$H$9,IPMT($B$9/$B$12,(E26-$H$11)*$B$12/12-$B$13+1,$B$11,-$B$7),0)))) +IF(MOD((E26-$I$11)*$C$12,12),0,IF(E26<$I$11,0,IF(E26<$I$8,$C$7*$C$9/$C$12,IF(E26<=$I$9,IPMT($C$9/$C$12,(E26-$I$11)*$C$12/12-$C$13+1,$C$11,-$C$7),0)))) -> 0 | F28: =+IF(MOD((F26-$H$11)*$B$12,12),0,IF(F26<$H$11,0,IF(F26<$H$8,$B$7*$B$9/$B$12,IF(F26<=$H$9,IPMT($B$9/$B$12,(F26-$H$11)*$B$12/12-$B$13+1,$B$11,-$B$7),0)))) +IF(MOD((F26-$I$11)*$C$12,12),0,IF(F26<$I$11,0,IF(F26<$I$8,$C$7*$C$9/$C$12,IF(F26<=$I$9,IPMT($C$9/$C$12,(F26-$I$11)*$C$12/12-$C$13+1,$C$11,-$C$7),0)))) -> 0 | G28: =+IF(MOD((G26-$H$11)*$B$12,12),0,IF(G26<$H$11,0,IF(G26<$H$8,$B$7*$B$9/$B$12,IF(G26<=$H$9,IPMT($B$9/$B$12,(G26-$H$11)*$B$12/12-$B$13+1,$B$11,-$B$7),0)))) +IF(MOD((G26-$I$11)*$C$12,12),0,IF(G26<$I$11,0,IF(G26<$I$8,$C$7*$C$9/$C$12,IF(G26<=$I$9,IPMT($C$9/$C$12,(G26-$I$11)*$C$12/12-$C$13+1,$C$11,-$C$7),0)))) -> 0 | H28: =+IF(MOD((H26-$H$11)*$B$12,12),0,IF(H26<$H$11,0,IF(H26<$H$8,$B$7*$B$9/$B$12,IF(H26<=$H$9,IPMT($B$9/$B$12,(H26-$H$11)*$B$12/12-$B$13+1,$B$11,-$B$7),0)))) +IF(MOD((H26-$I$11)*$C$12,12),0,IF(H26<$I$11,0,IF(H26<$I$8,$C$7*$C$9/$C$12,IF(H26<=$I$9,IPMT($C$9/$C$12,(H26-$I$11)*$C$12/12-$C$13+1,$C$11,-$C$7),0)))) -> 0 | I28: =+IF(MOD((I26-$H$11)*$B$12,12),0,IF(I26<$H$11,0,IF(I26<$H$8,$B$7*$B$9/$B$12,IF(I26<=$H$9,IPMT($B$9/$B$12,(I26-$H$11)*$B$12/12-$B$13+1,$B$11,-$B$7),0)))) +IF(MOD((I26-$I$11)*$C$12,12),0,IF(I26<$I$11,0,IF(I26<$I$8,$C$7*$C$9/$C$12,IF(I26<=$I$9,IPMT($C$9/$C$12,(I26-$I$11)*$C$12/12-$C$13+1,$C$11,-$C$7),0)))) -> 0 | ... M28: =+IF(MOD((M26-$H$11)*$B$12,12),0,IF(M26<$H$11,0,IF(M26<$H$8,$B$7*$B$9/$B$12,IF(M26<=$H$9,IPMT($B$9/$B$12,(M26-$H$11)*$B$12/12-$B$13+1,$B$11,-$B$7),0)))) +IF(MOD((M26-$I$11)*$C$12,12),0,IF(M26<$I$11,0,IF(M26<$I$8,$C$7*$C$9/$C$12,IF(M26<=$I$9,IPMT($C$9/$C$12,(M26-$I$11)*$C$12/12-$C$13+1,$C$11,-$C$7),0)))) -> 0 | N28: =SUM(B28:M28) -> 0
A29: Amortizaciones | B29: =IF(AND(B26>=$H$8,B26<=$H$9,MOD((B26-$H$11)*$B$12,12)=0),PPMT($B$9/$B$12,(B26-$H$11)*$B$12/12-$B$13+1,$B$11,-$B$7),0) +IF(AND(B26>=$I$8,B26<=$I$9,MOD((B26-$I$11)*$C$12,12)=0),PPMT($C$9/$C$12,(B26-$I$11)*$C$12/12-$C$13+1,$C$11,-$C$7),0) -> 0 | C29: =IF(AND(C26>=$H$8,C26<=$H$9,MOD((C26-$H$11)*$B$12,12)=0),PPMT($B$9/$B$12,(C26-$H$11)*$B$12/12-$B$13+1,$B$11,-$B$7),0) +IF(AND(C26>=$I$8,C26<=$I$9,MOD((C26-$I$11)*$C$12,12)=0),PPMT($C$9/$C$12,(C26-$I$11)*$C$12/12-$C$13+1,$C$11,-$C$7),0) -> 0 | D29: =IF(AND(D26>=$H$8,D26<=$H$9,MOD((D26-$H$11)*$B$12,12)=0),PPMT($B$9/$B$12,(D26-$H$11)*$B$12/12-$B$13+1,$B$11,-$B$7),0) +IF(AND(D26>=$I$8,D26<=$I$9,MOD((D26-$I$11)*$C$12,12)=0),PPMT($C$9/$C$12,(D26-$I$11)*$C$12/12-$C$13+1,$C$11,-$C$7),0) -> 0 | E29: =IF(AND(E26>=$H$8,E26<=$H$9,MOD((E26-$H$11)*$B$12,12)=0),PPMT($B$9/$B$12,(E26-$H$11)*$B$12/12-$B$13+1,$B$11,-$B$7),0) +IF(AND(E26>=$I$8,E26<=$I$9,MOD((E26-$I$11)*$C$12,12)=0),PPMT($C$9/$C$12,(E26-$I$11)*$C$12/12-$C$13+1,$C$11,-$C$7),0) -> 0 | F29: =IF(AND(F26>=$H$8,F26<=$H$9,MOD((F26-$H$11)*$B$12,12)=0),PPMT($B$9/$B$12,(F26-$H$11)*$B$12/12-$B$13+1,$B$11,-$B$7),0) +IF(AND(F26>=$I$8,F26<=$I$9,MOD((F26-$I$11)*$C$12,12)=0),PPMT($C$9/$C$12,(F26-$I$11)*$C$12/12-$C$13+1,$C$11,-$C$7),0) -> 0 | G29: =IF(AND(G26>=$H$8,G26<=$H$9,MOD((G26-$H$11)*$B$12,12)=0),PPMT($B$9/$B$12,(G26-$H$11)*$B$12/12-$B$13+1,$B$11,-$B$7),0) +IF(AND(G26>=$I$8,G26<=$I$9,MOD((G26-$I$11)*$C$12,12)=0),PPMT($C$9/$C$12,(G26-$I$11)*$C$12/12-$C$13+1,$C$11,-$C$7),0) -> 0 | H29: =IF(AND(H26>=$H$8,H26<=$H$9,MOD((H26-$H$11)*$B$12,12)=0),PPMT($B$9/$B$12,(H26-$H$11)*$B$12/12-$B$13+1,$B$11,-$B$7),0) +IF(AND(H26>=$I$8,H26<=$I$9,MOD((H26-$I$11)*$C$12,12)=0),PPMT($C$9/$C$12,(H26-$I$11)*$C$12/12-$C$13+1,$C$11,-$C$7),0) -> 0 | I29: =IF(AND(I26>=$H$8,I26<=$H$9,MOD((I26-$H$11)*$B$12,12)=0),PPMT($B$9/$B$12,(I26-$H$11)*$B$12/12-$B$13+1,$B$11,-$B$7),0) +IF(AND(I26>=$I$8,I26<=$I$9,MOD((I26-$I$11)*$C$12,12)=0),PPMT($C$9/$C$12,(I26-$I$11)*$C$12/12-$C$13+1,$C$11,-$C$7),0) -> 0 | ... M29: =IF(AND(M26>=$H$8,M26<=$H$9,MOD((M26-$H$11)*$B$12,12)=0),PPMT($B$9/$B$12,(M26-$H$11)*$B$12/12-$B$13+1,$B$11,-$B$7),0) +IF(AND(M26>=$I$8,M26<=$I$9,MOD((M26-$I$11)*$C$12,12)=0),PPMT($C$9/$C$12,(M26-$I$11)*$C$12/12-$C$13+1,$C$11,-$C$7),0) -> 0 | N29: =SUM(B29:M29) -> 0
A30: IVA soportado | B30: =B27*Parametros!$F$33 -> 0 | C30: =C27*Parametros!$F$33 -> 0 | D30: =D27*Parametros!$F$33 -> 0 | E30: =E27*Parametros!$F$33 -> 0 | F30: =F27*Parametros!$F$33 -> 0 | G30: =G27*Parametros!$F$33 -> 0 | H30: =H27*Parametros!$F$33 -> 0 | I30: =I27*Parametros!$F$33 -> 0 | ... M30: =M27*Parametros!$F$33 -> 0 | N30: =SUM(B30:M30) -> 0
A32: =A25+1 -> 2 | B32: =B25+1 -> 2028
A33: Periodos | B33: 25 | C33: 26 | D33: 27 | E33: 28 | F33: 29 | G33: 30 | H33: 31 | I33: 32 | J33: 33 | K33: 34 | L33: 35 | M33: 36 | N33: Total
A34: Pagos | B34: =B35+B36 -> 0 | C34: =C35+C36 -> 0 | D34: =D35+D36 -> 0 | E34: =E35+E36 -> 0 | F34: =F35+F36 -> 0 | G34: =G35+G36 -> 0 | H34: =H35+H36 -> 0 | I34: =I35+I36 -> 0 | ... M34: =M35+M36 -> 0 | N34: =SUM(B34:M34) -> 0
A35: Intereses | B35: =+IF(MOD((B33-$H$11)*$B$12,12),0,IF(B33<$H$8,$B$7*$B$9/$B$12,IF(B33<=$H$9,IPMT($B$9/$B$12,(B33-$H$11)*$B$12/12-$B$13+1,$B$11,-$B$7),0))) +IF(MOD((B33-$I$11)*$C$12,12),0,IF(B33<$I$8,$C$7*$C$9/$C$12,IF(B33<=$I$9,IPMT($C$9/$C$12,(B33-$I$11)*$C$12/12-$C$13+1,$C$11,-$C$7),0))) -> 0 | C35: =+IF(MOD((C33-$H$11)*$B$12,12),0,IF(C33<$H$8,$B$7*$B$9/$B$12,IF(C33<=$H$9,IPMT($B$9/$B$12,(C33-$H$11)*$B$12/12-$B$13+1,$B$11,-$B$7),0))) +IF(MOD((C33-$I$11)*$C$12,12),0,IF(C33<$I$8,$C$7*$C$9/$C$12,IF(C33<=$I$9,IPMT($C$9/$C$12,(C33-$I$11)*$C$12/12-$C$13+1,$C$11,-$C$7),0))) -> 0 | D35: =+IF(MOD((D33-$H$11)*$B$12,12),0,IF(D33<$H$8,$B$7*$B$9/$B$12,IF(D33<=$H$9,IPMT($B$9/$B$12,(D33-$H$11)*$B$12/12-$B$13+1,$B$11,-$B$7),0))) +IF(MOD((D33-$I$11)*$C$12,12),0,IF(D33<$I$8,$C$7*$C$9/$C$12,IF(D33<=$I$9,IPMT($C$9/$C$12,(D33-$I$11)*$C$12/12-$C$13+1,$C$11,-$C$7),0))) -> 0 | E35: =+IF(MOD((E33-$H$11)*$B$12,12),0,IF(E33<$H$8,$B$7*$B$9/$B$12,IF(E33<=$H$9,IPMT($B$9/$B$12,(E33-$H$11)*$B$12/12-$B$13+1,$B$11,-$B$7),0))) +IF(MOD((E33-$I$11)*$C$12,12),0,IF(E33<$I$8,$C$7*$C$9/$C$12,IF(E33<=$I$9,IPMT($C$9/$C$12,(E33-$I$11)*$C$12/12-$C$13+1,$C$11,-$C$7),0))) -> 0 | F35: =+IF(MOD((F33-$H$11)*$B$12,12),0,IF(F33<$H$8,$B$7*$B$9/$B$12,IF(F33<=$H$9,IPMT($B$9/$B$12,(F33-$H$11)*$B$12/12-$B$13+1,$B$11,-$B$7),0))) +IF(MOD((F33-$I$11)*$C$12,12),0,IF(F33<$I$8,$C$7*$C$9/$C$12,IF(F33<=$I$9,IPMT($C$9/$C$12,(F33-$I$11)*$C$12/12-$C$13+1,$C$11,-$C$7),0))) -> 0 | G35: =+IF(MOD((G33-$H$11)*$B$12,12),0,IF(G33<$H$8,$B$7*$B$9/$B$12,IF(G33<=$H$9,IPMT($B$9/$B$12,(G33-$H$11)*$B$12/12-$B$13+1,$B$11,-$B$7),0))) +IF(MOD((G33-$I$11)*$C$12,12),0,IF(G33<$I$8,$C$7*$C$9/$C$12,IF(G33<=$I$9,IPMT($C$9/$C$12,(G33-$I$11)*$C$12/12-$C$13+1,$C$11,-$C$7),0))) -> 0 | H35: =+IF(MOD((H33-$H$11)*$B$12,12),0,IF(H33<$H$8,$B$7*$B$9/$B$12,IF(H33<=$H$9,IPMT($B$9/$B$12,(H33-$H$11)*$B$12/12-$B$13+1,$B$11,-$B$7),0))) +IF(MOD((H33-$I$11)*$C$12,12),0,IF(H33<$I$8,$C$7*$C$9/$C$12,IF(H33<=$I$9,IPMT($C$9/$C$12,(H33-$I$11)*$C$12/12-$C$13+1,$C$11,-$C$7),0))) -> 0 | I35: =+IF(MOD((I33-$H$11)*$B$12,12),0,IF(I33<$H$8,$B$7*$B$9/$B$12,IF(I33<=$H$9,IPMT($B$9/$B$12,(I33-$H$11)*$B$12/12-$B$13+1,$B$11,-$B$7),0))) +IF(MOD((I33-$I$11)*$C$12,12),0,IF(I33<$I$8,$C$7*$C$9/$C$12,IF(I33<=$I$9,IPMT($C$9/$C$12,(I33-$I$11)*$C$12/12-$C$13+1,$C$11,-$C$7),0))) -> 0 | ... M35: =+IF(MOD((M33-$H$11)*$B$12,12),0,IF(M33<$H$8,$B$7*$B$9/$B$12,IF(M33<=$H$9,IPMT($B$9/$B$12,(M33-$H$11)*$B$12/12-$B$13+1,$B$11,-$B$7),0))) +IF(MOD((M33-$I$11)*$C$12,12),0,IF(M33<$I$8,$C$7*$C$9/$C$12,IF(M33<=$I$9,IPMT($C$9/$C$12,(M33-$I$11)*$C$12/12-$C$13+1,$C$11,-$C$7),0))) -> 0 | N35: =SUM(B35:M35) -> 0
A36: Amortizaciones | B36: =IF(AND(B33>=$H$8,B33<=$H$9,MOD((B33-$H$11)*$B$12,12)=0),PPMT($B$9/$B$12,(B33-$H$11)*$B$12/12-$B$13+1,$B$11,-$B$7),0) +IF(AND(B33>=$I$8,B33<=$I$9,MOD((B33-$I$11)*$C$12,12)=0),PPMT($C$9/$C$12,(B33-$I$11)*$C$12/12-$C$13+1,$C$11,-$C$7),0) -> 0 | C36: =IF(AND(C33>=$H$8,C33<=$H$9,MOD((C33-$H$11)*$B$12,12)=0),PPMT($B$9/$B$12,(C33-$H$11)*$B$12/12-$B$13+1,$B$11,-$B$7),0) +IF(AND(C33>=$I$8,C33<=$I$9,MOD((C33-$I$11)*$C$12,12)=0),PPMT($C$9/$C$12,(C33-$I$11)*$C$12/12-$C$13+1,$C$11,-$C$7),0) -> 0 | D36: =IF(AND(D33>=$H$8,D33<=$H$9,MOD((D33-$H$11)*$B$12,12)=0),PPMT($B$9/$B$12,(D33-$H$11)*$B$12/12-$B$13+1,$B$11,-$B$7),0) +IF(AND(D33>=$I$8,D33<=$I$9,MOD((D33-$I$11)*$C$12,12)=0),PPMT($C$9/$C$12,(D33-$I$11)*$C$12/12-$C$13+1,$C$11,-$C$7),0) -> 0 | E36: =IF(AND(E33>=$H$8,E33<=$H$9,MOD((E33-$H$11)*$B$12,12)=0),PPMT($B$9/$B$12,(E33-$H$11)*$B$12/12-$B$13+1,$B$11,-$B$7),0) +IF(AND(E33>=$I$8,E33<=$I$9,MOD((E33-$I$11)*$C$12,12)=0),PPMT($C$9/$C$12,(E33-$I$11)*$C$12/12-$C$13+1,$C$11,-$C$7),0) -> 0 | F36: =IF(AND(F33>=$H$8,F33<=$H$9,MOD((F33-$H$11)*$B$12,12)=0),PPMT($B$9/$B$12,(F33-$H$11)*$B$12/12-$B$13+1,$B$11,-$B$7),0) +IF(AND(F33>=$I$8,F33<=$I$9,MOD((F33-$I$11)*$C$12,12)=0),PPMT($C$9/$C$12,(F33-$I$11)*$C$12/12-$C$13+1,$C$11,-$C$7),0) -> 0 | G36: =IF(AND(G33>=$H$8,G33<=$H$9,MOD((G33-$H$11)*$B$12,12)=0),PPMT($B$9/$B$12,(G33-$H$11)*$B$12/12-$B$13+1,$B$11,-$B$7),0) +IF(AND(G33>=$I$8,G33<=$I$9,MOD((G33-$I$11)*$C$12,12)=0),PPMT($C$9/$C$12,(G33-$I$11)*$C$12/12-$C$13+1,$C$11,-$C$7),0) -> 0 | H36: =IF(AND(H33>=$H$8,H33<=$H$9,MOD((H33-$H$11)*$B$12,12)=0),PPMT($B$9/$B$12,(H33-$H$11)*$B$12/12-$B$13+1,$B$11,-$B$7),0) +IF(AND(H33>=$I$8,H33<=$I$9,MOD((H33-$I$11)*$C$12,12)=0),PPMT($C$9/$C$12,(H33-$I$11)*$C$12/12-$C$13+1,$C$11,-$C$7),0) -> 0 | I36: =IF(AND(I33>=$H$8,I33<=$H$9,MOD((I33-$H$11)*$B$12,12)=0),PPMT($B$9/$B$12,(I33-$H$11)*$B$12/12-$B$13+1,$B$11,-$B$7),0) +IF(AND(I33>=$I$8,I33<=$I$9,MOD((I33-$I$11)*$C$12,12)=0),PPMT($C$9/$C$12,(I33-$I$11)*$C$12/12-$C$13+1,$C$11,-$C$7),0) -> 0 | ... M36: =IF(AND(M33>=$H$8,M33<=$H$9,MOD((M33-$H$11)*$B$12,12)=0),PPMT($B$9/$B$12,(M33-$H$11)*$B$12/12-$B$13+1,$B$11,-$B$7),0) +IF(AND(M33>=$I$8,M33<=$I$9,MOD((M33-$I$11)*$C$12,12)=0),PPMT($C$9/$C$12,(M33-$I$11)*$C$12/12-$C$13+1,$C$11,-$C$7),0) -> 0 | N36: =SUM(B36:M36) -> 0
A37: IVA soportado | B37: =B34*Parametros!$F$33 -> 0 | C37: =C34*Parametros!$F$33 -> 0 | D37: =D34*Parametros!$F$33 -> 0 | E37: =E34*Parametros!$F$33 -> 0 | F37: =F34*Parametros!$F$33 -> 0 | G37: =G34*Parametros!$F$33 -> 0 | H37: =H34*Parametros!$F$33 -> 0 | I37: =I34*Parametros!$F$33 -> 0 | ... M37: =M34*Parametros!$F$33 -> 0 | N37: =SUM(B37:M37) -> 0
A39: =A32+1 -> 3 | B39: =B32+1 -> 2029
A40: Periodos | B40: 37 | C40: 38 | D40: 39 | E40: 40 | F40: 41 | G40: 42 | H40: 43 | I40: 44 | J40: 45 | K40: 46 | L40: 47 | M40: 48 | N40: Total
A41: Pagos | B41: =B42+B43 -> 0 | C41: =C42+C43 -> 0 | D41: =D42+D43 -> 0 | E41: =E42+E43 -> 0 | F41: =F42+F43 -> 0 | G41: =G42+G43 -> 0 | H41: =H42+H43 -> 0 | I41: =I42+I43 -> 0 | ... M41: =M42+M43 -> 0 | N41: =SUM(B41:M41) -> 0
A42: Intereses | B42: =+IF(MOD((B40-$H$11)*$B$12,12),0,IF(B40<$H$8,$B$7*$B$9/$B$12,IF(B40<=$H$9,IPMT($B$9/$B$12,(B40-$H$11)*$B$12/12-$B$13+1,$B$11,-$B$7),0))) +IF(MOD((B40-$I$11)*$C$12,12),0,IF(B40<$I$8,$C$7*$C$9/$C$12,IF(B40<=$I$9,IPMT($C$9/$C$12,(B40-$I$11)*$C$12/12-$C$13+1,$C$11,-$C$7),0))) -> 0 | C42: =+IF(MOD((C40-$H$11)*$B$12,12),0,IF(C40<$H$8,$B$7*$B$9/$B$12,IF(C40<=$H$9,IPMT($B$9/$B$12,(C40-$H$11)*$B$12/12-$B$13+1,$B$11,-$B$7),0))) +IF(MOD((C40-$I$11)*$C$12,12),0,IF(C40<$I$8,$C$7*$C$9/$C$12,IF(C40<=$I$9,IPMT($C$9/$C$12,(C40-$I$11)*$C$12/12-$C$13+1,$C$11,-$C$7),0))) -> 0 | D42: =+IF(MOD((D40-$H$11)*$B$12,12),0,IF(D40<$H$8,$B$7*$B$9/$B$12,IF(D40<=$H$9,IPMT($B$9/$B$12,(D40-$H$11)*$B$12/12-$B$13+1,$B$11,-$B$7),0))) +IF(MOD((D40-$I$11)*$C$12,12),0,IF(D40<$I$8,$C$7*$C$9/$C$12,IF(D40<=$I$9,IPMT($C$9/$C$12,(D40-$I$11)*$C$12/12-$C$13+1,$C$11,-$C$7),0))) -> 0 | E42: =+IF(MOD((E40-$H$11)*$B$12,12),0,IF(E40<$H$8,$B$7*$B$9/$B$12,IF(E40<=$H$9,IPMT($B$9/$B$12,(E40-$H$11)*$B$12/12-$B$13+1,$B$11,-$B$7),0))) +IF(MOD((E40-$I$11)*$C$12,12),0,IF(E40<$I$8,$C$7*$C$9/$C$12,IF(E40<=$I$9,IPMT($C$9/$C$12,(E40-$I$11)*$C$12/12-$C$13+1,$C$11,-$C$7),0))) -> 0 | F42: =+IF(MOD((F40-$H$11)*$B$12,12),0,IF(F40<$H$8,$B$7*$B$9/$B$12,IF(F40<=$H$9,IPMT($B$9/$B$12,(F40-$H$11)*$B$12/12-$B$13+1,$B$11,-$B$7),0))) +IF(MOD((F40-$I$11)*$C$12,12),0,IF(F40<$I$8,$C$7*$C$9/$C$12,IF(F40<=$I$9,IPMT($C$9/$C$12,(F40-$I$11)*$C$12/12-$C$13+1,$C$11,-$C$7),0))) -> 0 | G42: =+IF(MOD((G40-$H$11)*$B$12,12),0,IF(G40<$H$8,$B$7*$B$9/$B$12,IF(G40<=$H$9,IPMT($B$9/$B$12,(G40-$H$11)*$B$12/12-$B$13+1,$B$11,-$B$7),0))) +IF(MOD((G40-$I$11)*$C$12,12),0,IF(G40<$I$8,$C$7*$C$9/$C$12,IF(G40<=$I$9,IPMT($C$9/$C$12,(G40-$I$11)*$C$12/12-$C$13+1,$C$11,-$C$7),0))) -> 0 | H42: =+IF(MOD((H40-$H$11)*$B$12,12),0,IF(H40<$H$8,$B$7*$B$9/$B$12,IF(H40<=$H$9,IPMT($B$9/$B$12,(H40-$H$11)*$B$12/12-$B$13+1,$B$11,-$B$7),0))) +IF(MOD((H40-$I$11)*$C$12,12),0,IF(H40<$I$8,$C$7*$C$9/$C$12,IF(H40<=$I$9,IPMT($C$9/$C$12,(H40-$I$11)*$C$12/12-$C$13+1,$C$11,-$C$7),0))) -> 0 | I42: =+IF(MOD((I40-$H$11)*$B$12,12),0,IF(I40<$H$8,$B$7*$B$9/$B$12,IF(I40<=$H$9,IPMT($B$9/$B$12,(I40-$H$11)*$B$12/12-$B$13+1,$B$11,-$B$7),0))) +IF(MOD((I40-$I$11)*$C$12,12),0,IF(I40<$I$8,$C$7*$C$9/$C$12,IF(I40<=$I$9,IPMT($C$9/$C$12,(I40-$I$11)*$C$12/12-$C$13+1,$C$11,-$C$7),0))) -> 0 | ... M42: =+IF(MOD((M40-$H$11)*$B$12,12),0,IF(M40<$H$8,$B$7*$B$9/$B$12,IF(M40<=$H$9,IPMT($B$9/$B$12,(M40-$H$11)*$B$12/12-$B$13+1,$B$11,-$B$7),0))) +IF(MOD((M40-$I$11)*$C$12,12),0,IF(M40<$I$8,$C$7*$C$9/$C$12,IF(M40<=$I$9,IPMT($C$9/$C$12,(M40-$I$11)*$C$12/12-$C$13+1,$C$11,-$C$7),0))) -> 0 | N42: =SUM(B42:M42) -> 0
A43: Amortizaciones | B43: =IF(AND(B40>=$H$8,B40<=$H$9,MOD((B40-$H$11)*$B$12,12)=0),PPMT($B$9/$B$12,(B40-$H$11)*$B$12/12-$B$13+1,$B$11,-$B$7),0) +IF(AND(B40>=$I$8,B40<=$I$9,MOD((B40-$I$11)*$C$12,12)=0),PPMT($C$9/$C$12,(B40-$I$11)*$C$12/12-$C$13+1,$C$11,-$C$7),0) -> 0 | C43: =IF(AND(C40>=$H$8,C40<=$H$9,MOD((C40-$H$11)*$B$12,12)=0),PPMT($B$9/$B$12,(C40-$H$11)*$B$12/12-$B$13+1,$B$11,-$B$7),0) +IF(AND(C40>=$I$8,C40<=$I$9,MOD((C40-$I$11)*$C$12,12)=0),PPMT($C$9/$C$12,(C40-$I$11)*$C$12/12-$C$13+1,$C$11,-$C$7),0) -> 0 | D43: =IF(AND(D40>=$H$8,D40<=$H$9,MOD((D40-$H$11)*$B$12,12)=0),PPMT($B$9/$B$12,(D40-$H$11)*$B$12/12-$B$13+1,$B$11,-$B$7),0) +IF(AND(D40>=$I$8,D40<=$I$9,MOD((D40-$I$11)*$C$12,12)=0),PPMT($C$9/$C$12,(D40-$I$11)*$C$12/12-$C$13+1,$C$11,-$C$7),0) -> 0 | E43: =IF(AND(E40>=$H$8,E40<=$H$9,MOD((E40-$H$11)*$B$12,12)=0),PPMT($B$9/$B$12,(E40-$H$11)*$B$12/12-$B$13+1,$B$11,-$B$7),0) +IF(AND(E40>=$I$8,E40<=$I$9,MOD((E40-$I$11)*$C$12,12)=0),PPMT($C$9/$C$12,(E40-$I$11)*$C$12/12-$C$13+1,$C$11,-$C$7),0) -> 0 | F43: =IF(AND(F40>=$H$8,F40<=$H$9,MOD((F40-$H$11)*$B$12,12)=0),PPMT($B$9/$B$12,(F40-$H$11)*$B$12/12-$B$13+1,$B$11,-$B$7),0) +IF(AND(F40>=$I$8,F40<=$I$9,MOD((F40-$I$11)*$C$12,12)=0),PPMT($C$9/$C$12,(F40-$I$11)*$C$12/12-$C$13+1,$C$11,-$C$7),0) -> 0 | G43: =IF(AND(G40>=$H$8,G40<=$H$9,MOD((G40-$H$11)*$B$12,12)=0),PPMT($B$9/$B$12,(G40-$H$11)*$B$12/12-$B$13+1,$B$11,-$B$7),0) +IF(AND(G40>=$I$8,G40<=$I$9,MOD((G40-$I$11)*$C$12,12)=0),PPMT($C$9/$C$12,(G40-$I$11)*$C$12/12-$C$13+1,$C$11,-$C$7),0) -> 0 | H43: =IF(AND(H40>=$H$8,H40<=$H$9,MOD((H40-$H$11)*$B$12,12)=0),PPMT($B$9/$B$12,(H40-$H$11)*$B$12/12-$B$13+1,$B$11,-$B$7),0) +IF(AND(H40>=$I$8,H40<=$I$9,MOD((H40-$I$11)*$C$12,12)=0),PPMT($C$9/$C$12,(H40-$I$11)*$C$12/12-$C$13+1,$C$11,-$C$7),0) -> 0 | I43: =IF(AND(I40>=$H$8,I40<=$H$9,MOD((I40-$H$11)*$B$12,12)=0),PPMT($B$9/$B$12,(I40-$H$11)*$B$12/12-$B$13+1,$B$11,-$B$7),0) +IF(AND(I40>=$I$8,I40<=$I$9,MOD((I40-$I$11)*$C$12,12)=0),PPMT($C$9/$C$12,(I40-$I$11)*$C$12/12-$C$13+1,$C$11,-$C$7),0) -> 0 | ... M43: =IF(AND(M40>=$H$8,M40<=$H$9,MOD((M40-$H$11)*$B$12,12)=0),PPMT($B$9/$B$12,(M40-$H$11)*$B$12/12-$B$13+1,$B$11,-$B$7),0) +IF(AND(M40>=$I$8,M40<=$I$9,MOD((M40-$I$11)*$C$12,12)=0),PPMT($C$9/$C$12,(M40-$I$11)*$C$12/12-$C$13+1,$C$11,-$C$7),0) -> 0 | N43: =SUM(B43:M43) -> 0
A44: IVA soportado | B44: =B41*Parametros!$F$33 -> 0 | C44: =C41*Parametros!$F$33 -> 0 | D44: =D41*Parametros!$F$33 -> 0 | E44: =E41*Parametros!$F$33 -> 0 | F44: =F41*Parametros!$F$33 -> 0 | G44: =G41*Parametros!$F$33 -> 0 | H44: =H41*Parametros!$F$33 -> 0 | I44: =I41*Parametros!$F$33 -> 0 | ... M44: =M41*Parametros!$F$33 -> 0 | N44: =SUM(B44:M44) -> 0
A46: =A39+1 -> 4 | B46: =B39+1 -> 2030
A47: Periodos | B47: 49 | C47: 50 | D47: 51 | E47: 52 | F47: 53 | G47: 54 | H47: 55 | I47: 56 | J47: 57 | K47: 58 | L47: 59 | M47: 60 | N47: Total
A48: Pagos | B48: =B49+B50 -> 0 | C48: =C49+C50 -> 0 | D48: =D49+D50 -> 0 | E48: =E49+E50 -> 0 | F48: =F49+F50 -> 0 | G48: =G49+G50 -> 0 | H48: =H49+H50 -> 0 | I48: =I49+I50 -> 0 | ... M48: =M49+M50 -> 0 | N48: =SUM(B48:M48) -> 0
A49: Intereses | B49: =+IF(MOD((B47-$H$11)*$B$12,12),0,IF(B47<$H$8,$B$7*$B$9/$B$12,IF(B47<=$H$9,IPMT($B$9/$B$12,(B47-$H$11)*$B$12/12-$B$13+1,$B$11,-$B$7),0))) +IF(MOD((B47-$I$11)*$C$12,12),0,IF(B47<$I$8,$C$7*$C$9/$C$12,IF(B47<=$I$9,IPMT($C$9/$C$12,(B47-$I$11)*$C$12/12-$C$13+1,$C$11,-$C$7),0))) -> 0 | C49: =+IF(MOD((C47-$H$11)*$B$12,12),0,IF(C47<$H$8,$B$7*$B$9/$B$12,IF(C47<=$H$9,IPMT($B$9/$B$12,(C47-$H$11)*$B$12/12-$B$13+1,$B$11,-$B$7),0))) +IF(MOD((C47-$I$11)*$C$12,12),0,IF(C47<$I$8,$C$7*$C$9/$C$12,IF(C47<=$I$9,IPMT($C$9/$C$12,(C47-$I$11)*$C$12/12-$C$13+1,$C$11,-$C$7),0))) -> 0 | D49: =+IF(MOD((D47-$H$11)*$B$12,12),0,IF(D47<$H$8,$B$7*$B$9/$B$12,IF(D47<=$H$9,IPMT($B$9/$B$12,(D47-$H$11)*$B$12/12-$B$13+1,$B$11,-$B$7),0))) +IF(MOD((D47-$I$11)*$C$12,12),0,IF(D47<$I$8,$C$7*$C$9/$C$12,IF(D47<=$I$9,IPMT($C$9/$C$12,(D47-$I$11)*$C$12/12-$C$13+1,$C$11,-$C$7),0))) -> 0 | E49: =+IF(MOD((E47-$H$11)*$B$12,12),0,IF(E47<$H$8,$B$7*$B$9/$B$12,IF(E47<=$H$9,IPMT($B$9/$B$12,(E47-$H$11)*$B$12/12-$B$13+1,$B$11,-$B$7),0))) +IF(MOD((E47-$I$11)*$C$12,12),0,IF(E47<$I$8,$C$7*$C$9/$C$12,IF(E47<=$I$9,IPMT($C$9/$C$12,(E47-$I$11)*$C$12/12-$C$13+1,$C$11,-$C$7),0))) -> 0 | F49: =+IF(MOD((F47-$H$11)*$B$12,12),0,IF(F47<$H$8,$B$7*$B$9/$B$12,IF(F47<=$H$9,IPMT($B$9/$B$12,(F47-$H$11)*$B$12/12-$B$13+1,$B$11,-$B$7),0))) +IF(MOD((F47-$I$11)*$C$12,12),0,IF(F47<$I$8,$C$7*$C$9/$C$12,IF(F47<=$I$9,IPMT($C$9/$C$12,(F47-$I$11)*$C$12/12-$C$13+1,$C$11,-$C$7),0))) -> 0 | G49: =+IF(MOD((G47-$H$11)*$B$12,12),0,IF(G47<$H$8,$B$7*$B$9/$B$12,IF(G47<=$H$9,IPMT($B$9/$B$12,(G47-$H$11)*$B$12/12-$B$13+1,$B$11,-$B$7),0))) +IF(MOD((G47-$I$11)*$C$12,12),0,IF(G47<$I$8,$C$7*$C$9/$C$12,IF(G47<=$I$9,IPMT($C$9/$C$12,(G47-$I$11)*$C$12/12-$C$13+1,$C$11,-$C$7),0))) -> 0 | H49: =+IF(MOD((H47-$H$11)*$B$12,12),0,IF(H47<$H$8,$B$7*$B$9/$B$12,IF(H47<=$H$9,IPMT($B$9/$B$12,(H47-$H$11)*$B$12/12-$B$13+1,$B$11,-$B$7),0))) +IF(MOD((H47-$I$11)*$C$12,12),0,IF(H47<$I$8,$C$7*$C$9/$C$12,IF(H47<=$I$9,IPMT($C$9/$C$12,(H47-$I$11)*$C$12/12-$C$13+1,$C$11,-$C$7),0))) -> 0 | I49: =+IF(MOD((I47-$H$11)*$B$12,12),0,IF(I47<$H$8,$B$7*$B$9/$B$12,IF(I47<=$H$9,IPMT($B$9/$B$12,(I47-$H$11)*$B$12/12-$B$13+1,$B$11,-$B$7),0))) +IF(MOD((I47-$I$11)*$C$12,12),0,IF(I47<$I$8,$C$7*$C$9/$C$12,IF(I47<=$I$9,IPMT($C$9/$C$12,(I47-$I$11)*$C$12/12-$C$13+1,$C$11,-$C$7),0))) -> 0 | ... M49: =+IF(MOD((M47-$H$11)*$B$12,12),0,IF(M47<$H$8,$B$7*$B$9/$B$12,IF(M47<=$H$9,IPMT($B$9/$B$12,(M47-$H$11)*$B$12/12-$B$13+1,$B$11,-$B$7),0))) +IF(MOD((M47-$I$11)*$C$12,12),0,IF(M47<$I$8,$C$7*$C$9/$C$12,IF(M47<=$I$9,IPMT($C$9/$C$12,(M47-$I$11)*$C$12/12-$C$13+1,$C$11,-$C$7),0))) -> 0 | N49: =SUM(B49:M49) -> 0
A50: Amortizaciones | B50: =IF(AND(B47>=$H$8,B47<=$H$9,MOD((B47-$H$11)*$B$12,12)=0),PPMT($B$9/$B$12,(B47-$H$11)*$B$12/12-$B$13+1,$B$11,-$B$7),0) +IF(AND(B47>=$I$8,B47<=$I$9,MOD((B47-$I$11)*$C$12,12)=0),PPMT($C$9/$C$12,(B47-$I$11)*$C$12/12-$C$13+1,$C$11,-$C$7),0) -> 0 | C50: =IF(AND(C47>=$H$8,C47<=$H$9,MOD((C47-$H$11)*$B$12,12)=0),PPMT($B$9/$B$12,(C47-$H$11)*$B$12/12-$B$13+1,$B$11,-$B$7),0) +IF(AND(C47>=$I$8,C47<=$I$9,MOD((C47-$I$11)*$C$12,12)=0),PPMT($C$9/$C$12,(C47-$I$11)*$C$12/12-$C$13+1,$C$11,-$C$7),0) -> 0 | D50: =IF(AND(D47>=$H$8,D47<=$H$9,MOD((D47-$H$11)*$B$12,12)=0),PPMT($B$9/$B$12,(D47-$H$11)*$B$12/12-$B$13+1,$B$11,-$B$7),0) +IF(AND(D47>=$I$8,D47<=$I$9,MOD((D47-$I$11)*$C$12,12)=0),PPMT($C$9/$C$12,(D47-$I$11)*$C$12/12-$C$13+1,$C$11,-$C$7),0) -> 0 | E50: =IF(AND(E47>=$H$8,E47<=$H$9,MOD((E47-$H$11)*$B$12,12)=0),PPMT($B$9/$B$12,(E47-$H$11)*$B$12/12-$B$13+1,$B$11,-$B$7),0) +IF(AND(E47>=$I$8,E47<=$I$9,MOD((E47-$I$11)*$C$12,12)=0),PPMT($C$9/$C$12,(E47-$I$11)*$C$12/12-$C$13+1,$C$11,-$C$7),0) -> 0 | F50: =IF(AND(F47>=$H$8,F47<=$H$9,MOD((F47-$H$11)*$B$12,12)=0),PPMT($B$9/$B$12,(F47-$H$11)*$B$12/12-$B$13+1,$B$11,-$B$7),0) +IF(AND(F47>=$I$8,F47<=$I$9,MOD((F47-$I$11)*$C$12,12)=0),PPMT($C$9/$C$12,(F47-$I$11)*$C$12/12-$C$13+1,$C$11,-$C$7),0) -> 0 | G50: =IF(AND(G47>=$H$8,G47<=$H$9,MOD((G47-$H$11)*$B$12,12)=0),PPMT($B$9/$B$12,(G47-$H$11)*$B$12/12-$B$13+1,$B$11,-$B$7),0) +IF(AND(G47>=$I$8,G47<=$I$9,MOD((G47-$I$11)*$C$12,12)=0),PPMT($C$9/$C$12,(G47-$I$11)*$C$12/12-$C$13+1,$C$11,-$C$7),0) -> 0 | H50: =IF(AND(H47>=$H$8,H47<=$H$9,MOD((H47-$H$11)*$B$12,12)=0),PPMT($B$9/$B$12,(H47-$H$11)*$B$12/12-$B$13+1,$B$11,-$B$7),0) +IF(AND(H47>=$I$8,H47<=$I$9,MOD((H47-$I$11)*$C$12,12)=0),PPMT($C$9/$C$12,(H47-$I$11)*$C$12/12-$C$13+1,$C$11,-$C$7),0) -> 0 | I50: =IF(AND(I47>=$H$8,I47<=$H$9,MOD((I47-$H$11)*$B$12,12)=0),PPMT($B$9/$B$12,(I47-$H$11)*$B$12/12-$B$13+1,$B$11,-$B$7),0) +IF(AND(I47>=$I$8,I47<=$I$9,MOD((I47-$I$11)*$C$12,12)=0),PPMT($C$9/$C$12,(I47-$I$11)*$C$12/12-$C$13+1,$C$11,-$C$7),0) -> 0 | ... M50: =IF(AND(M47>=$H$8,M47<=$H$9,MOD((M47-$H$11)*$B$12,12)=0),PPMT($B$9/$B$12,(M47-$H$11)*$B$12/12-$B$13+1,$B$11,-$B$7),0) +IF(AND(M47>=$I$8,M47<=$I$9,MOD((M47-$I$11)*$C$12,12)=0),PPMT($C$9/$C$12,(M47-$I$11)*$C$12/12-$C$13+1,$C$11,-$C$7),0) -> 0 | N50: =SUM(B50:M50) -> 0
A51: IVA soportado | B51: =B48*Parametros!$F$33 -> 0 | C51: =C48*Parametros!$F$33 -> 0 | D51: =D48*Parametros!$F$33 -> 0 | E51: =E48*Parametros!$F$33 -> 0 | F51: =F48*Parametros!$F$33 -> 0 | G51: =G48*Parametros!$F$33 -> 0 | H51: =H48*Parametros!$F$33 -> 0 | I51: =I48*Parametros!$F$33 -> 0 | ... M51: =M48*Parametros!$F$33 -> 0 | N51: =SUM(B51:M51) -> 0
A53: =A46+1 -> 5 | B53: =B46+1 -> 2031
A54: Periodos | B54: 61 | C54: 62 | D54: 63 | E54: 64 | F54: 65 | G54: 66 | H54: 67 | I54: 68 | J54: 69 | K54: 70 | L54: 71 | M54: 72 | N54: Total
A55: Pagos | B55: =B56+B57 -> 0 | C55: =C56+C57 -> 0 | D55: =D56+D57 -> 0 | E55: =E56+E57 -> 0 | F55: =F56+F57 -> 0 | G55: =G56+G57 -> 0 | H55: =H56+H57 -> 0 | I55: =I56+I57 -> 0 | ... M55: =M56+M57 -> 0 | N55: =SUM(B55:M55) -> 0
A56: Intereses | B56: =IF(MOD((B54-$H$11)*$B$12,12),0,IF(B54<$H$8,$B$7*$B$9/$B$12,IF(B54<=$H$9,IPMT($B$9/$B$12,(B54-$H$11)*$B$12/12-$B$13+1,$B$11,-$B$7),0))) +IF(MOD((B54-$I$11)*$C$12,12),0,IF(B54<$I$8,$C$7*$C$9/$C$12,IF(B54<=$I$9,IPMT($C$9/$C$12,(B54-$I$11)*$C$12/12-$C$13+1,$C$11,-$C$7),0))) -> 0 | C56: =IF(MOD((C54-$H$11)*$B$12,12),0,IF(C54<$H$8,$B$7*$B$9/$B$12,IF(C54<=$H$9,IPMT($B$9/$B$12,(C54-$H$11)*$B$12/12-$B$13+1,$B$11,-$B$7),0))) +IF(MOD((C54-$I$11)*$C$12,12),0,IF(C54<$I$8,$C$7*$C$9/$C$12,IF(C54<=$I$9,IPMT($C$9/$C$12,(C54-$I$11)*$C$12/12-$C$13+1,$C$11,-$C$7),0))) -> 0 | D56: =IF(MOD((D54-$H$11)*$B$12,12),0,IF(D54<$H$8,$B$7*$B$9/$B$12,IF(D54<=$H$9,IPMT($B$9/$B$12,(D54-$H$11)*$B$12/12-$B$13+1,$B$11,-$B$7),0))) +IF(MOD((D54-$I$11)*$C$12,12),0,IF(D54<$I$8,$C$7*$C$9/$C$12,IF(D54<=$I$9,IPMT($C$9/$C$12,(D54-$I$11)*$C$12/12-$C$13+1,$C$11,-$C$7),0))) -> 0 | E56: =IF(MOD((E54-$H$11)*$B$12,12),0,IF(E54<$H$8,$B$7*$B$9/$B$12,IF(E54<=$H$9,IPMT($B$9/$B$12,(E54-$H$11)*$B$12/12-$B$13+1,$B$11,-$B$7),0))) +IF(MOD((E54-$I$11)*$C$12,12),0,IF(E54<$I$8,$C$7*$C$9/$C$12,IF(E54<=$I$9,IPMT($C$9/$C$12,(E54-$I$11)*$C$12/12-$C$13+1,$C$11,-$C$7),0))) -> 0 | F56: =IF(MOD((F54-$H$11)*$B$12,12),0,IF(F54<$H$8,$B$7*$B$9/$B$12,IF(F54<=$H$9,IPMT($B$9/$B$12,(F54-$H$11)*$B$12/12-$B$13+1,$B$11,-$B$7),0))) +IF(MOD((F54-$I$11)*$C$12,12),0,IF(F54<$I$8,$C$7*$C$9/$C$12,IF(F54<=$I$9,IPMT($C$9/$C$12,(F54-$I$11)*$C$12/12-$C$13+1,$C$11,-$C$7),0))) -> 0 | G56: =IF(MOD((G54-$H$11)*$B$12,12),0,IF(G54<$H$8,$B$7*$B$9/$B$12,IF(G54<=$H$9,IPMT($B$9/$B$12,(G54-$H$11)*$B$12/12-$B$13+1,$B$11,-$B$7),0))) +IF(MOD((G54-$I$11)*$C$12,12),0,IF(G54<$I$8,$C$7*$C$9/$C$12,IF(G54<=$I$9,IPMT($C$9/$C$12,(G54-$I$11)*$C$12/12-$C$13+1,$C$11,-$C$7),0))) -> 0 | H56: =IF(MOD((H54-$H$11)*$B$12,12),0,IF(H54<$H$8,$B$7*$B$9/$B$12,IF(H54<=$H$9,IPMT($B$9/$B$12,(H54-$H$11)*$B$12/12-$B$13+1,$B$11,-$B$7),0))) +IF(MOD((H54-$I$11)*$C$12,12),0,IF(H54<$I$8,$C$7*$C$9/$C$12,IF(H54<=$I$9,IPMT($C$9/$C$12,(H54-$I$11)*$C$12/12-$C$13+1,$C$11,-$C$7),0))) -> 0 | I56: =IF(MOD((I54-$H$11)*$B$12,12),0,IF(I54<$H$8,$B$7*$B$9/$B$12,IF(I54<=$H$9,IPMT($B$9/$B$12,(I54-$H$11)*$B$12/12-$B$13+1,$B$11,-$B$7),0))) +IF(MOD((I54-$I$11)*$C$12,12),0,IF(I54<$I$8,$C$7*$C$9/$C$12,IF(I54<=$I$9,IPMT($C$9/$C$12,(I54-$I$11)*$C$12/12-$C$13+1,$C$11,-$C$7),0))) -> 0 | ... M56: =IF(MOD((M54-$H$11)*$B$12,12),0,IF(M54<$H$8,$B$7*$B$9/$B$12,IF(M54<=$H$9,IPMT($B$9/$B$12,(M54-$H$11)*$B$12/12-$B$13+1,$B$11,-$B$7),0))) +IF(MOD((M54-$I$11)*$C$12,12),0,IF(M54<$I$8,$C$7*$C$9/$C$12,IF(M54<=$I$9,IPMT($C$9/$C$12,(M54-$I$11)*$C$12/12-$C$13+1,$C$11,-$C$7),0))) -> 0 | N56: =SUM(B56:M56) -> 0
A57: Amortizaciones | B57: =IF(AND(B54>=$H$8,B54<=$H$9,MOD((B54-$H$11)*$B$12,12)=0),PPMT($B$9/$B$12,(B54-$H$11)*$B$12/12-$B$13+1,$B$11,-$B$7),0) +IF(AND(B54>=$I$8,B54<=$I$9,MOD((B54-$I$11)*$C$12,12)=0),PPMT($C$9/$C$12,(B54-$I$11)*$C$12/12-$C$13+1,$C$11,-$C$7),0) -> 0 | C57: =IF(AND(C54>=$H$8,C54<=$H$9,MOD((C54-$H$11)*$B$12,12)=0),PPMT($B$9/$B$12,(C54-$H$11)*$B$12/12-$B$13+1,$B$11,-$B$7),0) +IF(AND(C54>=$I$8,C54<=$I$9,MOD((C54-$I$11)*$C$12,12)=0),PPMT($C$9/$C$12,(C54-$I$11)*$C$12/12-$C$13+1,$C$11,-$C$7),0) -> 0 | D57: =IF(AND(D54>=$H$8,D54<=$H$9,MOD((D54-$H$11)*$B$12,12)=0),PPMT($B$9/$B$12,(D54-$H$11)*$B$12/12-$B$13+1,$B$11,-$B$7),0) +IF(AND(D54>=$I$8,D54<=$I$9,MOD((D54-$I$11)*$C$12,12)=0),PPMT($C$9/$C$12,(D54-$I$11)*$C$12/12-$C$13+1,$C$11,-$C$7),0) -> 0 | E57: =IF(AND(E54>=$H$8,E54<=$H$9,MOD((E54-$H$11)*$B$12,12)=0),PPMT($B$9/$B$12,(E54-$H$11)*$B$12/12-$B$13+1,$B$11,-$B$7),0) +IF(AND(E54>=$I$8,E54<=$I$9,MOD((E54-$I$11)*$C$12,12)=0),PPMT($C$9/$C$12,(E54-$I$11)*$C$12/12-$C$13+1,$C$11,-$C$7),0) -> 0 | F57: =IF(AND(F54>=$H$8,F54<=$H$9,MOD((F54-$H$11)*$B$12,12)=0),PPMT($B$9/$B$12,(F54-$H$11)*$B$12/12-$B$13+1,$B$11,-$B$7),0) +IF(AND(F54>=$I$8,F54<=$I$9,MOD((F54-$I$11)*$C$12,12)=0),PPMT($C$9/$C$12,(F54-$I$11)*$C$12/12-$C$13+1,$C$11,-$C$7),0) -> 0 | G57: =IF(AND(G54>=$H$8,G54<=$H$9,MOD((G54-$H$11)*$B$12,12)=0),PPMT($B$9/$B$12,(G54-$H$11)*$B$12/12-$B$13+1,$B$11,-$B$7),0) +IF(AND(G54>=$I$8,G54<=$I$9,MOD((G54-$I$11)*$C$12,12)=0),PPMT($C$9/$C$12,(G54-$I$11)*$C$12/12-$C$13+1,$C$11,-$C$7),0) -> 0 | H57: =IF(AND(H54>=$H$8,H54<=$H$9,MOD((H54-$H$11)*$B$12,12)=0),PPMT($B$9/$B$12,(H54-$H$11)*$B$12/12-$B$13+1,$B$11,-$B$7),0) +IF(AND(H54>=$I$8,H54<=$I$9,MOD((H54-$I$11)*$C$12,12)=0),PPMT($C$9/$C$12,(H54-$I$11)*$C$12/12-$C$13+1,$C$11,-$C$7),0) -> 0 | I57: =IF(AND(I54>=$H$8,I54<=$H$9,MOD((I54-$H$11)*$B$12,12)=0),PPMT($B$9/$B$12,(I54-$H$11)*$B$12/12-$B$13+1,$B$11,-$B$7),0) +IF(AND(I54>=$I$8,I54<=$I$9,MOD((I54-$I$11)*$C$12,12)=0),PPMT($C$9/$C$12,(I54-$I$11)*$C$12/12-$C$13+1,$C$11,-$C$7),0) -> 0 | ... M57: =IF(AND(M54>=$H$8,M54<=$H$9,MOD((M54-$H$11)*$B$12,12)=0),PPMT($B$9/$B$12,(M54-$H$11)*$B$12/12-$B$13+1,$B$11,-$B$7),0) +IF(AND(M54>=$I$8,M54<=$I$9,MOD((M54-$I$11)*$C$12,12)=0),PPMT($C$9/$C$12,(M54-$I$11)*$C$12/12-$C$13+1,$C$11,-$C$7),0) -> 0 | N57: =SUM(B57:M57) -> 0
A58: IVA soportado | B58: =B55*Parametros!$F$33 -> 0 | C58: =C55*Parametros!$F$33 -> 0 | D58: =D55*Parametros!$F$33 -> 0 | E58: =E55*Parametros!$F$33 -> 0 | F58: =F55*Parametros!$F$33 -> 0 | G58: =G55*Parametros!$F$33 -> 0 | H58: =H55*Parametros!$F$33 -> 0 | I58: =I55*Parametros!$F$33 -> 0 | ... M58: =M55*Parametros!$F$33 -> 0 | N58: =SUM(B58:M58) -> 0

Sheet RR HH
A1: Recursos Humanos de la Empresa
A2: ='Datos Básicos'!B8 -> 0
B6: Plantilla Inicial de la empresa
B7: nº socios/as R.E.T.A. | D7: 1 | L7: SI
B8: nº empleados/as y nº socios Rég. General | D8: 0 | L8: NO
A11: Remuneraciones Salariales y Costes Laborales
T12: 2026 | U12: 2027 | V12: 2028 | W12: 2029 | X12: 2030
A13: Sueldos mensuales | B13: ='Datos Básicos'!B16 -> Año 0 | C13: ='Datos Básicos'!C16 -> 1 | D13: =C13+1 -> 2 | E13: =D13+1 -> 3 | F13: =E13+1 -> 4 | S13: -100000 | T13: 205.88 | U13: 205.88 | V13: 205.88 | W13: 205.88 | X13: 205.88
A14: salarios brutos | B14: ='Datos Básicos'!$B$17 -> 2026 | C14: =B14+1 -> 2027 | D14: =C14+1 -> 2028 | E14: =D14+1 -> 2029 | F14: =E14+1 -> 2030 | S14: 670.001 | T14: 226.47 | U14: 226.47 | V14: 226.47 | W14: 226.47 | X14: 226.47
A15: Sueldo de los socios/as | B15: 1221 | C15: =B15*1.04 -> 1269.84 | D15: =C15*1.04 -> 1320.6336 | E15: =D15*1.04 -> 1373.4589 | F15: =E15*1.04 -> 1428.3973 | H15: Mínimo vital IRPF | I15: 5550 | S15: 900.001 | T15: 267.65 | U15: 267.65 | V15: 267.65 | W15: 267.65 | X15: 267.65
A16: Sueldo de los empleados/as | B16: 0 | C16: =B16*1.04 -> 0 | D16: =C16*1.04 -> 0 | E16: =D16*1.04 -> 0 | F16: =E16*1.04 -> 0 | H16: =IF(I15<5550,"Mínimo 5.550","") | S16: 1125.901 | T16: 299.56 | U16: 299.56 | V16: 299.56 | W16: 299.56 | X16: 299.56
S17: 1300.001 | T17: 302.65 | U17: 302.65 | V17: 302.65 | W17: 302.65 | X17: 302.65
S18: 1500.001 | T18: 302.65 | U18: 302.65 | V18: 302.65 | W18: 302.65 | X18: 302.65
A19: Pagas Extraordinarias | B19: =B14 -> 2026 | C19: =C14 -> 2027 | D19: =D14 -> 2028 | E19: =E14 -> 2029 | F19: =F14 -> 2030 | S19: 1700.001 | T19: 360.29 | U19: 360.29 | V19: 360.29 | W19: 360.29 | X19: 360.29
A20: nº pagas socios/as | B20: 0 | C20: =B20 -> 0 | D20: =C20 -> 0 | E20: =D20 -> 0 | F20: =E20 -> 0 | S20: 1800.001 | T20: 380.88 | U20: 380.88 | V20: 380.88 | W20: 380.88 | X20: 380.88
A21: nº pagas empleados/as | B21: 0 | C21: =B21 -> 0 | D21: =C21 -> 0 | E21: =D21 -> 0 | F21: =E21 -> 0 | S21: 2030.001 | T21: 401.47 | U21: 401.47 | V21: 401.47 | W21: 401.47 | X21: 401.47
A22: % paga extra socios/as | B22: 0.8 | C22: =B22 -> 0.8 | D22: =C22 -> 0.8 | E22: =D22 -> 0.8 | F22: =E22 -> 0.8 | S22: 2330.001 | T22: 427.21 | U22: 427.21 | V22: 427.21 | W22: 427.21 | X22: 427.21
A23: % paga extra empleados/as | B23: 0.8 | C23: =B23 -> 0.8 | D23: =C23 -> 0.8 | E23: =D23 -> 0.8 | F23: =E23 -> 0.8 | S23: 2760.001 | T23: 452.94 | U23: 452.94 | V23: 452.94 | W23: 452.94 | X23: 452.94
S24: 3190.001 | T24: 478.68 | U24: 478.68 | V24: 478.68 | W24: 478.68 | X24: 478.68
S25: 3620.001 | T25: 504.41 | U25: 504.41 | V25: 504.41 | W25: 504.41 | X25: 504.41
A26: Seguridad Social | B26: =B19 -> 2026 | C26: =C19 -> 2027 | D26: =D19 -> 2028 | E26: =E19 -> 2029 | F26: =F19 -> 2030 | H26: Beneficiario tarifa plana | I26: SI | K26: Rendimiento medio mensual | S26: 4050.001 | T26: 545.59 | U26: 545.59 | V26: 545.59 | W26: 545.59 | X26: 545.59
A27: % S.S. empleados/as | B27: 0.32 | C27: =B27 -> 0.32 | D27: =C27 -> 0.32 | E27: =D27 -> 0.32 | F27: =E27 -> 0.32 | H27: SMI 2º año | I27: 1221 | K27: =B19 -> 2026 | L27: =C19 -> 2027 | M27: =D19 -> 2028 | N27: =E19 -> 2029 | O27: =F19 -> 2030 | S27: 6000.001 | T27: 607.35 | U27: 607.35 | V27: 607.35 | W27: 607.35 | X27: 607.35
A28: Cuota S.S. R.E.T.A. | B28: =IF(I26="si",88.72,T35) -> 88.72 | C28: =IF(AND(U29<(I27*14/12),B28=88.72),88.72,U35) -> 88.72 | D28: =V35 -> 205.88 | E28: =W35 -> 205.88 | F28: =X35 -> 205.88 | H28: % Gastos genéricos | I28: =1-IF('Datos Básicos'!A33=1,0.93,0.97) -> 0.07 | K28: =T29 -> 0 | L28: =U29 -> 0 | M28: =V29 -> 0 | N28: =W29 -> 0 | O28: =X29 -> 0
T29: =('PyG anuales'!B12-Plantilla!O17*B16*12-Plantilla!O17*B16*B27*12-'PyG anuales'!B16-'PyG anuales'!B17-'Gastos Financieros'!O13)*(1-$I$28)/12/D7 -> 0 | U29: =('PyG anuales'!D12-Plantilla!O28*C16*12-Plantilla!O28*C16*C27*12-'PyG anuales'!D16-'PyG anuales'!D17-'Gastos Financieros'!O22)*(1-$I$28)/12/D7 -> 0 | V29: =('PyG anuales'!G12-Plantilla!O39*D16*12-Plantilla!O39*D16*D27*12-'PyG anuales'!G16-'PyG anuales'!G17-'Gastos Financieros'!O31)*(1-$I$28)/12/D7 -> 0 | W29: =('PyG anuales'!J12-Plantilla!O50*E16*12-Plantilla!O50*E16*E27*12-'PyG anuales'!J16-'PyG anuales'!J17-'Gastos Financieros'!O40)*(1-$I$28)/12/D7 -> 0 | X29: =('PyG anuales'!J12-Plantilla!O61*F16*12-Plantilla!O61*F16*F27*12-'PyG anuales'!J16-'PyG anuales'!J17-'Gastos Financieros'!O49)*(1-$I$28)/12/D7 -> 0
A31: Costes de Altas y Bajas | B31: =B14 -> 2026 | C31: =C14 -> 2027 | D31: =D14 -> 2028 | E31: =E14 -> 2029 | F31: =F14 -> 2030
A32: Coste de Alta/Baja socio | B32: 6 | C32: =B32*(1+Parametros!C$14) -> 6.12 | D32: =C32*(1+Parametros!D$14) -> 6.2424 | E32: =D32*(1+Parametros!E$14) -> 6.367248 | F32: =E32*(1+Parametros!F$14) -> 6.494593
A33: Coste de Alta/Baja Empleado | B33: 18 | C33: =B33*(1+Parametros!C$14) -> 18.36 | D33: =C33*(1+Parametros!D$14) -> 18.7272 | E33: =D33*(1+Parametros!E$14) -> 19.101744 | F33: =E33*(1+Parametros!F$14) -> 19.483779
A35: =CONCATENATE("Todas las cantidades monetarias están expresadas en ",Moneda," ( ",Parametros!$G$6," )") -> Todas las cantidades monetarias están expresadas en Euros ( € ) | T35: =VLOOKUP(T29,S13:T27,2,1) -> 205.88 | U35: =VLOOKUP(U29,S13:U27,3,1) -> 205.88 | V35: =VLOOKUP(V29,S13:V27,4,1) -> 205.88 | W35: =V35 -> 205.88 | X35: =W35 -> 205.88
A37: Máximos sueldos socios | B37: =B26 -> 2026 | C37: =C26 -> 2027 | D37: =D26 -> 2028 | E37: =E26 -> 2029 | F37: =F26 -> 2030
A38: sueldo máximo de socios/as | B38: =IF(A40<>0, ('IRPF Prof y Autónomos'!K20-'IRPF Prof y Autónomos'!K22+'IRPF Prof y Autónomos'!$C$29)/(12+B20), ('PyG anuales'!B26+'G.F. 0'!O11)/(12+B20)/'G.F. 0'!$O$9) -> 462.5 | C38: =IF(A40<>0,('IRPF Prof y Autónomos'!L20-'IRPF Prof y Autónomos'!L22+'IRPF Prof y Autónomos'!D29)/(12+C20), ('PyG anuales'!D26+'G.F. 1'!O11)/(12+C20)/'G.F. 1'!$O$9) -> 471.75 | D38: =IF(A40<>0,('IRPF Prof y Autónomos'!M20-'IRPF Prof y Autónomos'!M22+'IRPF Prof y Autónomos'!E29)/(12+D20), ('PyG anuales'!G26+'G.F. 2'!O11)/(12+D20)/'G.F. 2'!$O$9) -> 481.185 | E38: =IF($A$40<>0,('IRPF Prof y Autónomos'!N20-'IRPF Prof y Autónomos'!N22+'IRPF Prof y Autónomos'!F29)/(12+E20), ('PyG anuales'!J26+'G.F. 3'!$O$11)/(12+E20)/'G.F. 4'!$O$9) -> 490.8087 | F38: =IF($A$40<>0,('IRPF Prof y Autónomos'!O20-'IRPF Prof y Autónomos'!O22+'IRPF Prof y Autónomos'!G29)/(12+F20), ('PyG anuales'!M26+'G.F. 4'!$O$11)/(12+F20)/'G.F. 4'!$O$9) -> 500.62487
A39: incr. max. sueldo socios/as | C39: =(C38-B15)/B15 -> -0.61363636 | D39: =(D38-C15)/C15 -> -0.62106643 | E39: =(E38-D15)/D15 -> -0.62835362 | F39: =(F38-E15)/E15 -> -0.63550066
A40: =IF(D7=0,1,irpf) -> 0.2

Sheet Plantilla
A1: RR.HH. detallado por meses
A2: ='Datos Básicos'!B8 -> 0
B6: mes de inicio de actividad | C6: =CONCATENATE("= mes ",mes0," del ",'Datos Básicos'!B16) -> = mes 1 del Año 0 | E6: =CONCATENATE("= ",'Datos Básicos'!G19) -> = enero de 2026
A9: Recursos Humanos de la empresa | E9: ='Datos Básicos'!$B$17 -> 2026
A10: Altas y Bajas de personal | C10: ='Datos Gastos Fijos'!D7 -> enero | D10: ='Datos Gastos Fijos'!E7 -> febrero | E10: ='Datos Gastos Fijos'!F7 -> marzo | F10: ='Datos Gastos Fijos'!G7 -> abril | G10: ='Datos Gastos Fijos'!H7 -> mayo | H10: ='Datos Gastos Fijos'!I7 -> junio | I10: ='Datos Gastos Fijos'!J7 -> julio | J10: ='Datos Gastos Fijos'!K7 -> agosto | ... N10: ='Datos Gastos Fijos'!O7 -> diciembre | O10: Media
A11: nº socios R.E.T.A. (altas y bajas) | C11: 0 | D11: 0 | E11: 0 | F11: 0 | G11: 0 | H11: 0 | I11: 0 | J11: 0 | K11: 0 | L11: 0 | M11: 0 | N11: 0 | O11: =AVERAGE(C11:N11) -> 0
A12: altas de trabajadores | C12: 0 | D12: 0 | E12: 0 | F12: 0 | G12: 0 | H12: 0 | J12: 0 | K12: 0 | L12: 0 | M12: 0 | N12: 0 | O12: =AVERAGE(C12:N12) -> 0
A13: bajas de trabajadores | C13: 0 | D13: 0 | E13: 0 | F13: 0 | G13: 0 | H13: 0 | I13: 0 | J13: 0 | K13: 0 | L13: 0 | M13: 0 | N13: 0 | O13: =AVERAGE(C13:N13) -> 0
C14: 1 | D14: 2 | E14: 3 | F14: 4 | G14: 5 | H14: 6 | I14: 7 | J14: 8 | K14: 9 | L14: 10 | M14: 11 | N14: 12
A15: Plantilla por meses | B15: Inicial | C15: =C10 -> enero | D15: =D10 -> febrero | E15: =E10 -> marzo | F15: =F10 -> abril | G15: =G10 -> mayo | H15: =H10 -> junio | I15: =I10 -> julio | J15: =J10 -> agosto | ... N15: =N10 -> diciembre | O15: Media
A16: nº socios R.E.T.A. | B16: ='RR HH'!D7 -> 1 | C16: =IF(COLUMN(C$10)-2<mes0,"",IF(COLUMN(C$10)-2=mes0,$B$16,B16+C11)) -> 1 | D16: =IF(COLUMN(D$10)-2<mes0,"",IF(COLUMN(D$10)-2=mes0,$B$16,C16+D11)) -> 1 | E16: =IF(COLUMN(E$10)-2<mes0,"",IF(COLUMN(E$10)-2=mes0,$B$16,D16+E11)) -> 1 | F16: =IF(COLUMN(F$10)-2<mes0,"",IF(COLUMN(F$10)-2=mes0,$B$16,E16+F11)) -> 1 | G16: =IF(COLUMN(G$10)-2<mes0,"",IF(COLUMN(G$10)-2=mes0,$B$16,F16+G11)) -> 1 | H16: =IF(COLUMN(H$10)-2<mes0,"",IF(COLUMN(H$10)-2=mes0,$B$16,G16+H11)) -> 1 | I16: =IF(COLUMN(I$10)-2<mes0,"",IF(COLUMN(I$10)-2=mes0,$B$16,H16+I11)) -> 1 | J16: =IF(COLUMN(J$10)-2<mes0,"",IF(COLUMN(J$10)-2=mes0,$B$16,I16+J11)) -> 1 | ... N16: =IF(COLUMN(N$10)-2<mes0,"",IF(COLUMN(N$10)-2=mes0,$B$16,M16+N11)) -> 1 | O16: =AVERAGE(C16:N16) -> 1
A17: nº trabajadores | B17: ='RR HH'!D8 -> 0 | C17: =IF(COLUMN(C$10)-2<mes0,"",IF(COLUMN(C$10)-2=mes0,$B$17,B17+C12+C13)) -> 0 | D17: =IF(COLUMN(D$10)-2<mes0,"",IF(COLUMN(D$10)-2=mes0,$B$17,C17+D12+D13)) -> 0 | E17: =IF(COLUMN(E$10)-2<mes0,"",IF(COLUMN(E$10)-2=mes0,$B$17,D17+E12+E13)) -> 0 | F17: =IF(COLUMN(F$10)-2<mes0,"",IF(COLUMN(F$10)-2=mes0,$B$17,E17+F12+F13)) -> 0 | G17: =IF(COLUMN(G$10)-2<mes0,"",IF(COLUMN(G$10)-2=mes0,$B$17,F17+G12+G13)) -> 0 | H17: =IF(COLUMN(H$10)-2<mes0,"",IF(COLUMN(H$10)-2=mes0,$B$17,G17+H12+H13)) -> 0 | I17: =IF(COLUMN(I$10)-2<mes0,"",IF(COLUMN(I$10)-2=mes0,$B$17,H17+I12+I13)) -> 0 | J17: =IF(COLUMN(J$10)-2<mes0,"",IF(COLUMN(J$10)-2=mes0,$B$17,I17+J12+J13)) -> 0 | ... N17: =IF(COLUMN(N$10)-2<mes0,"",IF(COLUMN(N$10)-2=mes0,$B$17,M17+N12+N13)) -> 0 | O17: =AVERAGE(C17:N17) -> 0
A20: Recursos Humanos de la empresa | E20: ='Datos Básicos'!$B$17+1 -> 2027
A21: Altas y Bajas de personal | C21: =C$10 -> enero | D21: =D$10 -> febrero | E21: =E$10 -> marzo | F21: =F$10 -> abril | G21: =G$10 -> mayo | H21: =H$10 -> junio | I21: =I$10 -> julio | J21: =J$10 -> agosto | ... N21: =N$10 -> diciembre | O21: Media
A22: Cotizantes R.E.T.A. (altas y bajas) | C22: 0 | D22: 0 | E22: 0 | F22: 0 | G22: 0 | H22: 0 | I22: 0 | J22: 0 | K22: 0 | L22: 0 | M22: 0 | N22: 0 | O22: =AVERAGE(C22:N22) -> 0
A23: altas de trabajadores | C23: 0 | D23: 0 | E23: 0 | F23: 0 | G23: 0 | H23: 0 | I23: 0 | J23: 0 | K23: 0 | L23: 0 | M23: 0 | N23: 0 | O23: =AVERAGE(C23:N23) -> 0
A24: bajas de trabajadores | C24: 0 | D24: 0 | E24: 0 | F24: 0 | G24: 0 | H24: 0 | I24: 0 | J24: 0 | K24: 0 | L24: 0 | M24: 0 | N24: 0 | O24: =AVERAGE(C24:N24) -> 0
A26: Plantilla por meses | B26: anterior | C26: =C$10 -> enero | D26: =D$10 -> febrero | E26: =E$10 -> marzo | F26: =F$10 -> abril | G26: =G$10 -> mayo | H26: =H$10 -> junio | I26: =I$10 -> julio | J26: =J$10 -> agosto | ... N26: =N$10 -> diciembre | O26: Media
A27: Cotizantes R.E.T.A. | B27: =N16 -> 1 | C27: =B27+C22 -> 1 | D27: =C27+D22 -> 1 | E27: =D27+E22 -> 1 | F27: =E27+F22 -> 1 | G27: =F27+G22 -> 1 | H27: =G27+H22 -> 1 | I27: =H27+I22 -> 1 | J27: =I27+J22 -> 1 | ... N27: =M27+N22 -> 1 | O27: =AVERAGE(C27:N27) -> 1
A28: nº trabajadores | B28: =N17 -> 0 | C28: =B28+C24+C23 -> 0 | D28: =C28+D24+D23 -> 0 | E28: =D28+E24+E23 -> 0 | F28: =E28+F24+F23 -> 0 | G28: =F28+G24+G23 -> 0 | H28: =G28+H24+H23 -> 0 | I28: =H28+I24+I23 -> 0 | J28: =I28+J24+J23 -> 0 | ... N28: =M28+N24+N23 -> 0 | O28: =AVERAGE(C28:N28) -> 0
A31: Recursos Humanos de la empresa | E31: ='Datos Básicos'!$B$17+2 -> 2028
A32: Altas y Bajas de personal | C32: =C$10 -> enero | D32: =D$10 -> febrero | E32: =E$10 -> marzo | F32: =F$10 -> abril | G32: =G$10 -> mayo | H32: =H$10 -> junio | I32: =I$10 -> julio | J32: =J$10 -> agosto | ... N32: =N$10 -> diciembre | O32: Media
A33: Cotizantes R.E.T.A. (altas y bajas) | C33: 0 | D33: 0 | E33: 0 | F33: 0 | G33: 0 | H33: 0 | I33: 0 | J33: 0 | K33: 0 | L33: 0 | M33: 0 | N33: 0 | O33: =AVERAGE(C33:N33) -> 0
A34: altas de trabajadores | C34: 0 | D34: 0 | E34: 0 | F34: 0 | G34: 0 | H34: 0 | I34: 0 | J34: 0 | K34: 0 | L34: 0 | M34: 0 | N34: 0 | O34: =AVERAGE(C34:N34) -> 0
A35: bajas de trabajadores | C35: 0 | D35: 0 | E35: 0 | F35: 0 | G35: 0 | H35: 0 | I35: 0 | J35: 0 | K35: 0 | L35: 0 | M35: 0 | N35: 0 | O35: =AVERAGE(C35:N35) -> 0
A37: Plantilla por meses | B37: anterior | C37: =C$10 -> enero | D37: =D$10 -> febrero | E37: =E$10 -> marzo | F37: =F$10 -> abril | G37: =G$10 -> mayo | H37: =H$10 -> junio | I37: =I$10 -> julio | J37: =J$10 -> agosto | ... N37: =N$10 -> diciembre | O37: Media
A38: Cotizantes R.E.T.A. | B38: =N27 -> 1 | C38: =B38+C33 -> 1 | D38: =C38+D33 -> 1 | E38: =D38+E33 -> 1 | F38: =E38+F33 -> 1 | G38: =F38+G33 -> 1 | H38: =G38+H33 -> 1 | I38: =H38+I33 -> 1 | J38: =I38+J33 -> 1 | ... N38: =M38+N33 -> 1 | O38: =AVERAGE(C38:N38) -> 1
A39: nº trabajadores | B39: =N28 -> 0 | C39: =B39+C35+C34 -> 0 | D39: =C39+D35+D34 -> 0 | E39: =D39+E35+E34 -> 0 | F39: =E39+F35+F34 -> 0 | G39: =F39+G35+G34 -> 0 | H39: =G39+H35+H34 -> 0 | I39: =H39+I35+I34 -> 0 | J39: =I39+J35+J34 -> 0 | ... N39: =M39+N35+N34 -> 0 | O39: =AVERAGE(C39:N39) -> 0
A42: Recursos Humanos de la empresa | E42: ='Datos Básicos'!$B$17+3 -> 2029
A43: Altas y Bajas de personal | C43: =C$10 -> enero | D43: =D$10 -> febrero | E43: =E$10 -> marzo | F43: =F$10 -> abril | G43: =G$10 -> mayo | H43: =H$10 -> junio | I43: =I$10 -> julio | J43: =J$10 -> agosto | ... N43: =N$10 -> diciembre | O43: Media
A44: Cotizantes R.E.T.A. (altas y bajas) | C44: 0 | D44: 0 | E44: 0 | F44: 0 | G44: 0 | H44: 0 | I44: 0 | J44: 0 | K44: 0 | L44: 0 | M44: 0 | N44: 0 | O44: =AVERAGE(C44:N44) -> 0
A45: altas de trabajadores | C45: 0 | D45: 0 | E45: 0 | F45: 0 | G45: 0 | H45: 0 | I45: 0 | J45: 0 | K45: 0 | L45: 0 | M45: 0 | N45: 0 | O45: =AVERAGE(C45:N45) -> 0
A46: bajas de trabajadores | C46: 0 | D46: 0 | E46: 0 | F46: 0 | G46: 0 | H46: 0 | I46: 0 | J46: 0 | K46: 0 | L46: 0 | M46: 0 | N46: 0 | O46: =AVERAGE(C46:N46) -> 0
A48: Plantilla por meses | B48: anterior | C48: =C$10 -> enero | D48: =D$10 -> febrero | E48: =E$10 -> marzo | F48: =F$10 -> abril | G48: =G$10 -> mayo | H48: =H$10 -> junio | I48: =I$10 -> julio | J48: =J$10 -> agosto | ... N48: =N$10 -> diciembre | O48: Media
A49: Cotizantes R.E.T.A. | B49: =N38 -> 1 | C49: =B49+C44 -> 1 | D49: =C49+D44 -> 1 | E49: =D49+E44 -> 1 | F49: =E49+F44 -> 1 | G49: =F49+G44 -> 1 | H49: =G49+H44 -> 1 | I49: =H49+I44 -> 1 | J49: =I49+J44 -> 1 | ... N49: =M49+N44 -> 1 | O49: =AVERAGE(C49:N49) -> 1
A50: nº trabajadores | B50: =N39 -> 0 | C50: =B50+C46+C45 -> 0 | D50: =C50+D46+D45 -> 0 | E50: =D50+E46+E45 -> 0 | F50: =E50+F46+F45 -> 0 | G50: =F50+G46+G45 -> 0 | H50: =G50+H46+H45 -> 0 | I50: =H50+I46+I45 -> 0 | J50: =I50+J46+J45 -> 0 | ... N50: =M50+N46+N45 -> 0 | O50: =AVERAGE(C50:N50) -> 0
A53: Recursos Humanos de la empresa | E53: ='Datos Básicos'!$B$17+4 -> 2030
A54: Altas y Bajas de personal | C54: =C$10 -> enero | D54: =D$10 -> febrero | E54: =E$10 -> marzo | F54: =F$10 -> abril | G54: =G$10 -> mayo | H54: =H$10 -> junio | I54: =I$10 -> julio | J54: =J$10 -> agosto | ... N54: =N$10 -> diciembre | O54: Media
A55: Cotizantes R.E.T.A. (altas y bajas) | C55: 0 | D55: 0 | E55: 0 | F55: 0 | G55: 0 | H55: 0 | I55: 0 | J55: 0 | K55: 0 | L55: 0 | M55: 0 | N55: 0 | O55: =AVERAGE(C55:N55) -> 0
A56: altas de trabajadores | C56: 0 | D56: 0 | E56: 0 | F56: 0 | G56: 0 | H56: 0 | I56: 0 | J56: 0 | K56: 0 | L56: 0 | M56: 0 | N56: 0 | O56: =AVERAGE(C56:N56) -> 0
A57: bajas de trabajadores | C57: 0 | D57: 0 | E57: 0 | F57: 0 | G57: 0 | H57: 0 | I57: 0 | J57: 0 | K57: 0 | L57: 0 | M57: 0 | N57: 0 | O57: =AVERAGE(C57:N57) -> 0
A59: Plantilla por meses | B59: anterior | C59: =C$10 -> enero | D59: =D$10 -> febrero | E59: =E$10 -> marzo | F59: =F$10 -> abril | G59: =G$10 -> mayo | H59: =H$10 -> junio | I59: =I$10 -> julio | J59: =J$10 -> agosto | ... N59: =N$10 -> diciembre | O59: Media
A60: Cotizantes R.E.T.A. | B60: =N49 -> 1 | C60: =B60+C55 -> 1 | D60: =C60+D55 -> 1 | E60: =D60+E55 -> 1 | F60: =E60+F55 -> 1 | G60: =F60+G55 -> 1 | H60: =G60+H55 -> 1 | I60: =H60+I55 -> 1 | J60: =I60+J55 -> 1 | ... N60: =M60+N55 -> 1 | O60: =AVERAGE(C60:N60) -> 1
A61: nº trabajadores | B61: =N50 -> 0 | C61: =B61+C57+C56 -> 0 | D61: =C61+D57+D56 -> 0 | E61: =D61+E57+E56 -> 0 | F61: =E61+F57+F56 -> 0 | G61: =F61+G57+G56 -> 0 | H61: =G61+H57+H56 -> 0 | I61: =H61+I57+I56 -> 0 | J61: =I61+J57+J56 -> 0 | ... N61: =M61+N57+N56 -> 0 | O61: =AVERAGE(C61:N61) -> 0

Sheet Datos Gastos Fijos
A1: Datos para las previsiones de Gastos Fijos de la empresa
A2: ='Datos Básicos'!B8 -> 0
A7: Otros gastos fijos | B7: Datos | C7: nº pagos | D7: =Parametros!D57 -> enero | E7: =Parametros!E57 -> febrero | F7: =Parametros!F57 -> marzo | G7: =Parametros!G57 -> abril | H7: =Parametros!H57 -> mayo | I7: =Parametros!I57 -> junio | J7: =Parametros!J57 -> julio | K7: =Parametros!K57 -> agosto | ... O7: =Parametros!O57 -> diciembre | P7: Totales | Q7: %
A8: Tributos: IAE, IBI, ... | B8: 0 | C8: 1 | D8: =IF(OR($C8=12,0),$B8,0) -> 0 | E8: =IF(OR($C8=12,$C8=6),$B8,0) -> 0 | F8: =IF(OR($C8=12,$C8=4),$B8,0) -> 0 | G8: =IF(OR($C8=12,$C8=6,$C8=3),$B8,0) -> 0 | H8: =IF(OR($C8=12,$C8=1),$B8,0) -> 0 | I8: =IF(OR($C8=12,$C8=6,$C8=4,$C8=2),$B8,0) -> 0 | J8: =IF(OR($C8=12,0),$B8,0) -> 0 | K8: =IF(OR($C8=12,$C8=6,$C8=3),$B8,0) -> 0 | L8: =IF(OR($C8=12,$C8=4),$B8,0) -> 0 | M8: =IF(OR($C8=12,$C8=6),$B8,0) -> 0 | N8: =IF(OR($C8=12,0),$B8,0) -> 0 | O8: =IF(OR($C8=12,$C8=6,$C8=4,$C8=3,$C8=2),$B8,0) -> 0 | P8: =SUM(D8:O8) -> 0 | Q8: =P8/$P$27 -> #DIV/0!
A9: Otras gastos fijos (SIN IVA) | B9: 0 | C9: 1 | D9: =IF(OR($C9=12,0),$B9,0) -> 0 | E9: =IF(OR($C9=12,$C9=6),$B9,0) -> 0 | F9: =IF(OR($C9=12,$C9=4),$B9,0) -> 0 | G9: =IF(OR($C9=12,$C9=6,$C9=3),$B9,0) -> 0 | H9: =IF(OR($C9=12,$C9=1),$B9,0) -> 0 | I9: =IF(OR($C9=12,$C9=6,$C9=4,$C9=2),$B9,0) -> 0 | J9: =IF(OR($C9=12,0),$B9,0) -> 0 | K9: =IF(OR($C9=12,$C9=6,$C9=3),$B9,0) -> 0 | L9: =IF(OR($C9=12,$C9=4),$B9,0) -> 0 | M9: =IF(OR($C9=12,$C9=6),$B9,0) -> 0 | N9: =IF(OR($C9=12,0),$B9,0) -> 0 | O9: =IF(OR($C9=12,$C9=6,$C9=4,$C9=3,$C9=2),$B9,0) -> 0 | P9: =SUM(D9:O9) -> 0 | Q9: =P9/$P$27 -> #DIV/0!
A10: Primas de Seguros | B10: 0 | C10: 1 | D10: =IF(OR($C10=12,0),$B10,0) -> 0 | E10: =IF(OR($C10=12,$C10=6),$B10,0) -> 0 | F10: =IF(OR($C10=12,$C10=4),$B10,0) -> 0 | G10: =IF(OR($C10=12,$C10=6,$C10=3),$B10,0) -> 0 | H10: =IF(OR($C10=12,$C10=1),$B10,0) -> 0 | I10: =IF(OR($C10=12,$C10=6,$C10=4,$C10=2),$B10,0) -> 0 | J10: =IF(OR($C10=12,0),$B10,0) -> 0 | K10: =IF(OR($C10=12,$C10=6,$C10=3),$B10,0) -> 0 | L10: =IF(OR($C10=12,$C10=4),$B10,0) -> 0 | M10: =IF(OR($C10=12,$C10=6),$B10,0) -> 0 | N10: =IF(OR($C10=12,0),$B10,0) -> 0 | O10: =IF(OR($C10=12,$C10=6,$C10=4,$C10=3,$C10=2),$B10,0) -> 0 | P10: =SUM(D10:O10) -> 0 | Q10: =P10/$P$27 -> #DIV/0!
A11: Colegio/ Asociación profesional | B11: 0 | C11: 2 | D11: =IF(OR($C11=12,0),$B11,0) -> 0 | E11: =IF(OR($C11=12,$C11=6),$B11,0) -> 0 | F11: =IF(OR($C11=12,$C11=4),$B11,0) -> 0 | G11: =IF(OR($C11=12,$C11=6,$C11=3),$B11,0) -> 0 | H11: =IF(OR($C11=12,$C11=1),$B11,0) -> 0 | I11: =IF(OR($C11=12,$C11=6,$C11=4,$C11=2),$B11,0) -> 0 | J11: =IF(OR($C11=12,0),$B11,0) -> 0 | K11: =IF(OR($C11=12,$C11=6,$C11=3),$B11,0) -> 0 | L11: =IF(OR($C11=12,$C11=4),$B11,0) -> 0 | M11: =IF(OR($C11=12,$C11=6),$B11,0) -> 0 | N11: =IF(OR($C11=12,0),$B11,0) -> 0 | O11: =IF(OR($C11=12,$C11=6,$C11=4,$C11=3,$C11=2),$B11,0) -> 0 | P11: =SUM(D11:O11) -> 0 | Q11: =P11/$P$27 -> #DIV/0!
A12: Electricidad | B12: 0 | C12: 12 | D12: =IF(OR($C12=12,0),$B12,0) -> 0 | E12: =IF(OR($C12=12,$C12=6),$B12,0) -> 0 | F12: =IF(OR($C12=12,$C12=4),$B12,0) -> 0 | G12: =IF(OR($C12=12,$C12=6,$C12=3),$B12,0) -> 0 | H12: =IF(OR($C12=12,$C12=1),$B12,0) -> 0 | I12: =IF(OR($C12=12,$C12=6,$C12=4,$C12=2),$B12,0) -> 0 | J12: =IF(OR($C12=12,0),$B12,0) -> 0 | K12: =IF(OR($C12=12,$C12=6,$C12=3),$B12,0) -> 0 | L12: =IF(OR($C12=12,$C12=4),$B12,0) -> 0 | M12: =IF(OR($C12=12,$C12=6),$B12,0) -> 0 | N12: =IF(OR($C12=12,0),$B12,0) -> 0 | O12: =IF(OR($C12=12,$C12=6,$C12=4,$C12=3,$C12=2),$B12,0) -> 0 | P12: =SUM(D12:O12) -> 0 | Q12: =P12/$P$27 -> #DIV/0!
A13: Otros suministros (agua, gas, etc.) | B13: 0 | C13: 6 | D13: =IF(OR($C13=12,0),$B13,0) -> 0 | E13: =IF(OR($C13=12,$C13=6),$B13,0) -> 0 | F13: =IF(OR($C13=12,$C13=4),$B13,0) -> 0 | G13: =IF(OR($C13=12,$C13=6,$C13=3),$B13,0) -> 0 | H13: =IF(OR($C13=12,$C13=1),$B13,0) -> 0 | I13: =IF(OR($C13=12,$C13=6,$C13=4,$C13=2),$B13,0) -> 0 | J13: =IF(OR($C13=12,0),$B13,0) -> 0 | K13: =IF(OR($C13=12,$C13=6,$C13=3),$B13,0) -> 0 | L13: =IF(OR($C13=12,$C13=4),$B13,0) -> 0 | M13: =IF(OR($C13=12,$C13=6),$B13,0) -> 0 | N13: =IF(OR($C13=12,0),$B13,0) -> 0 | O13: =IF(OR($C13=12,$C13=6,$C13=4,$C13=3,$C13=2),$B13,0) -> 0 | P13: =SUM(D13:O13) -> 0 | Q13: =P13/$P$27 -> #DIV/0!
A14: Teléfono | B14: 0 | C14: 12 | D14: =IF(OR($C14=12,0),$B14,0) -> 0 | E14: =IF(OR($C14=12,$C14=6),$B14,0) -> 0 | F14: =IF(OR($C14=12,$C14=4),$B14,0) -> 0 | G14: =IF(OR($C14=12,$C14=6,$C14=3),$B14,0) -> 0 | H14: =IF(OR($C14=12,$C14=1),$B14,0) -> 0 | I14: =IF(OR($C14=12,$C14=6,$C14=4,$C14=2),$B14,0) -> 0 | J14: =IF(OR($C14=12,0),$B14,0) -> 0 | K14: =IF(OR($C14=12,$C14=6,$C14=3),$B14,0) -> 0 | L14: =IF(OR($C14=12,$C14=4),$B14,0) -> 0 | M14: =IF(OR($C14=12,$C14=6),$B14,0) -> 0 | N14: =IF(OR($C14=12,0),$B14,0) -> 0 | O14: =IF(OR($C14=12,$C14=6,$C14=4,$C14=3,$C14=2),$B14,0) -> 0 | P14: =SUM(D14:O14) -> 0 | Q14: =P14/$P$27 -> #DIV/0!
A15: Teléfono móviles | B15: 0 | C15: 12 | D15: =IF(OR($C15=12,0),$B15,0) -> 0 | E15: =IF(OR($C15=12,$C15=6),$B15,0) -> 0 | F15: =IF(OR($C15=12,$C15=4),$B15,0) -> 0 | G15: =IF(OR($C15=12,$C15=6,$C15=3),$B15,0) -> 0 | H15: =IF(OR($C15=12,$C15=1),$B15,0) -> 0 | I15: =IF(OR($C15=12,$C15=6,$C15=4,$C15=2),$B15,0) -> 0 | J15: =IF(OR($C15=12,0),$B15,0) -> 0 | K15: =IF(OR($C15=12,$C15=6,$C15=3),$B15,0) -> 0 | L15: =IF(OR($C15=12,$C15=4),$B15,0) -> 0 | M15: =IF(OR($C15=12,$C15=6),$B15,0) -> 0 | N15: =IF(OR($C15=12,0),$B15,0) -> 0 | O15: =IF(OR($C15=12,$C15=6,$C15=4,$C15=3,$C15=2),$B15,0) -> 0 | P15: =SUM(D15:O15) -> 0 | Q15: =P15/$P$27 -> #DIV/0!
A16: Conexión a Internet (tarifa plana) | B16: 0 | C16: 12 | D16: =IF(OR($C16=12,0),$B16,0) -> 0 | E16: =IF(OR($C16=12,$C16=6),$B16,0) -> 0 | F16: =IF(OR($C16=12,$C16=4),$B16,0) -> 0 | G16: =IF(OR($C16=12,$C16=6,$C16=3),$B16,0) -> 0 | H16: =IF(OR($C16=12,$C16=1),$B16,0) -> 0 | I16: =IF(OR($C16=12,$C16=6,$C16=4,$C16=2),$B16,0) -> 0 | J16: =IF(OR($C16=12,0),$B16,0) -> 0 | K16: =IF(OR($C16=12,$C16=6,$C16=3),$B16,0) -> 0 | L16: =IF(OR($C16=12,$C16=4),$B16,0) -> 0 | M16: =IF(OR($C16=12,$C16=6),$B16,0) -> 0 | N16: =IF(OR($C16=12,0),$B16,0) -> 0 | O16: =IF(OR($C16=12,$C16=6,$C16=4,$C16=3,$C16=2),$B16,0) -> 0 | P16: =SUM(D16:O16) -> 0 | Q16: =P16/$P$27 -> #DIV/0!
A17: Página Web (Host, mantenimiento, etc) | B17: 0 | C17: 12 | D17: =IF(OR($C17=12,0),$B17,0) -> 0 | E17: =IF(OR($C17=12,$C17=6),$B17,0) -> 0 | F17: =IF(OR($C17=12,$C17=4),$B17,0) -> 0 | G17: =IF(OR($C17=12,$C17=6,$C17=3),$B17,0) -> 0 | H17: =IF(OR($C17=12,$C17=1),$B17,0) -> 0 | I17: =IF(OR($C17=12,$C17=6,$C17=4,$C17=2),$B17,0) -> 0 | J17: =IF(OR($C17=12,0),$B17,0) -> 0 | K17: =IF(OR($C17=12,$C17=6,$C17=3),$B17,0) -> 0 | L17: =IF(OR($C17=12,$C17=4),$B17,0) -> 0 | M17: =IF(OR($C17=12,$C17=6),$B17,0) -> 0 | N17: =IF(OR($C17=12,0),$B17,0) -> 0 | O17: =IF(OR($C17=12,$C17=6,$C17=4,$C17=3,$C17=2),$B17,0) -> 0 | P17: =SUM(D17:O17) -> 0 | Q17: =P17/$P$27 -> #DIV/0!
A18: Compañía de seguridad / Alarma | B18: 0 | C18: 12 | D18: =IF(OR($C18=12,0),$B18,0) -> 0 | E18: =IF(OR($C18=12,$C18=6),$B18,0) -> 0 | F18: =IF(OR($C18=12,$C18=4),$B18,0) -> 0 | G18: =IF(OR($C18=12,$C18=6,$C18=3),$B18,0) -> 0 | H18: =IF(OR($C18=12,$C18=1),$B18,0) -> 0 | I18: =IF(OR($C18=12,$C18=6,$C18=4,$C18=2),$B18,0) -> 0 | J18: =IF(OR($C18=12,0),$B18,0) -> 0 | K18: =IF(OR($C18=12,$C18=6,$C18=3),$B18,0) -> 0 | L18: =IF(OR($C18=12,$C18=4),$B18,0) -> 0 | M18: =IF(OR($C18=12,$C18=6),$B18,0) -> 0 | N18: =IF(OR($C18=12,0),$B18,0) -> 0 | O18: =IF(OR($C18=12,$C18=6,$C18=4,$C18=3,$C18=2),$B18,0) -> 0 | P18: =SUM(D18:O18) -> 0 | Q18: =P18/$P$27 -> #DIV/0!
A19: Material de oficina | B19: 0 | C19: 12 | D19: =IF(OR($C19=12,0),$B19,0) -> 0 | E19: =IF(OR($C19=12,$C19=6),$B19,0) -> 0 | F19: =IF(OR($C19=12,$C19=4),$B19,0) -> 0 | G19: =IF(OR($C19=12,$C19=6,$C19=3),$B19,0) -> 0 | H19: =IF(OR($C19=12,$C19=1),$B19,0) -> 0 | I19: =IF(OR($C19=12,$C19=6,$C19=4,$C19=2),$B19,0) -> 0 | J19: =IF(OR($C19=12,0),$B19,0) -> 0 | K19: =IF(OR($C19=12,$C19=6,$C19=3),$B19,0) -> 0 | L19: =IF(OR($C19=12,$C19=4),$B19,0) -> 0 | M19: =IF(OR($C19=12,$C19=6),$B19,0) -> 0 | N19: =IF(OR($C19=12,0),$B19,0) -> 0 | O19: =IF(OR($C19=12,$C19=6,$C19=4,$C19=3,$C19=2),$B19,0) -> 0 | P19: =SUM(D19:O19) -> 0 | Q19: =P19/$P$27 -> #DIV/0!
... A26: Otros gastos imprevistos | B26: 0 | C26: 12 | D26: =IF(OR($C26=12,0),$B26,0) -> 0 | E26: =IF(OR($C26=12,$C26=6),$B26,0) -> 0 | F26: =IF(OR($C26=12,$C26=4),$B26,0) -> 0 | G26: =IF(OR($C26=12,$C26=6,$C26=3),$B26,0) -> 0 | H26: =IF(OR($C26=12,$C26=1),$B26,0) -> 0 | I26: =IF(OR($C26=12,$C26=6,$C26=4,$C26=2),$B26,0) -> 0 | J26: =IF(OR($C26=12,0),$B26,0) -> 0 | K26: =IF(OR($C26=12,$C26=6,$C26=3),$B26,0) -> 0 | L26: =IF(OR($C26=12,$C26=4),$B26,0) -> 0 | M26: =IF(OR($C26=12,$C26=6),$B26,0) -> 0 | N26: =IF(OR($C26=12,0),$B26,0) -> 0 | O26: =IF(OR($C26=12,$C26=6,$C26=4,$C26=3,$C26=2),$B26,0) -> 0 | P26: =SUM(D26:O26) -> 0 | Q26: =P26/$P$27 -> #DIV/0!
A27: Total Otros Gastos Fijos | D27: =SUM(D8:D26) -> 0 | E27: =SUM(E8:E26) -> 0 | F27: =SUM(F8:F26) -> 0 | G27: =SUM(G8:G26) -> 0 | H27: =SUM(H8:H26) -> 0 | I27: =SUM(I8:I26) -> 0 | J27: =SUM(J8:J26) -> 0 | K27: =SUM(K8:K26) -> 0 | ... P27: =SUM(P8:P26) -> 0 | Q27: =P27/$P$27 -> #DIV/0!
B29: meses de fianza del alquiler | C29: 0
B30: meses sin alquiler al inicio por reformas | C30: 0

Sheet Precios Venta y P. Cobros
A1: Precios de Venta y Política de Cobros por Familias de Productos/Servicios
A2: ='Datos Básicos'!B8 -> 0
A7: Precios de Venta e incrementos interanuales
B9: =CONCATENATE('Datos Básicos'!B16," ",'Datos Básicos'!$B$17) -> Año 0 2026 | C9: =CONCATENATE("Año ",'Datos Básicos'!C16," : ",'Datos Básicos'!$C$17) -> Año 1 : 2027 | E9: =CONCATENATE("Año ",'Datos Básicos'!D16," : ",'Datos Básicos'!$D$17) -> Año 2 : 2028 | G9: =CONCATENATE("Año ",'Datos Básicos'!E16," : ",'Datos Básicos'!$E$17) -> Año 3 : 2029 | I9: =CONCATENATE("Año ",'Datos Básicos'!F16," : ",'Datos Básicos'!$F$17) -> Año 4 : 2030
A10: Familias de Productos (productos o servicios) | B10: Precios Venta | C10: incremento interanual | D10: Precios Venta | E10: incremento interanual | F10: Precios Venta | G10: incremento interanual | H10: Precios Venta | I10: incremento interanual | J10: Precios Venta
B11: 0 | C11: 0.02 | D11: =B11*(1+C11) -> 0 | E11: =C11 -> 0.02 | F11: =D11*(1+E11) -> 0 | G11: =E11 -> 0.02 | H11: =F11*(1+G11) -> 0 | I11: =G11 -> 0.02 | J11: =H11*(1+I11) -> 0
B12: 0 | C12: 0.02 | D12: =B12*(1+C12) -> 0 | E12: =C12 -> 0.02 | F12: =D12*(1+E12) -> 0 | G12: =E12 -> 0.02 | H12: =F12*(1+G12) -> 0 | I12: =G12 -> 0.02 | J12: =H12*(1+I12) -> 0
B13: 0 | C13: 0.02 | D13: =B13*(1+C13) -> 0 | E13: =C13 -> 0.02 | F13: =D13*(1+E13) -> 0 | G13: =E13 -> 0.02 | H13: =F13*(1+G13) -> 0 | I13: =G13 -> 0.02 | J13: =H13*(1+I13) -> 0
B14: 0 | C14: 0.02 | D14: =B14*(1+C14) -> 0 | E14: =C14 -> 0.02 | F14: =D14*(1+E14) -> 0 | G14: =E14 -> 0.02 | H14: =F14*(1+G14) -> 0 | I14: =G14 -> 0.02 | J14: =H14*(1+I14) -> 0
B15: 0 | C15: 0.02 | D15: =B15*(1+C15) -> 0 | E15: =C15 -> 0.02 | F15: =D15*(1+E15) -> 0 | G15: =E15 -> 0.02 | H15: =F15*(1+G15) -> 0 | I15: =G15 -> 0.02 | J15: =H15*(1+I15) -> 0
B16: 0 | C16: 0.02 | D16: =B16*(1+C16) -> 0 | E16: =C16 -> 0.02 | F16: =D16*(1+E16) -> 0 | G16: =E16 -> 0.02 | H16: =F16*(1+G16) -> 0 | I16: =G16 -> 0.02 | J16: =H16*(1+I16) -> 0
B17: 0 | C17: 0.02 | D17: =B17*(1+C17) -> 0 | E17: =C17 -> 0.02 | F17: =D17*(1+E17) -> 0 | G17: =E17 -> 0.02 | H17: =F17*(1+G17) -> 0 | I17: =G17 -> 0.02 | J17: =H17*(1+I17) -> 0
B18: 0 | C18: 0.02 | D18: =B18*(1+C18) -> 0 | E18: =C18 -> 0.02 | F18: =D18*(1+E18) -> 0 | G18: =E18 -> 0.02 | H18: =F18*(1+G18) -> 0 | I18: =G18 -> 0.02 | J18: =H18*(1+I18) -> 0
A20: Los precios son precios medios unitarios de venta.
A24: Políticas de Cobros de Ventas
A25: Productos | B25: % contado | C25: 30 | D25: 60 | E25: 90 | F25: 120 | G25: 150 | H25: 180 | I25: Totales
A26: =IF(A11="","",A11) | B26: =IF(SUM(C26:H26)>1,"ERROR",1-SUM(C26:H26)) -> 1 | C26: 0 | D26: 0 | E26: 0 | F26: 0 | G26: 0 | H26: 0 | I26: =SUM(B26:H26) -> 1 | J26: =IF(I26<>1,"ERROR EN PORCENTAJES","")
A27: =IF(A12="","",A12) | B27: =IF(SUM(C27:H27)>1,"ERROR",1-SUM(C27:H27)) -> 1 | C27: =C26 -> 0 | D27: =D26 -> 0 | E27: =E26 -> 0 | F27: =F26 -> 0 | G27: =G26 -> 0 | H27: =H26 -> 0 | I27: =SUM(B27:H27) -> 1 | J27: =IF(I27<>1,"ERROR EN PORCENTAJES","")
A28: =IF(A13="","",A13) | B28: =IF(SUM(C28:H28)>1,"ERROR",1-SUM(C28:H28)) -> 1 | C28: =C27 -> 0 | D28: =D27 -> 0 | E28: =E27 -> 0 | F28: =F27 -> 0 | G28: =G27 -> 0 | H28: =H27 -> 0 | I28: =SUM(B28:H28) -> 1 | J28: =IF(I28<>1,"ERROR EN PORCENTAJES","")
A29: =IF(A14="","",A14) | B29: =IF(SUM(C29:H29)>1,"ERROR",1-SUM(C29:H29)) -> 1 | C29: =C28 -> 0 | D29: =D28 -> 0 | E29: =E28 -> 0 | F29: =F28 -> 0 | G29: =G28 -> 0 | H29: =H28 -> 0 | I29: =SUM(B29:H29) -> 1 | J29: =IF(I29<>1,"ERROR EN PORCENTAJES","")
A30: =IF(A15="","",A15) | B30: =IF(SUM(C30:H30)>1,"ERROR",1-SUM(C30:H30)) -> 1 | C30: =C29 -> 0 | D30: =D29 -> 0 | E30: =E29 -> 0 | F30: =F29 -> 0 | G30: =G29 -> 0 | H30: =H29 -> 0 | I30: =SUM(B30:H30) -> 1 | J30: =IF(I30<>1,"ERROR EN PORCENTAJES","")
A31: =IF(A16="","",A16) | B31: =IF(SUM(C31:H31)>1,"ERROR",1-SUM(C31:H31)) -> 1 | C31: =C30 -> 0 | D31: =D30 -> 0 | E31: =E30 -> 0 | F31: =F30 -> 0 | G31: =G30 -> 0 | H31: =H30 -> 0 | I31: =SUM(B31:H31) -> 1 | J31: =IF(I31<>1,"ERROR EN PORCENTAJES","")
A32: =IF(A17="","",A17) | B32: =IF(SUM(C32:H32)>1,"ERROR",1-SUM(C32:H32)) -> 1 | C32: =C31 -> 0 | D32: =D31 -> 0 | E32: =E31 -> 0 | F32: =F31 -> 0 | G32: =G31 -> 0 | H32: =H31 -> 0 | I32: =SUM(B32:H32) -> 1 | J32: =IF(I32<>1,"ERROR EN PORCENTAJES","")
A33: =IF(A18="","",A18) | B33: =IF(SUM(C33:H33)>1,"ERROR",1-SUM(C33:H33)) -> 1 | C33: =C32 -> 0 | D33: =D32 -> 0 | E33: =E32 -> 0 | F33: =F32 -> 0 | G33: =G32 -> 0 | H33: =H32 -> 0 | I33: =SUM(B33:H33) -> 1 | J33: =IF(I33<>1,"ERROR EN PORCENTAJES","")

Sheet Precios-CV
A1: Costes Variables y Política Pagos por Familias de Productos/Servicios
A2: ='Datos Básicos'!B8 -> 0
A7: Costes Variables
B9: ='Precios Venta y P. Cobros'!B9 -> Año 0 2026 | C9: ='Precios Venta y P. Cobros'!C9 -> Año 1 : 2027 | E9: ='Precios Venta y P. Cobros'!E9 -> Año 2 : 2028 | G9: ='Precios Venta y P. Cobros'!G9 -> Año 3 : 2029 | I9: ='Precios Venta y P. Cobros'!I9 -> Año 4 : 2030
A10: Familias de Productos (productos o servicios) | B10: Costes Variables | C10: incremento interanual | D10: Costes Variables | E10: incremento interanual | F10: Costes Variables | G10: incremento interanual | H10: Costes Variables | I10: incremento interanual | J10: Costes Variables
A11: =IF('Precios Venta y P. Cobros'!A11="","",'Precios Venta y P. Cobros'!A11) | B11: 0 | C11: 0.02 | D11: =B11*(1+C11) -> 0 | E11: =C11 -> 0.02 | F11: =D11*(1+E11) -> 0 | G11: =E11 -> 0.02 | H11: =F11*(1+G11) -> 0 | I11: =G11 -> 0.02 | J11: =H11*(1+I11) -> 0
A12: =IF('Precios Venta y P. Cobros'!A12="","",'Precios Venta y P. Cobros'!A12) | B12: 0 | C12: 0.02 | D12: =B12*(1+C12) -> 0 | E12: =C12 -> 0.02 | F12: =D12*(1+E12) -> 0 | G12: =E12 -> 0.02 | H12: =F12*(1+G12) -> 0 | I12: =G12 -> 0.02 | J12: =H12*(1+I12) -> 0
A13: =IF('Precios Venta y P. Cobros'!A13="","",'Precios Venta y P. Cobros'!A13) | B13: 0 | C13: 0.02 | D13: =B13*(1+C13) -> 0 | E13: =C13 -> 0.02 | F13: =D13*(1+E13) -> 0 | G13: =E13 -> 0.02 | H13: =F13*(1+G13) -> 0 | I13: =G13 -> 0.02 | J13: =H13*(1+I13) -> 0
A14: =IF('Precios Venta y P. Cobros'!A14="","",'Precios Venta y P. Cobros'!A14) | B14: 0 | C14: 0.02 | D14: =B14*(1+C14) -> 0 | E14: =C14 -> 0.02 | F14: =D14*(1+E14) -> 0 | G14: =E14 -> 0.02 | H14: =F14*(1+G14) -> 0 | I14: =G14 -> 0.02 | J14: =H14*(1+I14) -> 0
A15: =IF('Precios Venta y P. Cobros'!A15="","",'Precios Venta y P. Cobros'!A15) | B15: 0 | C15: 0.02 | D15: =B15*(1+C15) -> 0 | E15: =C15 -> 0.02 | F15: =D15*(1+E15) -> 0 | G15: =E15 -> 0.02 | H15: =F15*(1+G15) -> 0 | I15: =G15 -> 0.02 | J15: =H15*(1+I15) -> 0
A16: =IF('Precios Venta y P. Cobros'!A16="","",'Precios Venta y P. Cobros'!A16) | B16: 0 | C16: 0.02 | D16: =B16*(1+C16) -> 0 | E16: =C16 -> 0.02 | F16: =D16*(1+E16) -> 0 | G16: =E16 -> 0.02 | H16: =F16*(1+G16) -> 0 | I16: =G16 -> 0.02 | J16: =H16*(1+I16) -> 0
A17: =IF('Precios Venta y P. Cobros'!A17="","",'Precios Venta y P. Cobros'!A17) | B17: 0 | C17: 0.02 | D17: =B17*(1+C17) -> 0 | E17: =C17 -> 0.02 | F17: =D17*(1+E17) -> 0 | G17: =E17 -> 0.02 | H17: =F17*(1+G17) -> 0 | I17: =G17 -> 0.02 | J17: =H17*(1+I17) -> 0
A18: =IF('Precios Venta y P. Cobros'!A18="","",'Precios Venta y P. Cobros'!A18) | B18: 0 | C18: 0.02 | D18: =B18*(1+C18) -> 0 | E18: =C18 -> 0.02 | F18: =D18*(1+E18) -> 0 | G18: =E18 -> 0.02 | H18: =F18*(1+G18) -> 0 | I18: =G18 -> 0.02 | J18: =H18*(1+I18) -> 0
A21: Márgenes y Costes Variables Unitarios
A23: % | B23: =CONCATENATE('Datos Básicos'!B16," : ",'Datos Básicos'!$B$17) -> Año 0 : 2026 | D23: =C9 -> Año 1 : 2027 | F23: =E9 -> Año 2 : 2028 | H23: =G9 -> Año 3 : 2029 | J23: =I9 -> Año 4 : 2030
A24: Familias de Productos (productos o servicios) | B24: % C.V. por Unidad | C24: % Margen bruto unitario | D24: % C.V. por Unidad | E24: % Margen bruto unitario | F24: % C.V. por Unidad | G24: % Margen bruto unitario | H24: % C.V. por Unidad | I24: % Margen bruto unitario | J24: % C.V. por Unidad | K24: % Margen bruto unitario
A25: =IF(A11="","",A11) | B25: =IF('Precios Venta y P. Cobros'!B11=0,0,B11/'Precios Venta y P. Cobros'!B11) -> 0 | C25: =1-B25 -> 1 | D25: =IF('Precios Venta y P. Cobros'!D11=0,0,D11/'Precios Venta y P. Cobros'!D11) -> 0 | E25: =1-D25 -> 1 | F25: =IF('Precios Venta y P. Cobros'!F11=0,0,F11/'Precios Venta y P. Cobros'!F11) -> 0 | G25: =1-F25 -> 1 | H25: =IF('Precios Venta y P. Cobros'!H11=0,0,H11/'Precios Venta y P. Cobros'!H11) -> 0 | I25: =1-H25 -> 1 | J25: =IF('Precios Venta y P. Cobros'!J11=0,0,J11/'Precios Venta y P. Cobros'!J11) -> 0 | K25: =1-J25 -> 1
A26: =IF(A12="","",A12) | B26: =IF('Precios Venta y P. Cobros'!B12=0,0,B12/'Precios Venta y P. Cobros'!B12) -> 0 | C26: =1-B26 -> 1 | D26: =IF('Precios Venta y P. Cobros'!D12=0,0,D12/'Precios Venta y P. Cobros'!D12) -> 0 | E26: =1-D26 -> 1 | F26: =IF('Precios Venta y P. Cobros'!F12=0,0,F12/'Precios Venta y P. Cobros'!F12) -> 0 | G26: =1-F26 -> 1 | H26: =IF('Precios Venta y P. Cobros'!H12=0,0,H12/'Precios Venta y P. Cobros'!H12) -> 0 | I26: =1-H26 -> 1 | J26: =IF('Precios Venta y P. Cobros'!J12=0,0,J12/'Precios Venta y P. Cobros'!J12) -> 0 | K26: =1-J26 -> 1
A27: =IF(A13="","",A13) | B27: =IF('Precios Venta y P. Cobros'!B13=0,0,B13/'Precios Venta y P. Cobros'!B13) -> 0 | C27: =1-B27 -> 1 | D27: =IF('Precios Venta y P. Cobros'!D13=0,0,D13/'Precios Venta y P. Cobros'!D13) -> 0 | E27: =1-D27 -> 1 | F27: =IF('Precios Venta y P. Cobros'!F13=0,0,F13/'Precios Venta y P. Cobros'!F13) -> 0 | G27: =1-F27 -> 1 | H27: =IF('Precios Venta y P. Cobros'!H13=0,0,H13/'Precios Venta y P. Cobros'!H13) -> 0 | I27: =1-H27 -> 1 | J27: =IF('Precios Venta y P. Cobros'!J13=0,0,J13/'Precios Venta y P. Cobros'!J13) -> 0 | K27: =1-J27 -> 1
A28: =IF(A14="","",A14) | B28: =IF('Precios Venta y P. Cobros'!B14=0,0,B14/'Precios Venta y P. Cobros'!B14) -> 0 | C28: =1-B28 -> 1 | D28: =IF('Precios Venta y P. Cobros'!D14=0,0,D14/'Precios Venta y P. Cobros'!D14) -> 0 | E28: =1-D28 -> 1 | F28: =IF('Precios Venta y P. Cobros'!F14=0,0,F14/'Precios Venta y P. Cobros'!F14) -> 0 | G28: =1-F28 -> 1 | H28: =IF('Precios Venta y P. Cobros'!H14=0,0,H14/'Precios Venta y P. Cobros'!H14) -> 0 | I28: =1-H28 -> 1 | J28: =IF('Precios Venta y P. Cobros'!J14=0,0,J14/'Precios Venta y P. Cobros'!J14) -> 0 | K28: =1-J28 -> 1
A29: =IF(A15="","",A15) | B29: =IF('Precios Venta y P. Cobros'!B15=0,0,B15/'Precios Venta y P. Cobros'!B15) -> 0 | C29: =1-B29 -> 1 | D29: =IF('Precios Venta y P. Cobros'!D15=0,0,D15/'Precios Venta y P. Cobros'!D15) -> 0 | E29: =1-D29 -> 1 | F29: =IF('Precios Venta y P. Cobros'!F15=0,0,F15/'Precios Venta y P. Cobros'!F15) -> 0 | G29: =1-F29 -> 1 | H29: =IF('Precios Venta y P. Cobros'!H15=0,0,H15/'Precios Venta y P. Cobros'!H15) -> 0 | I29: =1-H29 -> 1 | J29: =IF('Precios Venta y P. Cobros'!J15=0,0,J15/'Precios Venta y P. Cobros'!J15) -> 0 | K29: =1-J29 -> 1
A30: =IF(A16="","",A16) | B30: =IF('Precios Venta y P. Cobros'!B16=0,0,B16/'Precios Venta y P. Cobros'!B16) -> 0 | C30: =1-B30 -> 1 | D30: =IF('Precios Venta y P. Cobros'!D16=0,0,D16/'Precios Venta y P. Cobros'!D16) -> 0 | E30: =1-D30 -> 1 | F30: =IF('Precios Venta y P. Cobros'!F16=0,0,F16/'Precios Venta y P. Cobros'!F16) -> 0 | G30: =1-F30 -> 1 | H30: =IF('Precios Venta y P. Cobros'!H16=0,0,H16/'Precios Venta y P. Cobros'!H16) -> 0 | I30: =1-H30 -> 1 | J30: =IF('Precios Venta y P. Cobros'!J16=0,0,J16/'Precios Venta y P. Cobros'!J16) -> 0 | K30: =1-J30 -> 1
A31: =IF(A17="","",A17) | B31: =IF('Precios Venta y P. Cobros'!B17=0,0,B17/'Precios Venta y P. Cobros'!B17) -> 0 | C31: =1-B31 -> 1 | D31: =IF('Precios Venta y P. Cobros'!D17=0,0,D17/'Precios Venta y P. Cobros'!D17) -> 0 | E31: =1-D31 -> 1 | F31: =IF('Precios Venta y P. Cobros'!F17=0,0,F17/'Precios Venta y P. Cobros'!F17) -> 0 | G31: =1-F31 -> 1 | H31: =IF('Precios Venta y P. Cobros'!H17=0,0,H17/'Precios Venta y P. Cobros'!H17) -> 0 | I31: =1-H31 -> 1 | J31: =IF('Precios Venta y P. Cobros'!J17=0,0,J17/'Precios Venta y P. Cobros'!J17) -> 0 | K31: =1-J31 -> 1
A32: =IF(A18="","",A18) | B32: =IF('Precios Venta y P. Cobros'!B18=0,0,B18/'Precios Venta y P. Cobros'!B18) -> 0 | C32: =1-B32 -> 1 | D32: =IF('Precios Venta y P. Cobros'!D18=0,0,D18/'Precios Venta y P. Cobros'!D18) -> 0 | E32: =1-D32 -> 1 | F32: =IF('Precios Venta y P. Cobros'!F18=0,0,F18/'Precios Venta y P. Cobros'!F18) -> 0 | G32: =1-F32 -> 1 | H32: =IF('Precios Venta y P. Cobros'!H18=0,0,H18/'Precios Venta y P. Cobros'!H18) -> 0 | I32: =1-H32 -> 1 | J32: =IF('Precios Venta y P. Cobros'!J18=0,0,J18/'Precios Venta y P. Cobros'!J18) -> 0 | K32: =1-J32 -> 1
A35: Políticas de Pagos de Costes Variables
A36: Productos | B36: % contado | C36: 30 | D36: 60 | E36: 90 | F36: 120 | G36: 150 | H36: 180 | I36: Totales
A37: =IF(A11="","",A11) | B37: =IF(SUM(C37:H37)>1,"ERROR",1-SUM(C37:H37)) -> 1 | D37: 0 | E37: 0 | F37: 0 | G37: 0 | H37: 0 | I37: =SUM(B37:H37) -> 1 | J37: =IF(I37<>1,"ERROR EN PORCENTAJES","")
A38: =IF(A12="","",A12) | B38: =IF(SUM(C38:H38)>1,"ERROR",1-SUM(C38:H38)) -> 1 | C38: =C37 -> 0 | D38: =D37 -> 0 | E38: =E37 -> 0 | F38: =F37 -> 0 | G38: =G37 -> 0 | H38: =H37 -> 0 | I38: =SUM(B38:H38) -> 1 | J38: =IF(I38<>1,"ERROR EN PORCENTAJES","")
A39: =IF(A13="","",A13) | B39: =IF(SUM(C39:H39)>1,"ERROR",1-SUM(C39:H39)) -> 1 | C39: =C38 -> 0 | D39: =D38 -> 0 | E39: =E38 -> 0 | F39: =F38 -> 0 | G39: =G38 -> 0 | H39: =H38 -> 0 | I39: =SUM(B39:H39) -> 1 | J39: =IF(I39<>1,"ERROR EN PORCENTAJES","")
A40: =IF(A14="","",A14) | B40: =IF(SUM(C40:H40)>1,"ERROR",1-SUM(C40:H40)) -> 1 | C40: =C39 -> 0 | D40: =D39 -> 0 | E40: =E39 -> 0 | F40: =F39 -> 0 | G40: =G39 -> 0 | H40: =H39 -> 0 | I40: =SUM(B40:H40) -> 1 | J40: =IF(I40<>1,"ERROR EN PORCENTAJES","")
A41: =IF(A15="","",A15) | B41: =IF(SUM(C41:H41)>1,"ERROR",1-SUM(C41:H41)) -> 1 | C41: =C40 -> 0 | D41: =D40 -> 0 | E41: =E40 -> 0 | F41: =F40 -> 0 | G41: =G40 -> 0 | H41: =H40 -> 0 | I41: =SUM(B41:H41) -> 1 | J41: =IF(I41<>1,"ERROR EN PORCENTAJES","")
A42: =IF(A16="","",A16) | B42: =IF(SUM(C42:H42)>1,"ERROR",1-SUM(C42:H42)) -> 1 | C42: =C41 -> 0 | D42: =D41 -> 0 | E42: =E41 -> 0 | F42: =F41 -> 0 | G42: =G41 -> 0 | H42: =H41 -> 0 | I42: =SUM(B42:H42) -> 1 | J42: =IF(I42<>1,"ERROR EN PORCENTAJES","")
A43: =IF(A17="","",A17) | B43: =IF(SUM(C43:H43)>1,"ERROR",1-SUM(C43:H43)) -> 1 | C43: =C42 -> 0 | D43: =D42 -> 0 | E43: =E42 -> 0 | F43: =F42 -> 0 | G43: =G42 -> 0 | H43: =H42 -> 0 | I43: =SUM(B43:H43) -> 1 | J43: =IF(I43<>1,"ERROR EN PORCENTAJES","")
A44: =IF(A18="","",A18) | B44: =IF(SUM(C44:H44)>1,"ERROR",1-SUM(C44:H44)) -> 1 | C44: =C43 -> 0 | D44: =D43 -> 0 | E44: =E43 -> 0 | F44: =F43 -> 0 | G44: =G43 -> 0 | H44: =H43 -> 0 | I44: =SUM(B44:H44) -> 1 | J44: =IF(I44<>1,"ERROR EN PORCENTAJES","")

Sheet Estimacion Ventas
A1: Datos para las previsiones de ventas en unidades
A2: ='Datos Básicos'!B8 -> 0
B4: ='Datos Gastos Fijos'!D7 -> enero | C4: ='Datos Gastos Fijos'!E7 -> febrero | D4: ='Datos Gastos Fijos'!F7 -> marzo | E4: ='Datos Gastos Fijos'!G7 -> abril | F4: ='Datos Gastos Fijos'!H7 -> mayo | G4: ='Datos Gastos Fijos'!I7 -> junio | H4: ='Datos Gastos Fijos'!J7 -> julio | I4: ='Datos Gastos Fijos'!K7 -> agosto | ... M4: ='Datos Gastos Fijos'!O7 -> diciembre | N4: Totales
A9: Previsiones de Ventas de la empresa | E9: ='Datos Básicos'!B16&":" -> Año 0: | F9: ='Datos Básicos'!B17 -> 2026
A11: Ventas (Unidades) | B11: =CONCATENATE(B4," ",$F$9) -> enero 2026 | C11: =CONCATENATE(C4," ",$F$9) -> febrero 2026 | D11: =CONCATENATE(D4," ",$F$9) -> marzo 2026 | E11: =CONCATENATE(E4," ",$F$9) -> abril 2026 | F11: =CONCATENATE(F4," ",$F$9) -> mayo 2026 | G11: =CONCATENATE(G4," ",$F$9) -> junio 2026 | H11: =CONCATENATE(H4," ",$F$9) -> julio 2026 | I11: =CONCATENATE(I4," ",$F$9) -> agosto 2026 | ... M11: =CONCATENATE(M4," ",$F$9) -> diciembre 2026 | N11: =CONCATENATE("Totales ",$F$9) -> Totales 2026
A12: =IF(Parametros!A24="","",Parametros!A24) | B12: 0 | C12: 0 | D12: 0 | E12: 0 | F12: 0 | G12: 0 | H12: 0 | I12: 0 | J12: 0 | K12: 0 | L12: 0 | M12: 0 | N12: =SUM(B12:M12) -> 0
A13: =IF(Parametros!A25="","",Parametros!A25) | B13: 0 | C13: 0 | D13: 0 | E13: 0 | F13: 0 | G13: 0 | H13: 0 | I13: 0 | J13: 0 | K13: 0 | L13: 0 | M13: 0 | N13: =SUM(B13:M13) -> 0
A14: =IF(Parametros!A26="","",Parametros!A26) | B14: 0 | C14: 0 | D14: 0 | E14: 0 | F14: 0 | G14: 0 | H14: 0 | I14: 0 | J14: 0 | K14: 0 | L14: 0 | M14: 0 | N14: =SUM(B14:M14) -> 0
A15: =IF(Parametros!A27="","",Parametros!A27) | B15: 0 | C15: 0 | D15: 0 | E15: 0 | F15: 0 | G15: 0 | H15: 0 | I15: 0 | J15: 0 | K15: 0 | L15: 0 | M15: 0 | N15: =SUM(B15:M15) -> 0
A16: =IF(Parametros!A28="","",Parametros!A28) | B16: 0 | C16: 0 | D16: 0 | E16: 0 | F16: 0 | G16: 0 | H16: 0 | I16: 0 | J16: 0 | K16: 0 | L16: 0 | M16: 0 | N16: =SUM(B16:M16) -> 0
A17: =IF(Parametros!A29="","",Parametros!A29) | B17: 0 | C17: 0 | D17: 0 | E17: 0 | F17: 0 | G17: 0 | H17: 0 | I17: 0 | J17: 0 | K17: 0 | L17: 0 | M17: 0 | N17: =SUM(B17:M17) -> 0
A18: =IF(Parametros!A30="","",Parametros!A30) | B18: 0 | C18: 0 | D18: 0 | E18: 0 | F18: 0 | G18: 0 | H18: 0 | I18: 0 | J18: 0 | K18: 0 | L18: 0 | M18: 0 | N18: =SUM(B18:M18) -> 0
A19: =IF(Parametros!A31="","",Parametros!A31) | B19: 0 | C19: 0 | D19: 0 | E19: 0 | F19: 0 | G19: 0 | H19: 0 | I19: 0 | J19: 0 | K19: 0 | L19: 0 | M19: 0 | N19: =SUM(B19:M19) -> 0
A20: Totales | B20: =SUM(B12:B19) -> 0 | C20: =SUM(C12:C19) -> 0 | D20: =SUM(D12:D19) -> 0 | E20: =SUM(E12:E19) -> 0 | F20: =SUM(F12:F19) -> 0 | G20: =SUM(G12:G19) -> 0 | H20: =SUM(H12:H19) -> 0 | I20: =SUM(I12:I19) -> 0 | ... M20: =SUM(M12:M19) -> 0 | N20: =SUM(B20:M20) -> 0
B21: 1 | C21: 2 | D21: 3 | E21: 4 | F21: 5 | G21: 6 | H21: 7 | I21: 8 | J21: 9 | K21: 10 | L21: 11 | M21: 12
A22: =A9 -> Previsiones de Ventas de la empresa | E22: ='Datos Básicos'!C16 -> 1 | F22: =F9+1 -> 2027
A24: Ventas (Unidades) | B24: =CONCATENATE(B4," ",$F$22) -> enero 2027 | C24: =CONCATENATE(C4," ",$F$22) -> febrero 2027 | D24: =CONCATENATE(D4," ",$F$22) -> marzo 2027 | E24: =CONCATENATE(E4," ",$F$22) -> abril 2027 | F24: =CONCATENATE(F4," ",$F$22) -> mayo 2027 | G24: =CONCATENATE(G4," ",$F$22) -> junio 2027 | H24: =CONCATENATE(H4," ",$F$22) -> julio 2027 | I24: =CONCATENATE(I4," ",$F$22) -> agosto 2027 | ... M24: =CONCATENATE(M4," ",$F$22) -> diciembre 2027 | N24: =CONCATENATE("Totales ",$F$22) -> Totales 2027
A25: =A12 | B25: =B12*1.05 -> 0 | C25: =C12*1.05 -> 0 | D25: =D12*1.05 -> 0 | E25: =E12*1.05 -> 0 | F25: =F12*1.05 -> 0 | G25: =G12*1.05 -> 0 | H25: =H12*1.05 -> 0 | I25: =I12*1.05 -> 0 | ... M25: =M12*1.05 -> 0 | N25: =SUM(B25:M25) -> 0
A26: =A13 | B26: =B13*1.05 -> 0 | C26: =C13*1.05 -> 0 | D26: =D13*1.05 -> 0 | E26: =E13*1.05 -> 0 | F26: =F13*1.05 -> 0 | G26: =G13*1.05 -> 0 | H26: =H13*1.05 -> 0 | I26: =I13*1.05 -> 0 | ... M26: =M13*1.05 -> 0 | N26: =SUM(B26:M26) -> 0
A27: =A14 | B27: =B14*1.05 -> 0 | C27: =C14*1.05 -> 0 | D27: =D14*1.05 -> 0 | E27: =E14*1.05 -> 0 | F27: =F14*1.05 -> 0 | G27: =G14*1.05 -> 0 | H27: =H14*1.05 -> 0 | I27: =I14*1.05 -> 0 | ... M27: =M14*1.05 -> 0 | N27: =SUM(B27:M27) -> 0
A28: =A15 | B28: =B15*1.05 -> 0 | C28: =C15*1.05 -> 0 | D28: =D15*1.05 -> 0 | E28: =E15*1.05 -> 0 | F28: =F15*1.05 -> 0 | G28: =G15*1.05 -> 0 | H28: =H15*1.05 -> 0 | I28: =I15*1.05 -> 0 | ... M28: =M15*1.05 -> 0 | N28: =SUM(B28:M28) -> 0
A29: =A16 | B29: =B16*1.05 -> 0 | C29: =C16*1.05 -> 0 | D29: =D16*1.05 -> 0 | E29: =E16*1.05 -> 0 | F29: =F16*1.05 -> 0 | G29: =G16*1.05 -> 0 | H29: =H16*1.05 -> 0 | I29: =I16*1.05 -> 0 | ... M29: =M16*1.05 -> 0 | N29: =SUM(B29:M29) -> 0
A30: =A17 | B30: =B17*1.05 -> 0 | C30: =C17*1.05 -> 0 | D30: =D17*1.05 -> 0 | E30: =E17*1.05 -> 0 | F30: =F17*1.05 -> 0 | G30: =G17*1.05 -> 0 | H30: =H17*1.05 -> 0 | I30: =I17*1.05 -> 0 | ... M30: =M17*1.05 -> 0 | N30: =SUM(B30:M30) -> 0
A31: =A18 | B31: =B18*1.05 -> 0 | C31: =C18*1.05 -> 0 | D31: =D18*1.05 -> 0 | E31: =E18*1.05 -> 0 | F31: =F18*1.05 -> 0 | G31: =G18*1.05 -> 0 | H31: =H18*1.05 -> 0 | I31: =I18*1.05 -> 0 | ... M31: =M18*1.05 -> 0 | N31: =SUM(B31:M31) -> 0
A32: =A19 | B32: =B19*1.05 -> 0 | C32: =C19*1.05 -> 0 | D32: =D19*1.05 -> 0 | E32: =E19*1.05 -> 0 | F32: =F19*1.05 -> 0 | G32: =G19*1.05 -> 0 | H32: =H19*1.05 -> 0 | I32: =I19*1.05 -> 0 | ... M32: =M19*1.05 -> 0 | N32: =SUM(B32:M32) -> 0
A33: Total | B33: =B25+B26+B27+B28+B29+B30+B31+B32 -> 0 | C33: =C25+C26+C27+C28+C29+C30+C31+C32 -> 0 | D33: =D25+D26+D27+D28+D29+D30+D31+D32 -> 0 | E33: =E25+E26+E27+E28+E29+E30+E31+E32 -> 0 | F33: =F25+F26+F27+F28+F29+F30+F31+F32 -> 0 | G33: =G25+G26+G27+G28+G29+G30+G31+G32 -> 0 | H33: =H25+H26+H27+H28+H29+H30+H31+H32 -> 0 | I33: =I25+I26+I27+I28+I29+I30+I31+I32 -> 0 | ... M33: =M25+M26+M27+M28+M29+M30+M31+M32 -> 0 | N33: =SUM(B33:M33) -> 0
A35: =A22 -> Previsiones de Ventas de la empresa | E35: =E22+1 -> 2 | F35: =F22+1 -> 2028
A37: Ventas (Unidades) | B37: =CONCATENATE(B4," ",$F$35) -> enero 2028 | C37: =CONCATENATE(C4," ",$F$35) -> febrero 2028 | D37: =CONCATENATE(D4," ",$F$35) -> marzo 2028 | E37: =CONCATENATE(E4," ",$F$35) -> abril 2028 | F37: =CONCATENATE(F4," ",$F$35) -> mayo 2028 | G37: =CONCATENATE(G4," ",$F$35) -> junio 2028 | H37: =CONCATENATE(H4," ",$F$35) -> julio 2028 | I37: =CONCATENATE(I4," ",$F$35) -> agosto 2028 | ... M37: =CONCATENATE(M4," ",$F$35) -> diciembre 2028 | N37: =CONCATENATE("Totales ",$F$35) -> Totales 2028
A38: =A25 | B38: =B25*1.05 -> 0 | C38: =C25*1.05 -> 0 | D38: =D25*1.05 -> 0 | E38: =E25*1.05 -> 0 | F38: =F25*1.05 -> 0 | G38: =G25*1.05 -> 0 | H38: =H25*1.05 -> 0 | I38: =I25*1.05 -> 0 | ... M38: =M25*1.05 -> 0 | N38: =SUM(B38:M38) -> 0
A39: =A26 | B39: =B26*1.05 -> 0 | C39: =C26*1.05 -> 0 | D39: =D26*1.05 -> 0 | E39: =E26*1.05 -> 0 | F39: =F26*1.05 -> 0 | G39: =G26*1.05 -> 0 | H39: =H26*1.05 -> 0 | I39: =I26*1.05 -> 0 | ... M39: =M26*1.05 -> 0 | N39: =SUM(B39:M39) -> 0
A40: =A27 | B40: =B27*1.05 -> 0 | C40: =C27*1.05 -> 0 | D40: =D27*1.05 -> 0 | E40: =E27*1.05 -> 0 | F40: =F27*1.05 -> 0 | G40: =G27*1.05 -> 0 | H40: =H27*1.05 -> 0 | I40: =I27*1.05 -> 0 | ... M40: =M27*1.05 -> 0 | N40: =SUM(B40:M40) -> 0
A41: =A28 | B41: =B28*1.05 -> 0 | C41: =C28*1.05 -> 0 | D41: =D28*1.05 -> 0 | E41: =E28*1.05 -> 0 | F41: =F28*1.05 -> 0 | G41: =G28*1.05 -> 0 | H41: =H28*1.05 -> 0 | I41: =I28*1.05 -> 0 | ... M41: =M28*1.05 -> 0 | N41: =SUM(B41:M41) -> 0
A42: =A29 | B42: =B29*1.05 -> 0 | C42: =C29*1.05 -> 0 | D42: =D29*1.05 -> 0 | E42: =E29*1.05 -> 0 | F42: =F29*1.05 -> 0 | G42: =G29*1.05 -> 0 | H42: =H29*1.05 -> 0 | I42: =I29*1.05 -> 0 | ... M42: =M29*1.05 -> 0 | N42: =SUM(B42:M42) -> 0
A43: =A30 | B43: =B30*1.05 -> 0 | C43: =C30*1.05 -> 0 | D43: =D30*1.05 -> 0 | E43: =E30*1.05 -> 0 | F43: =F30*1.05 -> 0 | G43: =G30*1.05 -> 0 | H43: =H30*1.05 -> 0 | I43: =I30*1.05 -> 0 | ... M43: =M30*1.05 -> 0 | N43: =SUM(B43:M43) -> 0
A44: =A31 | B44: =B31*1.05 -> 0 | C44: =C31*1.05 -> 0 | D44: =D31*1.05 -> 0 | E44: =E31*1.05 -> 0 | F44: =F31*1.05 -> 0 | G44: =G31*1.05 -> 0 | H44: =H31*1.05 -> 0 | I44: =I31*1.05 -> 0 | ... M44: =M31*1.05 -> 0 | N44: =SUM(B44:M44) -> 0
A45: =A32 | B45: =B32*1.05 -> 0 | C45: =C32*1.05 -> 0 | D45: =D32*1.05 -> 0 | E45: =E32*1.05 -> 0 | F45: =F32*1.05 -> 0 | G45: =G32*1.05 -> 0 | H45: =H32*1.05 -> 0 | I45: =I32*1.05 -> 0 | ... M45: =M32*1.05 -> 0 | N45: =SUM(B45:M45) -> 0
A46: Total | B46: =B38+B39+B40+B41+B42+B43+B44+B45 -> 0 | C46: =C38+C39+C40+C41+C42+C43+C44+C45 -> 0 | D46: =D38+D39+D40+D41+D42+D43+D44+D45 -> 0 | E46: =E38+E39+E40+E41+E42+E43+E44+E45 -> 0 | F46: =F38+F39+F40+F41+F42+F43+F44+F45 -> 0 | G46: =G38+G39+G40+G41+G42+G43+G44+G45 -> 0 | H46: =H38+H39+H40+H41+H42+H43+H44+H45 -> 0 | I46: =I38+I39+I40+I41+I42+I43+I44+I45 -> 0 | ... M46: =M38+M39+M40+M41+M42+M43+M44+M45 -> 0 | N46: =SUM(B46:M46) -> 0
A48: =A35 -> Previsiones de Ventas de la empresa | E48: =E35+1 -> 3 | F48: =F35+1 -> 2029
A50: Ventas (Unidades) | B50: =CONCATENATE(B4," ",$F$48) -> enero 2029 | C50: =CONCATENATE(C4," ",$F$48) -> febrero 2029 | D50: =CONCATENATE(D4," ",$F$48) -> marzo 2029 | E50: =CONCATENATE(E4," ",$F$48) -> abril 2029 | F50: =CONCATENATE(F4," ",$F$48) -> mayo 2029 | G50: =CONCATENATE(G4," ",$F$48) -> junio 2029 | H50: =CONCATENATE(H4," ",$F$48) -> julio 2029 | I50: =CONCATENATE(I4," ",$F$48) -> agosto 2029 | ... M50: =CONCATENATE(M4," ",$F$48) -> diciembre 2029 | N50: =CONCATENATE("Totales ",$F$48) -> Totales 2029
A51: =A38 | B51: =B38*1.05 -> 0 | C51: =C38*1.05 -> 0 | D51: =D38*1.05 -> 0 | E51: =E38*1.05 -> 0 | F51: =F38*1.05 -> 0 | G51: =G38*1.05 -> 0 | H51: =H38*1.05 -> 0 | I51: =I38*1.05 -> 0 | ... M51: =M38*1.05 -> 0 | N51: =SUM(B51:M51) -> 0
A52: =A39 | B52: =B39*1.05 -> 0 | C52: =C39*1.05 -> 0 | D52: =D39*1.05 -> 0 | E52: =E39*1.05 -> 0 | F52: =F39*1.05 -> 0 | G52: =G39*1.05 -> 0 | H52: =H39*1.05 -> 0 | I52: =I39*1.05 -> 0 | ... M52: =M39*1.05 -> 0 | N52: =SUM(B52:M52) -> 0
A53: =A40 | B53: =B40*1.05 -> 0 | C53: =C40*1.05 -> 0 | D53: =D40*1.05 -> 0 | E53: =E40*1.05 -> 0 | F53: =F40*1.05 -> 0 | G53: =G40*1.05 -> 0 | H53: =H40*1.05 -> 0 | I53: =I40*1.05 -> 0 | ... M53: =M40*1.05 -> 0 | N53: =SUM(B53:M53) -> 0
A54: =A41 | B54: =B41*1.05 -> 0 | C54: =C41*1.05 -> 0 | D54: =D41*1.05 -> 0 | E54: =E41*1.05 -> 0 | F54: =F41*1.05 -> 0 | G54: =G41*1.05 -> 0 | H54: =H41*1.05 -> 0 | I54: =I41*1.05 -> 0 | ... M54: =M41*1.05 -> 0 | N54: =SUM(B54:M54) -> 0
A55: =A42 | B55: =B42*1.05 -> 0 | C55: =C42*1.05 -> 0 | D55: =D42*1.05 -> 0 | E55: =E42*1.05 -> 0 | F55: =F42*1.05 -> 0 | G55: =G42*1.05 -> 0 | H55: =H42*1.05 -> 0 | I55: =I42*1.05 -> 0 | ... M55: =M42*1.05 -> 0 | N55: =SUM(B55:M55) -> 0
A56: =A43 | B56: =B43*1.05 -> 0 | C56: =C43*1.05 -> 0 | D56: =D43*1.05 -> 0 | E56: =E43*1.05 -> 0 | F56: =F43*1.05 -> 0 | G56: =G43*1.05 -> 0 | H56: =H43*1.05 -> 0 | I56: =I43*1.05 -> 0 | ... M56: =M43*1.05 -> 0 | N56: =SUM(B56:M56) -> 0
A57: =A44 | B57: =B44*1.05 -> 0 | C57: =C44*1.05 -> 0 | D57: =D44*1.05 -> 0 | E57: =E44*1.05 -> 0 | F57: =F44*1.05 -> 0 | G57: =G44*1.05 -> 0 | H57: =H44*1.05 -> 0 | I57: =I44*1.05 -> 0 | ... M57: =M44*1.05 -> 0 | N57: =SUM(B57:M57) -> 0
A58: =A45 | B58: =B45*1.05 -> 0 | C58: =C45*1.05 -> 0 | D58: =D45*1.05 -> 0 | E58: =E45*1.05 -> 0 | F58: =F45*1.05 -> 0 | G58: =G45*1.05 -> 0 | H58: =H45*1.05 -> 0 | I58: =I45*1.05 -> 0 | ... M58: =M45*1.05 -> 0 | N58: =SUM(B58:M58) -> 0
A59: Total | B59: =B51+B52+B53+B54+B55+B56+B57+B58 -> 0 | C59: =C51+C52+C53+C54+C55+C56+C57+C58 -> 0 | D59: =D51+D52+D53+D54+D55+D56+D57+D58 -> 0 | E59: =E51+E52+E53+E54+E55+E56+E57+E58 -> 0 | F59: =F51+F52+F53+F54+F55+F56+F57+F58 -> 0 | G59: =G51+G52+G53+G54+G55+G56+G57+G58 -> 0 | H59: =H51+H52+H53+H54+H55+H56+H57+H58 -> 0 | I59: =I51+I52+I53+I54+I55+I56+I57+I58 -> 0 | ... M59: =M51+M52+M53+M54+M55+M56+M57+M58 -> 0 | N59: =SUM(B59:M59) -> 0
A61: =A48 -> Previsiones de Ventas de la empresa | E61: =E48+1 -> 4 | F61: =F48+1 -> 2030
A63: Ventas (Unidades) | B63: =CONCATENATE(B4," ",$F$61) -> enero 2030 | C63: =CONCATENATE(C4," ",$F$61) -> febrero 2030 | D63: =CONCATENATE(D4," ",$F$61) -> marzo 2030 | E63: =CONCATENATE(E4," ",$F$61) -> abril 2030 | F63: =CONCATENATE(F4," ",$F$61) -> mayo 2030 | G63: =CONCATENATE(G4," ",$F$61) -> junio 2030 | H63: =CONCATENATE(H4," ",$F$61) -> julio 2030 | I63: =CONCATENATE(I4," ",$F$61) -> agosto 2030 | ... M63: =CONCATENATE(M4," ",$F$61) -> diciembre 2030 | N63: =CONCATENATE("Totales ",$F$61) -> Totales 2030
A64: =A51 | B64: =B51*1.05 -> 0 | C64: =C51*1.05 -> 0 | D64: =D51*1.05 -> 0 | E64: =E51*1.05 -> 0 | F64: =F51*1.05 -> 0 | G64: =G51*1.05 -> 0 | H64: =H51*1.05 -> 0 | I64: =I51*1.05 -> 0 | ... M64: =M51*1.05 -> 0 | N64: =SUM(B64:M64) -> 0
A65: =A52 | B65: =B52*1.05 -> 0 | C65: =C52*1.05 -> 0 | D65: =D52*1.05 -> 0 | E65: =E52*1.05 -> 0 | F65: =F52*1.05 -> 0 | G65: =G52*1.05 -> 0 | H65: =H52*1.05 -> 0 | I65: =I52*1.05 -> 0 | ... M65: =M52*1.05 -> 0 | N65: =SUM(B65:M65) -> 0
A66: =A53 | B66: =B53*1.05 -> 0 | C66: =C53*1.05 -> 0 | D66: =D53*1.05 -> 0 | E66: =E53*1.05 -> 0 | F66: =F53*1.05 -> 0 | G66: =G53*1.05 -> 0 | H66: =H53*1.05 -> 0 | I66: =I53*1.05 -> 0 | ... M66: =M53*1.05 -> 0 | N66: =SUM(B66:M66) -> 0
A67: =A54 | B67: =B54*1.05 -> 0 | C67: =C54*1.05 -> 0 | D67: =D54*1.05 -> 0 | E67: =E54*1.05 -> 0 | F67: =F54*1.05 -> 0 | G67: =G54*1.05 -> 0 | H67: =H54*1.05 -> 0 | I67: =I54*1.05 -> 0 | ... M67: =M54*1.05 -> 0 | N67: =SUM(B67:M67) -> 0
A68: =A55 | B68: =B55*1.05 -> 0 | C68: =C55*1.05 -> 0 | D68: =D55*1.05 -> 0 | E68: =E55*1.05 -> 0 | F68: =F55*1.05 -> 0 | G68: =G55*1.05 -> 0 | H68: =H55*1.05 -> 0 | I68: =I55*1.05 -> 0 | ... M68: =M55*1.05 -> 0 | N68: =SUM(B68:M68) -> 0
A69: =A56 | B69: =B56*1.05 -> 0 | C69: =C56*1.05 -> 0 | D69: =D56*1.05 -> 0 | E69: =E56*1.05 -> 0 | F69: =F56*1.05 -> 0 | G69: =G56*1.05 -> 0 | H69: =H56*1.05 -> 0 | I69: =I56*1.05 -> 0 | ... M69: =M56*1.05 -> 0 | N69: =SUM(B69:M69) -> 0
A70: =A57 | B70: =B57*1.05 -> 0 | C70: =C57*1.05 -> 0 | D70: =D57*1.05 -> 0 | E70: =E57*1.05 -> 0 | F70: =F57*1.05 -> 0 | G70: =G57*1.05 -> 0 | H70: =H57*1.05 -> 0 | I70: =I57*1.05 -> 0 | ... M70: =M57*1.05 -> 0 | N70: =SUM(B70:M70) -> 0
A71: =A58 | B71: =B58*1.05 -> 0 | C71: =C58*1.05 -> 0 | D71: =D58*1.05 -> 0 | E71: =E58*1.05 -> 0 | F71: =F58*1.05 -> 0 | G71: =G58*1.05 -> 0 | H71: =H58*1.05 -> 0 | I71: =I58*1.05 -> 0 | ... M71: =M58*1.05 -> 0 | N71: =SUM(B71:M71) -> 0
A72: Total | B72: =B64+B65+B66+B67+B68+B69+B70+B71 -> 0 | C72: =C64+C65+C66+C67+C68+C69+C70+C71 -> 0 | D72: =D64+D65+D66+D67+D68+D69+D70+D71 -> 0 | E72: =E64+E65+E66+E67+E68+E69+E70+E71 -> 0 | F72: =F64+F65+F66+F67+F68+F69+F70+F71 -> 0 | G72: =G64+G65+G66+G67+G68+G69+G70+G71 -> 0 | H72: =H64+H65+H66+H67+H68+H69+H70+H71 -> 0 | I72: =I64+I65+I66+I67+I68+I69+I70+I71 -> 0 | ... M72: =M64+M65+M66+M67+M68+M69+M70+M71 -> 0 | N72: =SUM(B72:M72) -> 0

Sheet Politicas Cobros y Pagos
A1: ='Datos Básicos'!$B$8 -> 0
A5: =CONCATENATE("Política de Cobros por Ventas para el ",'Datos Básicos'!B16," ( ",'Datos Básicos'!$B$17," )") -> Política de Cobros por Ventas para el Año 0 ( 2026 )
A8: Productos | B8: % contado | C8: 30 | D8: 60 | E8: 90 | F8: 120 | G8: 150 | H8: 180 | I8: Totales
A9: =IF(Parametros!A24="","",Parametros!A24) | B9: =IF(SUM(C9:H9)>1,"ERROR",1-SUM(C9:H9)) -> 1 | C9: ='Precios Venta y P. Cobros'!C26 -> 0 | D9: ='Precios Venta y P. Cobros'!D26 -> 0 | E9: ='Precios Venta y P. Cobros'!E26 -> 0 | F9: ='Precios Venta y P. Cobros'!F26 -> 0 | G9: ='Precios Venta y P. Cobros'!G26 -> 0 | H9: ='Precios Venta y P. Cobros'!H26 -> 0 | I9: =SUM(B9:H9) -> 1 | J9: =IF(I9<>1,"ERROR EN PORCENTAJES","")
A10: =IF(Parametros!A25="","",Parametros!A25) | B10: =IF(SUM(C10:H10)>1,"ERROR",1-SUM(C10:H10)) -> 1 | C10: ='Precios Venta y P. Cobros'!C27 -> 0 | D10: ='Precios Venta y P. Cobros'!D27 -> 0 | E10: ='Precios Venta y P. Cobros'!E27 -> 0 | F10: ='Precios Venta y P. Cobros'!F27 -> 0 | G10: ='Precios Venta y P. Cobros'!G27 -> 0 | H10: ='Precios Venta y P. Cobros'!H27 -> 0 | I10: =SUM(B10:H10) -> 1 | J10: =IF(I10<>1,"ERROR EN PORCENTAJES","")
A11: =IF(Parametros!A26="","",Parametros!A26) | B11: =IF(SUM(C11:H11)>1,"ERROR",1-SUM(C11:H11)) -> 1 | C11: ='Precios Venta y P. Cobros'!C28 -> 0 | D11: ='Precios Venta y P. Cobros'!D28 -> 0 | E11: ='Precios Venta y P. Cobros'!E28 -> 0 | F11: ='Precios Venta y P. Cobros'!F28 -> 0 | G11: ='Precios Venta y P. Cobros'!G28 -> 0 | H11: ='Precios Venta y P. Cobros'!H28 -> 0 | I11: =SUM(B11:H11) -> 1 | J11: =IF(I11<>1,"ERROR EN PORCENTAJES","")
A12: =IF(Parametros!A27="","",Parametros!A27) | B12: =IF(SUM(C12:H12)>1,"ERROR",1-SUM(C12:H12)) -> 1 | C12: ='Precios Venta y P. Cobros'!C29 -> 0 | D12: ='Precios Venta y P. Cobros'!D29 -> 0 | E12: ='Precios Venta y P. Cobros'!E29 -> 0 | F12: ='Precios Venta y P. Cobros'!F29 -> 0 | G12: ='Precios Venta y P. Cobros'!G29 -> 0 | H12: ='Precios Venta y P. Cobros'!H29 -> 0 | I12: =SUM(B12:H12) -> 1 | J12: =IF(I12<>1,"ERROR EN PORCENTAJES","")
A13: =IF(Parametros!A28="","",Parametros!A28) | B13: =IF(SUM(C13:H13)>1,"ERROR",1-SUM(C13:H13)) -> 1 | C13: ='Precios Venta y P. Cobros'!C30 -> 0 | D13: ='Precios Venta y P. Cobros'!D30 -> 0 | E13: ='Precios Venta y P. Cobros'!E30 -> 0 | F13: ='Precios Venta y P. Cobros'!F30 -> 0 | G13: ='Precios Venta y P. Cobros'!G30 -> 0 | H13: ='Precios Venta y P. Cobros'!H30 -> 0 | I13: =SUM(B13:H13) -> 1 | J13: =IF(I13<>1,"ERROR EN PORCENTAJES","")
A14: =IF(Parametros!A29="","",Parametros!A29) | B14: =IF(SUM(C14:H14)>1,"ERROR",1-SUM(C14:H14)) -> 1 | C14: ='Precios Venta y P. Cobros'!C31 -> 0 | D14: ='Precios Venta y P. Cobros'!D31 -> 0 | E14: ='Precios Venta y P. Cobros'!E31 -> 0 | F14: ='Precios Venta y P. Cobros'!F31 -> 0 | G14: ='Precios Venta y P. Cobros'!G31 -> 0 | H14: ='Precios Venta y P. Cobros'!H31 -> 0 | I14: =SUM(B14:H14) -> 1 | J14: =IF(I14<>1,"ERROR EN PORCENTAJES","")
A15: =IF(Parametros!A30="","",Parametros!A30) | B15: =IF(SUM(C15:H15)>1,"ERROR",1-SUM(C15:H15)) -> 1 | C15: ='Precios Venta y P. Cobros'!C32 -> 0 | D15: ='Precios Venta y P. Cobros'!D32 -> 0 | E15: ='Precios Venta y P. Cobros'!E32 -> 0 | F15: ='Precios Venta y P. Cobros'!F32 -> 0 | G15: ='Precios Venta y P. Cobros'!G32 -> 0 | H15: ='Precios Venta y P. Cobros'!H32 -> 0 | I15: =SUM(B15:H15) -> 1 | J15: =IF(I15<>1,"ERROR EN PORCENTAJES","")
A16: =IF(Parametros!A31="","",Parametros!A31) | B16: =IF(SUM(C16:H16)>1,"ERROR",1-SUM(C16:H16)) -> 1 | C16: ='Precios Venta y P. Cobros'!C33 -> 0 | D16: ='Precios Venta y P. Cobros'!D33 -> 0 | E16: ='Precios Venta y P. Cobros'!E33 -> 0 | F16: ='Precios Venta y P. Cobros'!F33 -> 0 | G16: ='Precios Venta y P. Cobros'!G33 -> 0 | H16: ='Precios Venta y P. Cobros'!H33 -> 0 | I16: =SUM(B16:H16) -> 1 | J16: =IF(I16<>1,"ERROR EN PORCENTAJES","")
A18: Política de Cobros de Clientes Pendientes del ejercicio anterior
